Workbook
Name _200_MG_25_COM_CT_BL_AL_PLAS_INC: #REF!
Name _200_MG_25_COM_CT_BL_AL_PLAS_INC: #REF!
Name Locator: #REF!
Name Locator: #REF!

Sheet Histórico CMED
B2: Ordem | C2: Descrição | D2: Dispositivo Legal | E2: Link
B3: 1 | C3: Estabelece os índices de conversão PF e PMC. | D3: RESOLUÇÃO CM-CMED Nº 1, DE 30 DE MARÇO DE 2023 | E3: https://www.gov.br/anvisa/pt-br/assuntos/medicamentos/cmed/ajuste-anual-de-precos-de-medicamentos/2023/resolucao-cm-cmed-no-1-de-30-de-marco-de-2023-resolucao-cm-cmed-no-1-de-30-de-marco-de-2023-dou-imprensa-nacional.pdf/view
B4: 2 | C4: Retificação da tabela de PMC. | D4: RETIFICAÇÃO do Anexo II da RESOLUÇÃO CM-CMED Nº 1, DE 30 DE MARÇO DE 2023 | E4: https://www.gov.br/anvisa/pt-br/assuntos/medicamentos/cmed/ajuste-anual-de-precos-de-medicamentos/2023/retificacao-anexo-ii-resolucao-cm-cmed-01-30-de-marco-de-2023.pdf/view
B5: 3 | C5: Republicação dos anexos da Resolução CM-CMED 1/2023. | D5: REPUBLICAÇÃO dos Anexos da RESOLUÇÃO CM-CMED Nº 1, DE 30 DE MARÇO DE 2023 | E5: https://www.gov.br/anvisa/pt-br/assuntos/medicamentos/cmed/ajuste-anual-de-precos-de-medicamentos/2023/Planilha_HHI_NveisFatorZ_ajustedepreos2024_PDF.pdf/view
B6: 4 | C6: Inclusão de fatores de conversão para as novas cargas tributárias de 19,5% e 20,5% | D6: INSTRUÇÃO NORMATIVA - IN Nº 1, de 28 de dezembro de 2023 | E6: https://www.gov.br/anvisa/pt-br/assuntos/medicamentos/cmed/legislacao/IN_1_2023.pdf
B7: 5 | C7: Estabelece novos fatores de PF e PMC, com a exclusão do ICMS da base de cálculo para fins de incidência do PIS e da COFINS. (Foi adiada para 01/04/2025) | D7: RESOLUÇÃO CM-CMED Nº 2, DE 12 DE AGOSTO DE 2024 | E7: https://www.gov.br/anvisa/pt-br/assuntos/medicamentos/cmed/legislacao/RESCM_2_2024.pdf
B8: 6 | C8: Inclusão de fatores de conversão para as novas cargas tributárias de 22,5% e 23%, tanto da metodologia anterior, com o ICMS na BC do PIS e da COFINS, quanto para a nova metodologia, sem o imposto na base de cálculo das contribuições. | D8: INSTRUÇÃO NORMATIVA - IN Nº 1, DE 4 DE FEVEREIRO DE 2025 | E8: https://www.in.gov.br/en/web/dou/-/instrucao-normativa-in-n-1-de-4-de-fevereiro-de-2025-610832936
B9: 7 | C9: Estabelece novos fatores de PF e PMC, com a exclusão do ICMS da base de cálculo para fins de incidência do PIS e da COFINS. (Início vigência 01/04/2025) | D9: RESOLUÇÃO CM-CMED Nº 2, DE 12 DE AGOSTO DE 2024 | E9: https://www.gov.br/anvisa/pt-br/assuntos/medicamentos/cmed/legislacao/RESCM_2_2024.pdf

Sheet Preços 18% (alterção fatores)
A2: BU | B2: Cód. SAP | C2: Descrição | D2: EAN | E2: Registro | F2: Regime de preço | G2: Preço 18% | H2: Preço 18% CMED | J2: Lista | K2: PF 0% | L2: Reajuste | M2: Valor após reajuste | N2: Conversão 18% novo Fator | O2: Valor se não fosse o novo fator | P2: Dif.
A3: CIRÚRGICA | B3: 100134628 | C3: ANESTALCON 5ML | D3: 7896548197158 | E3: 1006810870015 | F3: Regulado | G3: 9.16 | H3: 9.16 | J3: Positiva | K3: 7.5112 | L3: 0.02601 | M3: 7.71 | N3: 9.4 | O3: 9.3982516 | P3: 0.0017484
A4: CIRÚRGICA | B4: 100185949 | C4: MYDRIACYL 5ML | D4: 7896548112229 | E4: 1006811070012 | F4: Regulado | G4: 16.75 | H4: 16.75 | J4: Negativa | K4: 13.366734 | L4: 0.02601 | M4: 13.71 | N4: 16.72 | O4: 17.185668 | P4: -0.4656675
A5: CLC | B5: 100101086 | C5: OF REPLENISH PROMOCIONAL (300ML + 120ML) | D5: 0300650356459 | E5: --- | F5: --- | G5: 90.7 | H5: --- | J5: Negativa
A6: CLC | B6: 100101258 | C6: OF PUREMOIST PROMOCIONAL (300ML + 120ML) | D6: 0300651361070 | E6: --- | F6: --- | G6: 86.16 | H6: --- | J6: Negativa
A7: CLC | B7: 100205650 | C7: OF PUREMOIST TRAVEL PACK (90ML) | D7: 0300653611784 | E7: --- | F7: --- | G7: 30.9 | H7: --- | J7: Negativa
A8: CLC | B8: 100310586 | C8: OFX PROMO (355ML + 355ML)/LC BR | D8: 0300655144037 | E8: --- | F8: --- | G8: 112.74 | H8: --- | J8: Negativa
A9: DE&OH | B9: 100064649 | C9: SYSTANE ULTRA 10ML (ASPEX) | D9: 7896548197738 | E9: --- | F9: --- | G9: 59.36 | J9: Negativa
A10: DE&OH | B10: 100081431 | C10: SYSTANE ULTRA 15ML (ASPEX) | D10: 7896548198957 | E10: --- | F10: --- | G10: 80.96 | J10: Negativa
A11: DE&OH | B11: 100334051 | C11: OFTANE LUB EYE DROPS 10ML | D11: 0300651429374 | E11: --- | F11: --- | G11: 52.78 | H11: --- | J11: Negativa
A12: DE&OH | B12: 100185962 | C12: CLAROFT 15ML | D12: 7896548133613 | E12: 1006810900011 | F12: Regulado | G12: 10.89 | H12: 10.89 | J12: Negativa | K12: 8.6903725 | L12: 0.02601 | M12: 8.92 | N12: 10.88 | O12: 11.173249 | P12: -0.2932489
A13: DE&OH | B13: 100185967 | C13: CLARIL 15ML | D13: 7896548113479 | E13: 1006811150016 | F13: Liberado | G13: 20.13 | H13: 20.13 | J13: Negativa
A14: DE&OH | B14: 100245294 | C14: SYSTANE COMPLETE 10ML | D14: 0300651481198 | E14: --- | F14: --- | G14: 77.1 | H14: --- | J14: Negativa
A15: DE&OH | B15: 100269569 | C15: OFTANE 15ML (ASPEX) | D15: 0300651429206 | E15: --- | F15: --- | G15: 74.74 | H15: --- | J15: Negativa
A16: DE&OH | B16: 100281203 | C16: SYSTANE LID WIPES 30 SACHES | D16: 0300658052582 | E16: --- | F16: --- | G16: 79.32 | H16: --- | J16: Negativa
A17: DE&OH | B17: 100289293 | C17: SYSTANE ULTRA MDPF 10ML - BR | D17: 0300651507775 | E17: --- | F17: --- | G17: 63.81 | H17: --- | J17: Negativa
A18: DE&OH | B18: 100299895 | C18: TRISORB 15ML | D18: 0300650426404 | E18: --- | F18: --- | G18: 29.45 | H18: --- | J18: Negativa
A19: DE&OH | B19: 100299902 | C19: LACRIMA PLUS 15ML | D19: 0300651418477 | E19: --- | F19: --- | G19: 31.52 | H19: --- | J19: Negativa
A20: DE&OH | B20: 100333357 | C20: SYSTANE HIDRATAÇÃO MDPF 10ML | D20: 0300652510149 | E20: --- | F20: --- | G20: 73.16 | H20: --- | J20: Negativa
A21: DE&OH | B21: 100353900 | C21: SYSTANE UL 10ML | D21: 0300652439259 | E21: --- | F21: --- | G21: 59.36 | H21: --- | J21: Negativa
A22: DE&OH | B22: 100354041 | C22: SYSTANE UL 15ML | D22: 0300652439266 | E22: --- | F22: --- | G22: 80.96 | H22: --- | J22: Negativa
A23: FARMA | B23: 100070337 | C23: SIMBRINZA 5ML TRD-BR | D23: 7896548199565 | E23: 1006811310013 | F23: Regulado | G23: 75.68 | H23: 75.68 | J23: Negativa | K23: 60.3937 | L23: 0.038305 | M23: 62.71 | N23: 76.48 | O23: 78.578922 | P23: -2.0989224
A24: FARMA | B24: 100081629 | C24: SIMBRINZA 8ML-BR | D24: 7896548199572 | E24: 1006811310021 | F24: Regulado | G24: 121.11 | H24: 121.11 | J24: Negativa | K24: 96.647476 | L24: 0.038305 | M24: 100.35 | N24: 122.38 | O24: 125.74912 | P24: -3.3691186
A25: FARMA | B25: 100192968 | C25: AZOPT 1% 5ML-BR | D25: 7896548168745 | E25: 1006811140010 | F25: Regulado | G25: 77.49 | H25: 77.49 | J25: Positiva | K25: 63.5418 | L25: 0.038305 | M25: 65.98 | N25: 80.46 | O25: 80.458254 | P25: 0.00174555
A26: FARMA | B26: 100193009 | C26: AZORGA 5ML-BR | D26: 7896548197967 | E26: 1006811080018 | F26: Regulado | G26: 82.68 | H26: 82.68 | J26: Negativa | K26: 65.979798 | L26: 0.038305 | M26: 68.51 | N26: 83.55 | O26: 85.847057 | P26: -2.2970574
A27: FARMA | B27: 100193011 | C27: AZORGA 6ML-BR | D27: 7896548199855 | E27: 1006811080026 | F27: Regulado | G27: 99.22 | H27: 99.22 | J27: Negativa | K27: 79.178949 | L27: 0.038305 | M27: 82.21 | N27: 100.26 | O27: 103.02062 | P27: -2.7606221
A28: FARMA | B28: 100300697 | C28: PATANOL S 2.5ML-BR | D28: 7896548140581 | E28: 1006811100051 | F28: Regulado | G28: 58.26 | H28: 58.26 | J28: Positiva | K28: 47.7732 | L28: 0.02601 | M28: 49.02 | N28: 59.78 | O28: 59.775343 | P28: 0.0046574
A29: FARMA | B29: 100300698 | C29: VIGAMOX 5ML TRD-BR | D29: 7896548139585 | E29: 1006811120028 | F29: Regulado | G29: 38.9 | H29: 38.9 | J29: Positiva | K29: 31.898 | L29: 0.02601 | M29: 32.73 | N29: 39.91 | O29: 39.911789 | P29: -0.001789
A30: FARMA | B30: 100300699 | C30: VIGADEXA 5ML TRD-BR | D30: 7896548197554 | E30: 1006811020015 | F30: Regulado | G30: 37.11 | H30: 37.11 | J30: Positiva | K30: 30.4302 | L30: 0.038305 | M30: 31.6 | N30: 38.54 | O30: 38.531499 | P30: 0.00850145

Sheet Preços 18%
A2: BU | B2: Cód. SAP | C2: Descrição | D2: EAN | E2: Registro | F2: Regime de preço | G2: Preço 18% | H2: Preço 18% CMED | I2: Classe terapeútica | J2: Nível de reajuste
A3: CIRÚRGICA | B3: 100134628 | C3: ANESTALCON 5ML | D3: 7896548197158 | E3: 1006810870015 | F3: Regulado | G3: 9.5204289 | H3: 9.4 | I3: S1H | J3: Nível 3
A4: CIRÚRGICA | B4: 100185949 | C4: MYDRIACYL 5ML | D4: 7896548112229 | E4: 1006811070012 | F4: Regulado | G4: 16.93736 | H4: 16.72 | I4: S1F | J4: Nível 3
A5: CLC | B5: 100101086 | C5: OF REPLENISH PROMOCIONAL (300ML + 120ML) | D5: 0300650356459 | E5: --- | F5: --- | G5: 90.7 | H5: ---
A6: CLC | B6: 100101258 | C6: OF PUREMOIST PROMOCIONAL (300ML + 120ML) | D6: 0300651361070 | E6: --- | F6: --- | G6: 90.47 | H6: ---
A7: CLC | B7: 100205650 | C7: OF PUREMOIST TRAVEL PACK (90ML) | D7: 0300653611784 | E7: --- | F7: --- | G7: 32.45 | H7: ---
A8: CLC | B8: 100310586 | C8: OFX PROMO (355ML + 355ML)/LC BR | D8: 0300655144037 | E8: --- | F8: --- | G8: 118.38 | H8: ---
A9: DE&OH | B9: 100064649 | C9: SYSTANE ULTRA 10ML (ASPEX) | D9: 7896548197738 | E9: --- | F9: --- | G9: 59.36
A10: DE&OH | B10: 100081431 | C10: SYSTANE ULTRA 15ML (ASPEX) | D10: 7896548198957 | E10: --- | F10: --- | G10: 80.96
A11: DE&OH | B11: 100334051 | C11: OFTANE LUB EYE DROPS 10ML | D11: 0300651429374 | E11: --- | F11: --- | G11: 58.74 | H11: ---
A12: DE&OH | B12: 100185962 | C12: CLAROFT 15ML | D12: 7896548133613 | E12: 1006810900011 | F12: Regulado | G12: 11.294528 | H12: 10.88 | I12: S1G5 | J12: Nível 1
A13: DE&OH | B13: 100185967 | C13: CLARIL 15ML | D13: 7896548113479 | E13: 1006811150016 | F13: Liberado | G13: 23.88 | H13: 20.13 | I13: S1G5 | J13: Nível 1
A14: DE&OH | B14: 100245294 | C14: SYSTANE COMPLETE 10ML | D14: 0300651481198 | E14: --- | F14: --- | G14: 85 | H14: ---
A15: DE&OH | B15: 100331647 | C15: SYSTANE COMPLETE MDPF 10ML | D15: 0300651509755 | E15: --- | F15: --- | G15: 90.68 | H15: ---
A16: DE&OH | B16: 100269569 | C16: OFTANE 15ML (ASPEX) | D16: 0300651429206 | E16: --- | F16: --- | G16: 83.19 | H16: ---
A17: DE&OH | B17: 100281203 | C17: SYSTANE LID WIPES 30 SACHES | D17: 0300658052582 | E17: --- | F17: --- | G17: 87.45 | H17: ---
A18: DE&OH | B18: 100289293 | C18: SYSTANE ULTRA MDPF 10ML - BR | D18: 0300651507775 | E18: --- | F18: --- | G18: 70.35 | H18: ---
A19: DE&OH | B19: 100299895 | C19: TRISORB 15ML | D19: 0300650426404 | E19: --- | F19: --- | G19: 32.47 | H19: ---
A20: DE&OH | B20: 100299902 | C20: LACRIMA PLUS 15ML | D20: 0300651418477 | E20: --- | F20: --- | G20: 34.75 | H20: ---
A21: DE&OH | B21: 100333357 | C21: SYSTANE HIDRATAÇÃO MDPF 10ML | D21: 0300652510149 | E21: --- | F21: --- | G21: 80.66 | H21: ---
A22: DE&OH | B22: 100353900 | C22: SYSTANE UL 10ML | D22: 0300652439259 | E22: --- | F22: --- | G22: 62.33 | H22: ---
A23: DE&OH | B23: 100354041 | C23: SYSTANE UL 15ML | D23: 0300652439266 | E23: --- | F23: --- | G23: 85.01 | H23: ---
A24: FARMA | B24: 100070337 | C24: SIMBRINZA 5ML TRD-BR | D24: 7896548199565 | E24: 1006811310013 | F24: Regulado | G24: 79.393888 | H24: 76.48 | I24: S1E2 | J24: Nível 1
A25: FARMA | B25: 100081629 | C25: SIMBRINZA 8ML-BR | D25: 7896548199572 | E25: 1006811310021 | F25: Regulado | G25: 127.04268 | H25: 122.38 | I25: S1E2 | J25: Nível 1
A26: FARMA | B26: 100192968 | C26: AZOPT 1% 5ML-BR | D26: 7896548168745 | E26: 1006811140010 | F26: Regulado | G26: 83.523714 | H26: 80.458254 | I26: S1E2 | J26: Nível 1
A27: FARMA | B27: 100193009 | C27: AZORGA 5ML-BR | D27: 7896548197967 | E27: 1006811080018 | F27: Regulado | G27: 86.733255 | H27: 83.55 | I27: S1E2 | J27: Nível 1
A28: FARMA | B28: 100193011 | C28: AZORGA 6ML-BR | D28: 7896548199855 | E28: 1006811080026 | F28: Regulado | G28: 104.07991 | H28: 100.26 | I28: S1E2 | J28: Nível 1
A29: FARMA | B29: 100300697 | C29: PATANOL S 2.5ML-BR | D29: 7896548140581 | E29: 1006811100051 | F29: Regulado | G29: 60.552422 | H29: 59.775343 | I29: S1G3 | J29: Nível 3
A30: FARMA | B30: 100300698 | C30: VIGAMOX 5ML TRD-BR | D30: 7896548139585 | E30: 1006811120028 | F30: Regulado | G30: 41.432428 | H30: 39.911789 | I30: S1A | J30: Nível 1
A31: FARMA | B31: 100300699 | C31: VIGADEXA 5ML TRD-BR | D31: 7896548197554 | E31: 1006811020015 | F31: Regulado | G31: 40.008374 | H31: 38.54 | I31: S1C1 | J31: Nível 1

Sheet Itens com ST (MG)
A1: UF | B1: NCM | C1: MVA
A2: AL | B2: 3307.90.00 | C2: 0.85122192
A3: AP | B3: 3307.90.00 | C3: 1.0416901
A4: MG | B4: 3307.90.00 | C4: 0.62876712
A5: MT | B5: 3307.90.00 | C5: 0.5964
A6: PR | B6: 3307.90.00 | C6: 0.631232
A7: RJ | B7: 3307.90.00 | C7: 0.55352558
A8: RS | B8: 3307.90.00 | C8: 1.0993753
A9: SP | B9: 3307.90.00 | C9: 0.94915122
A10: MG | B10: 3004.90.99 | C10: 0.33
A11: MS | B11: 3004.90.99 | C11: 0.38506024
A12: SP | B12: 3004.90.99 | C12: 0.59242927
A13: AL | B13: 3401.11.90 | C13: 0.6542
... A21: SP | B21: 3401.11.90 | C21: 0.7843122

Sheet Fatores PF
C2: FATORES DE CONVERSÃO PARA PF
C3: % ICMS | D3: 0 | E3: 0.12 | F3: 0.17 | G3: 0.175 | H3: 0.18 | I3: 0.19 | J3: 0.195 | K3: 0.2 | L3: 0.205 | M3: 0.21 | N3: 0.22 | O3: 0.225 | P3: 0.23
B4: POSITIVA
B5: =C5&" - "&$B$4 -> POSITIVA - POSITIVA | C5: POSITIVA | D5: 0.82 | E5: 0.931818 | F5: 0.987952 | G5: 0.993939 | H5: 1 | I5: 1.012346 | J5: 1.0186339 | K5: 1.025 | L5: 1.0314467 | M5: 1.037975 | N5: 1.051282 | O5: 1.058065 | P5: 1.064935
B6: =C6&" - "&$B$4 -> NEGATIVA - POSITIVA | C6: NEGATIVA | D6: 0.732143 | E6: 0.83198 | F6: 0.8821 | G6: 0.887446 | H6: 0.892857 | I6: 0.90388 | J6: 0.909494 | K6: 0.915178 | L6: 0.920934 | M6: 0.926763 | N6: 0.938644 | O6: 0.9447 | P6: 0.950835
B7: =C7&" - "&$B$4 -> NEUTRA - POSITIVA | C7: NEUTRA | D7: 0.752503 | E7: 0.855117 | F7: 0.90663 | G7: 0.912124 | H7: 0.917686 | I7: 0.929016 | J7: 0.934786 | K7: 0.940628 | L7: 0.946544 | M7: 0.952535 | N7: 0.964747 | O7: 0.970971 | P7: 0.977276
B8: NEGATIVA
B9: =C9&" - "&$B$8 -> POSITIVA - NEGATIVA | C9: POSITIVA | D9: 0.9184 | E9: 1.043637 | F9: 1.106506 | G9: 1.113213 | H9: 1.12 | I9: 1.133828 | J9: 1.14087 | K9: 1.148 | L9: 1.155221 | M9: 1.162532 | N9: 1.177436 | O9: 1.185033 | P9: 1.192728
B10: =C10&" - "&$B$8 -> NEGATIVA - NEGATIVA | C10: NEGATIVA | D10: 0.82 | E10: 0.931818 | F10: 0.987952 | G10: 0.993939 | H10: 1 | I10: 1.012346 | J10: 1.018634 | K10: 1.025 | L10: 1.031447 | M10: 1.037975 | N10: 1.051282 | O10: 1.058065 | P10: 1.064935
B11: =C11&" - "&$B$8 -> NEUTRA - NEGATIVA | C11: NEUTRA | D11: 0.842803 | E11: 0.957731 | F11: 1.015426 | G11: 1.02158 | H11: 1.027809 | I11: 1.040498 | J11: 1.04696 | K11: 1.053504 | L11: 1.06013 | M11: 1.066839 | N11: 1.080517 | O11: 1.087488 | P11: 1.09455
B12: NEUTRA
B13: =C13&" - "&$B$12 -> POSITIVA - NEUTRA | C13: POSITIVA | D13: 0.893552 | E13: 1.0154 | F13: 1.076568 | G13: 1.083093 | H13: 1.089697 | I13: 1.10315 | J13: 1.110002 | K13: 1.11694 | L13: 1.123964 | M13: 1.131078 | N13: 1.145579 | O13: 1.15297 | P13: 1.160457
B14: =C14&" - "&$B$12 -> NEGATIVA - NEUTRA | C14: NEGATIVA | D14: 0.797814 | E14: 0.906607 | F14: 0.961221 | G14: 0.967047 | H14: 0.972944 | I14: 0.984955 | J14: 0.991073 | K14: 0.997267 | L14: 1.003539 | M14: 1.009891 | N14: 1.022838 | O14: 1.029437 | P14: 1.036122
B15: =C15&" - "&$B$12 -> NEUTRA - NEUTRA | C15: NEUTRA | D15: 0.82 | E15: 0.931818 | F15: 0.987952 | G15: 0.993939 | H15: 1 | I15: 1.012346 | J15: 1.018634 | K15: 1.025 | L15: 1.031447 | M15: 1.037975 | N15: 1.051282 | O15: 1.058065 | P15: 1.064935
B17: POSITIVA
C18: Preço referência (18%) | D18: 100 | E18: 100 | F18: 100 | G18: 100 | H18: 100 | I18: 100 | J18: 100 | K18: 100 | L18: 100 | M18: 100 | N18: 100 | O18: 100 | P18: 100
C19: Preço ajustado | D19: =D18*D5 -> 82 | E19: =E18*E5 -> 93.1818 | F19: =F18*F5 -> 98.7952 | G19: =G18*G5 -> 99.3939 | H19: =H18*H5 -> 100 | I19: =I18*I5 -> 101.2346 | J19: =J18*J5 -> 101.86339 | K19: =K18*K5 -> 102.5 | ... P19: =P18*P5 -> 106.4935
C20: ICMS | D20: =D19*D3 -> 0 | E20: =E19*E3 -> 11.181816 | F20: =F19*F3 -> 16.795184 | G20: =G19*G3 -> 17.393932 | H20: =H19*H3 -> 18 | I20: =I19*I3 -> 19.234574 | J20: =J19*J3 -> 19.86336 | K20: =K19*K3 -> 20.5 | ... P20: =P19*P3 -> 24.493505
C21: Líq. | D21: =D19-D20 -> 82 | E21: =E19-E20 -> 81.999984 | F21: =F19-F20 -> 82.000016 | G21: =G19-G20 -> 81.999967 | H21: =H19-H20 -> 82 | I21: =I19-I20 -> 82.000026 | J21: =J19-J20 -> 82.000026 | K21: =K19-K20 -> 82 | ... P21: =P19-P20 -> 81.999995
B22: NEGATIVA
C23: Preço referência (18%) | D23: 100 | E23: 100 | F23: 100 | G23: 100 | H23: 100 | I23: 100 | J23: 100 | K23: 100 | L23: 100 | M23: 100 | N23: 100 | O23: 100 | P23: 100
C24: Preço ajustado | D24: =D23*D10 -> 82 | E24: =E23*E10 -> 93.1818 | F24: =F23*F10 -> 98.7952 | G24: =G23*G10 -> 99.3939 | H24: =H23*H10 -> 100 | I24: =I23*I10 -> 101.2346 | J24: =J23*J10 -> 101.8634 | K24: =K23*K10 -> 102.5 | ... P24: =P23*P10 -> 106.4935
C25: ICMS | D25: =D24*D3 -> 0 | E25: =E24*E3 -> 11.181816 | F25: =F24*F3 -> 16.795184 | G25: =G24*G3 -> 17.393932 | H25: =H24*H3 -> 18 | I25: =I24*I3 -> 19.234574 | J25: =J24*J3 -> 19.863363 | K25: =K24*K3 -> 20.5 | ... P25: =P24*P3 -> 24.493505
C26: BC PIS/COFINS | D26: =D24-D25 -> 82 | E26: =E24-E25 -> 81.999984 | F26: =F24-F25 -> 82.000016 | G26: =G24-G25 -> 81.999967 | H26: =H24-H25 -> 82 | I26: =I24-I25 -> 82.000026 | J26: =J24-J25 -> 82.000037 | K26: =K24-K25 -> 82 | ... P26: =P24-P25 -> 81.999995
C27: PIS/COFINS | D27: =D26*12% -> 9.84 | E27: =E26*12% -> 9.8399981 | F27: =F26*12% -> 9.8400019 | G27: =G26*12% -> 9.8399961 | H27: =H26*12% -> 9.84 | I27: =I26*12% -> 9.8400031 | J27: =J26*12% -> 9.8400044 | K27: =K26*12% -> 9.84 | ... P27: =P26*12% -> 9.8399994
C28: Líq. | D28: =D24-D25-D27 -> 72.16 | E28: =E24-E25-E27 -> 72.159986 | F28: =F24-F25-F27 -> 72.160014 | G28: =G24-G25-G27 -> 72.159971 | H28: =H24-H25-H27 -> 72.16 | I28: =I24-I25-I27 -> 72.160023 | J28: =J24-J25-J27 -> 72.160033 | K28: =K24-K25-K27 -> 72.16 | ... P28: =P24-P25-P27 -> 72.159996
B29: NEUTRA
D30: 100 | E30: 100 | F30: 100 | G30: 100 | H30: 100 | I30: 100 | J30: 100 | K30: 100 | L30: 100 | M30: 100 | N30: 100 | O30: 100 | P30: 100
C31: Preço ajustado | D31: =D30*D15 -> 82 | E31: =E30*E15 -> 93.1818 | F31: =F30*F15 -> 98.7952 | G31: =G30*G15 -> 99.3939 | H31: =H30*H15 -> 100 | I31: =I30*I15 -> 101.2346 | J31: =J30*J15 -> 101.8634 | K31: =K30*K15 -> 102.5 | ... P31: =P30*P15 -> 106.4935
C32: ICMS | D32: =D31*D3 -> 0 | E32: =E31*E3 -> 11.181816 | F32: =F31*F3 -> 16.795184 | G32: =G31*G3 -> 17.393932 | H32: =H31*H3 -> 18 | I32: =I31*I3 -> 19.234574 | J32: =J31*J3 -> 19.863363 | K32: =K31*K3 -> 20.5 | ... P32: =P31*P3 -> 24.493505
C33: BC PIS/COFINS | D33: =D31-D32 -> 82 | E33: =E31-E32 -> 81.999984 | F33: =F31-F32 -> 82.000016 | G33: =G31-G32 -> 81.999967 | H33: =H31-H32 -> 82 | I33: =I31-I32 -> 82.000026 | J33: =J31-J32 -> 82.000037 | K33: =K31-K32 -> 82 | ... P33: =P31-P32 -> 81.999995
C34: PIS/COFINS | D34: =D33*9.25% -> 7.585 | E34: =E33*9.25% -> 7.5849985 | F34: =F33*9.25% -> 7.5850015 | G34: =G33*9.25% -> 7.584997 | H34: =H33*9.25% -> 7.585 | I34: =I33*9.25% -> 7.5850024 | J34: =J33*9.25% -> 7.5850034 | K34: =K33*9.25% -> 7.585 | ... P34: =P33*9.25% -> 7.5849995
C35: Líq. | D35: =D31-D32-D34 -> 74.415 | E35: =E31-E32-E34 -> 74.414985 | F35: =F31-F32-F34 -> 74.415015 | G35: =G31-G32-G34 -> 74.414971 | H35: =H31-H32-H34 -> 74.415 | I35: =I31-I32-I34 -> 74.415024 | J35: =J31-J32-J34 -> 74.415034 | K35: =K31-K32-K34 -> 74.415 | ... P35: =P31-P32-P34 -> 74.414995

Sheet %ICMS
B2: UF | C2: Unidade da Federação | D2: %INTER (Nacional SP) | E2: %INTER (Importado) | F2: %Repasse (Nacional) | G2: %Repasse (Importado) | H2: ALC/ZFM | I2: %ICMS | J2: Region Group | K2: Region Group ALC/ZFM
B3: AC | C3: Acre | D3: 0.07 | E3: 0.04 | F3: =(I3-D3)/(1-D3) -> 0.12903226 | G3: =(I3-E3)/(1-E3) -> 0.15625 | H3: ALC/ZFM | I3: 0.19 | J3: B9 | K3: BC
B4: AL | C4: Alagoas | D4: 0.07 | E4: 0.04 | F4: =(I4-D4)/(1-D4) -> 0.14516129 | G4: =(I4-E4)/(1-E4) -> 0.171875 | I4: 0.205 | J4: B4 | M4: Revisar 2026, após correção dos fatores PF (não CMED)
B5: AM | C5: Amazonas | D5: 0.07 | E5: 0.04 | F5: =(I5-D5)/(1-D5) -> 0.13978495 | G5: =(I5-E5)/(1-E5) -> 0.16666667 | H5: ALC/ZFM | I5: 0.2 | J5: B4 | K5: BD
B6: AP | C6: Amapá | D6: 0.07 | E6: 0.04 | F6: =(I6-D6)/(1-D6) -> 0.11827957 | G6: =(I6-E6)/(1-E6) -> 0.14583333 | H6: ALC/ZFM | I6: 0.18 | J6: B3 | K6: B8
B7: BA | C7: Bahia | D7: 0.07 | E7: 0.04 | F7: =(I7-D7)/(1-D7) -> 0.14516129 | G7: =(I7-E7)/(1-E7) -> 0.171875 | I7: 0.205 | J7: BE
B8: CE | C8: Ceará | D8: 0.07 | E8: 0.04 | F8: =(I8-D8)/(1-D8) -> 0.13978495 | G8: =(I8-E8)/(1-E8) -> 0.16666667 | I8: 0.2 | J8: B4
B9: DF | C9: Distrito Federal | D9: 0.07 | E9: 0.04 | F9: =(I9-D9)/(1-D9) -> 0.10752688 | G9: =(I9-E9)/(1-E9) -> 0.13541667 | I9: 0.17 | J9: B1
B10: ES | C10: Espirito Santo | D10: 0.07 | E10: 0.04 | F10: =(I10-D10)/(1-D10) -> 0.10752688 | G10: =(I10-E10)/(1-E10) -> 0.13541667 | I10: 0.17 | J10: B1
B11: GO | C11: Goiás | D11: 0.07 | E11: 0.04 | F11: =(I11-D11)/(1-D11) -> 0.12903226 | G11: =(I11-E11)/(1-E11) -> 0.15625 | I11: 0.19 | J11: B9
B12: MA | C12: Maranhão | D12: 0.07 | E12: 0.04 | F12: =(I12-D12)/(1-D12) -> 0.17204301 | G12: =(I12-E12)/(1-E12) -> 0.19791667 | I12: 0.23 | J12: BH
B13: MG | C13: Minas Gerais | D13: 0.12 | E13: 0.04 | F13: =(I13-D13)/(1-D13) -> 0.068181818 | G13: =(I13-E13)/(1-E13) -> 0.14583333 | I13: 0.18 | J13: B5 (MG)
B14: MS | C14: Mato Grosso do Sul | D14: 0.07 | E14: 0.04 | F14: =(I14-D14)/(1-D14) -> 0.10752688 | G14: =(I14-E14)/(1-E14) -> 0.13541667 | I14: 0.17 | J14: B1
B15: MT | C15: Mato Grosso | D15: 0.07 | E15: 0.04 | F15: =(I15-D15)/(1-D15) -> 0.10752688 | G15: =(I15-E15)/(1-E15) -> 0.13541667 | I15: 0.17 | J15: B1
B16: PA | C16: Pará | D16: 0.07 | E16: 0.04 | F16: =(I16-D16)/(1-D16) -> 0.12903226 | G16: =(I16-E16)/(1-E16) -> 0.15625 | I16: 0.19 | J16: B9
B17: PB | C17: Paraíba | D17: 0.07 | E17: 0.04 | F17: =(I17-D17)/(1-D17) -> 0.13978495 | G17: =(I17-E17)/(1-E17) -> 0.16666667 | I17: 0.2 | J17: B4
B18: PE | C18: Pernambuco | D18: 0.07 | E18: 0.04 | F18: =(I18-D18)/(1-D18) -> 0.14516129 | G18: =(I18-E18)/(1-E18) -> 0.171875 | I18: 0.205 | J18: BE
... B22: RN | C22: Rio Grande do Norte | D22: 0.07 | E22: 0.04 | F22: =(I22-D22)/(1-D22) -> 0.13978495 | G22: =(I22-E22)/(1-E22) -> 0.16666667 | I22: 0.2 | J22: B4
B23: RO | C23: Rondônia | D23: 0.07 | E23: 0.04 | F23: =(I23-D23)/(1-D23) -> 0.1344086 | G23: =(I23-E23)/(1-E23) -> 0.16145833 | H23: ALC/ZFM | I23: 0.195 | J23: BG | K23: BF
B24: RR | C24: Roraíma | D24: 0.07 | E24: 0.04 | F24: =(I24-D24)/(1-D24) -> 0.13978495 | G24: =(I24-E24)/(1-E24) -> 0.16666667 | H24: ALC/ZFM | I24: 0.2 | J24: B4 | K24: BD
B25: RS | C25: Rio Grande do Sul | D25: 0.12 | E25: 0.04 | F25: =(I25-D25)/(1-D25) -> 0.056818182 | G25: =(I25-E25)/(1-E25) -> 0.13541667 | I25: 0.17 | J25: B1
B26: SC | C26: Santa Catarina | D26: 0.12 | E26: 0.04 | F26: =(I26-D26)/(1-D26) -> 0.056818182 | G26: =(I26-E26)/(1-E26) -> 0.13541667 | I26: 0.17 | J26: B1
B27: SE | C27: Sergipe | D27: 0.07 | E27: 0.04 | F27: =(I27-D27)/(1-D27) -> 0.13978495 | G27: =(I27-E27)/(1-E27) -> 0.16666667 | I27: 0.2 | J27: B4
B28: SP | C28: São Paulo | D28: 0 | E28: 0 | F28: 0 | G28: 0 | I28: 0.18 | J28: BJ (SP)
B29: TO | C29: Tocantins | D29: 0.07 | E29: 0.04 | F29: =(I29-D29)/(1-D29) -> 0.13978495 | G29: =(I29-E29)/(1-E29) -> 0.16666667 | I29: 0.2 | J29: B4

Sheet Fatores PF (não CMED)
C2: FATORES DE CONVERSÃO PARA PF
C3: % ICMS | D3: 0 | E3: 0.12 | F3: 0.17 | G3: 0.175 | H3: 0.18 | I3: 0.19 | J3: 0.195 | K3: 0.2 | L3: 0.205 | M3: 0.21 | N3: 0.22 | O3: 0.225 | P3: 0.23
B4: POSITIVA
B5: =C5&" - "&$B$4 -> POSITIVA - POSITIVA | C5: POSITIVA | D5: 0.82 | E5: 0.931818 | F5: 0.987952 | G5: 0.993939 | H5: 1 | I5: 1.012346 | J5: 1.0186339 | K5: 1.025 | L5: 1.0314467 | M5: 1.037975 | N5: 1.051282 | O5: 1.058065 | P5: 1.064935
B6: =C6&" - "&$B$4 -> NEGATIVA - POSITIVA | C6: NEGATIVA | D6: 0.712512 | E6: 0.809673 | F6: 0.858448 | G6: 0.863651 | H6: 0.868917 | I6: 0.879645 | J6: 0.885108 | K6: 0.89064 | L6: 0.898242 | M6: 0.901914 | N6: 0.913477 | O6: 0.91937 | P6: 0.92534
B7: =C7&" - "&$B$4 -> NEUTRA - POSITIVA | C7: NEUTRA | D7: 0.737483 | E7: 0.838049 | F7: 0.888533 | G7: 0.893919 | H7: 0.899369 | I7: 0.910473 | J7: 0.916128 | K7: 0.921853 | L7: 0.927651 | M7: 0.933522 | N7: 0.945491 | O7: 0.951591 | P7: 0.95777
B8: NEGATIVA
B9: =C9&" - "&$B$8 -> POSITIVA - NEGATIVA | C9: POSITIVA | D9: 0.9184 | E9: 1.061292 | F9: 1.134893 | G9: 1.142819 | H9: 1.150858 | I9: 1.167279 | J9: 1.175667 | K9: 1.184177 | L9: 1.192811 | M9: 1.201572 | N9: 1.219488 | O9: 1.228648 | P9: 1.237947
B10: =C10&" - "&$B$8 -> NEGATIVA - NEGATIVA | C10: NEGATIVA | D10: 0.798014 | E10: 0.922175 | F10: 0.986128 | G10: 0.993015 | H10: 1 | I10: 1.014269 | J10: 1.021557 | K10: 1.028952 | L10: 1.0364542 | M10: 1.044067 | N10: 1.059634 | O10: 1.067593 | P10: 1.075673
B11: =C11&" - "&$B$8 -> NEUTRA - NEGATIVA | C11: NEUTRA | D11: 0.825981 | E11: 0.954494 | F11: 1.020688 | G11: 1.027817 | H11: 1.035046 | I11: 1.049815 | J11: 1.057359 | K11: 1.065012 | L11: 1.072778 | M11: 1.080657 | N11: 1.09677 | O11: 1.105008 | P11: 1.113371
B12: NEUTRA
B13: =C13&" - "&$B$12 -> POSITIVA - NEUTRA | C13: POSITIVA | D13: 0.893552 | E13: 1.028136 | F13: 1.096995 | G13: 1.104393 | H13: 1.11189 | I13: 1.127196 | J13: 1.135008 | K13: 1.14293 | L13: 1.150963 | M13: 1.159109 | N13: 1.175754 | O13: 1.184258 | P13: 1.192885
B14: =C14&" - "&$B$12 -> NEGATIVA - NEUTRA | C14: NEGATIVA | D14: 0.776422 | E14: 0.893365 | F14: 0.953198 | G14: 0.959626 | H14: 0.966141 | I14: 0.97944 | J14: 0.986228 | K14: 0.993111 | L14: 1.000091 | M14: 1.00717 | N14: 1.021633 | O14: 1.029022 | P14: 1.036518
B15: =C15&" - "&$B$12 -> NEUTRA - NEUTRA | C15: NEUTRA | D15: 0.803633 | E15: 0.924674 | F15: 0.986604 | G15: 0.993257 | H15: 1 | I15: 1.013766 | J15: 1.020792 | K15: 1.027916 | L15: 1.0351399 | M15: 1.042467 | N15: 1.057437 | O15: 1.065085 | P15: 1.072844
B17: POSITIVA | R17: Criar fatores para (se ainda dentro do contexto da reforma tributária):
C18: Preço referência (18%) | D18: 100 | E18: 100 | F18: 100 | G18: 100 | H18: 100 | I18: 100 | J18: 100 | K18: 100 | L18: 100 | M18: 100 | N18: 100 | O18: 100 | P18: 100 | R18: 0.215
C19: Preço ajustado | D19: =D18*D5 -> 82 | E19: =E18*E5 -> 93.1818 | F19: =F18*F5 -> 98.7952 | G19: =G18*G5 -> 99.3939 | H19: =H18*H5 -> 100 | I19: =I18*I5 -> 101.2346 | J19: =J18*J5 -> 101.86339 | K19: =K18*K5 -> 102.5 | ... P19: =P18*P5 -> 106.4935 | R19: 0.25
C20: ICMS | D20: =D19*D3 -> 0 | E20: =E19*E3 -> 11.181816 | F20: =F19*F3 -> 16.795184 | G20: =G19*G3 -> 17.393932 | H20: =H19*H3 -> 18 | I20: =I19*I3 -> 19.234574 | J20: =J19*J3 -> 19.86336 | K20: =K19*K3 -> 20.5 | ... P20: =P19*P3 -> 24.493505 | R20: 0.26
C21: Líq. | D21: =D19-D20 -> 82 | E21: =E19-E20 -> 81.999984 | F21: =F19-F20 -> 82.000016 | G21: =G19-G20 -> 81.999967 | H21: =H19-H20 -> 82 | I21: =I19-I20 -> 82.000026 | J21: =J19-J20 -> 82.000026 | K21: =K19-K20 -> 82 | ... P21: =P19-P20 -> 81.999995 | R21: 0.27
B22: NEGATIVA | R22: 0.29
C23: Preço referência (18%) | D23: 100 | E23: 100 | F23: 100 | G23: 100 | H23: 100 | I23: 100 | J23: 100 | K23: 100 | L23: 100 | M23: 100 | N23: 100 | O23: 100 | P23: 100
C24: Preço ajustado | D24: =D23*D10 -> 79.8014 | E24: =E23*E10 -> 92.2175 | F24: =F23*F10 -> 98.6128 | G24: =G23*G10 -> 99.3015 | H24: =H23*H10 -> 100 | I24: =I23*I10 -> 101.4269 | J24: =J23*J10 -> 102.1557 | K24: =K23*K10 -> 102.8952 | ... P24: =P23*P10 -> 107.5673
C25: ICMS | D25: =D24*D3 -> 0 | E25: =E24*E3 -> 11.0661 | F25: =F24*F3 -> 16.764176 | G25: =G24*G3 -> 17.377762 | H25: =H24*H3 -> 18 | I25: =I24*I3 -> 19.271111 | J25: =J24*J3 -> 19.920362 | K25: =K24*K3 -> 20.57904 | ... P25: =P24*P3 -> 24.740479
C26: BC PIS/COFINS | D26: =D24-D25 -> 79.8014 | E26: =E24-E25 -> 81.1514 | F26: =F24-F25 -> 81.848624 | G26: =G24-G25 -> 81.923738 | H26: =H24-H25 -> 82 | I26: =I24-I25 -> 82.155789 | J26: =J24-J25 -> 82.235339 | K26: =K24-K25 -> 82.31616 | ... P26: =P24-P25 -> 82.826821
C27: PIS/COFINS | D27: =D26*12% -> 9.576168 | E27: =E26*12% -> 9.738168 | F27: =F26*12% -> 9.8218349 | G27: =G26*12% -> 9.8308485 | H27: =H26*12% -> 9.84 | I27: =I26*12% -> 9.8586947 | J27: =J26*12% -> 9.8682406 | K27: =K26*12% -> 9.8779392 | ... P27: =P26*12% -> 9.9392185
C28: Líq. | D28: =D24-D25-D27 -> 70.225232 | E28: =E24-E25-E27 -> 71.413232 | F28: =F24-F25-F27 -> 72.026789 | G28: =G24-G25-G27 -> 72.092889 | H28: =H24-H25-H27 -> 72.16 | I28: =I24-I25-I27 -> 72.297094 | J28: =J24-J25-J27 -> 72.367098 | K28: =K24-K25-K27 -> 72.438221 | ... P28: =P24-P25-P27 -> 72.887602 | R28: Revisar fatores 2026
B29: NEUTRA
D30: 100 | E30: 100 | F30: 100 | G30: 100 | H30: 100 | I30: 100 | J30: 100 | K30: 100 | L30: 100 | M30: 100 | N30: 100 | O30: 100 | P30: 100
C31: Preço ajustado | D31: =D30*D15 -> 80.3633 | E31: =E30*E15 -> 92.4674 | F31: =F30*F15 -> 98.6604 | G31: =G30*G15 -> 99.3257 | H31: =H30*H15 -> 100 | I31: =I30*I15 -> 101.3766 | J31: =J30*J15 -> 102.0792 | K31: =K30*K15 -> 102.7916 | ... P31: =P30*P15 -> 107.2844
C32: ICMS | D32: =D31*D3 -> 0 | E32: =E31*E3 -> 11.096088 | F32: =F31*F3 -> 16.772268 | G32: =G31*G3 -> 17.381997 | H32: =H31*H3 -> 18 | I32: =I31*I3 -> 19.261554 | J32: =J31*J3 -> 19.905444 | K32: =K31*K3 -> 20.55832 | ... P32: =P31*P3 -> 24.675412
C33: BC PIS/COFINS | D33: =D31-D32 -> 80.3633 | E33: =E31-E32 -> 81.371312 | F33: =F31-F32 -> 81.888132 | G33: =G31-G32 -> 81.943703 | H33: =H31-H32 -> 82 | I33: =I31-I32 -> 82.115046 | J33: =J31-J32 -> 82.173756 | K33: =K31-K32 -> 82.23328 | ... P33: =P31-P32 -> 82.608988
C34: PIS/COFINS | D34: =D33*9.25% -> 7.4336053 | E34: =E33*9.25% -> 7.5268464 | F34: =F33*9.25% -> 7.5746522 | G34: =G33*9.25% -> 7.5797925 | H34: =H33*9.25% -> 7.585 | I34: =I33*9.25% -> 7.5956418 | J34: =J33*9.25% -> 7.6010724 | K34: =K33*9.25% -> 7.6065784 | ... P34: =P33*9.25% -> 7.6413314
C35: Líq. | D35: =D31-D32-D34 -> 72.929695 | E35: =E31-E32-E34 -> 73.844466 | F35: =F31-F32-F34 -> 74.31348 | G35: =G31-G32-G34 -> 74.36391 | H35: =H31-H32-H34 -> 74.415 | I35: =I31-I32-I34 -> 74.519404 | J35: =J31-J32-J34 -> 74.572684 | K35: =K31-K32-K34 -> 74.626702 | ... P35: =P31-P32-P34 -> 74.967657 | R35: Revisar fatores 2026

Sheet Resumo
B2: UF remetente (Centro de Distribuição) | F2: MG e GO
B3: UF de destino | F3: PB
B6: UF | C6: Cód. SAP | D6: Descrição | E6: EAN | F6: PIS/COFINS | G6: IPI | H6: Intra % | I6: Inter % | J6: CT | K6: MVA % | L6: PMC | M6: PMPF | N6: PF | O6: Repasse | P6: Desconto (preencher) | Q6: Preço NF | R6: %Redução ICMS | S6: ICMS | T6: IPI | U6: ICMS-ST | V6: Preço Final
B7: =IF($F$2="SP","SP",_xlfn.XLOOKUP(C7,'VC (MG e GO)'!C:C,'VC (MG e GO)'!E:E,,0)) -> GO | C7: 100185949 | D7: MYDRIACYL 5ML | E7: 7896548112229 | F7: =IF($F$2="SP",_xlfn.XLOOKUP(C7,'VC (SP)'!C:C,'VC (SP)'!S:S,,0),_xlfn.XLOOKUP(C7,'VC (MG e GO)'!C:C,'VC (MG e GO)'!S:S,,0)) -> 0 | G7: =IF($F$2="SP",_xlfn.XLOOKUP(C7,'VC (SP)'!C:C,'VC (SP)'!T:T,,0),_xlfn.XLOOKUP(C7,'VC (MG e GO)'!C:C,'VC (MG e GO)'!T:T,,0)) -> 0 | H7: =IF($F$2="SP",VLOOKUP($C7,'VC (SP)'!$C:$SD,MATCH($F$3&" "&H$6,'VC (SP)'!$C$5:$NV$5,0),0),VLOOKUP($C7,'VC (MG e GO)'!$C:$RX,MATCH($F$3&" "&H$6,'VC (MG e GO)'!$C$5:$NP$5,0),0)) -> 0.2 | I7: =IF($F$2="SP",VLOOKUP($C7,'VC (SP)'!$C:$SD,MATCH($F$3&" "&I$6,'VC (SP)'!$C$5:$NV$5,0),0),VLOOKUP($C7,'VC (MG e GO)'!$C:$RX,MATCH($F$3&" "&I$6,'VC (MG e GO)'!$C$5:$NP$5,0),0)) -> 0.12 | J7: =IF($F$2="SP",VLOOKUP($C7,'VC (SP)'!$C:$SD,MATCH($F$3&" "&J$6,'VC (SP)'!$C$5:$NV$5,0),0),VLOOKUP($C7,'VC (MG e GO)'!$C:$RX,MATCH($F$3&" "&J$6,'VC (MG e GO)'!$C$5:$NP$5,0),0)) -> N/A | K7: =IF($F$2="SP",VLOOKUP($C7,'VC (SP)'!$C:$SD,MATCH($F$3&" "&K$6,'VC (SP)'!$C$5:$NV$5,0),0),VLOOKUP($C7,'VC (MG e GO)'!$C:$RX,MATCH($F$3&" "&K$6,'VC (MG e GO)'!$C$5:$NP$5,0),0)) -> N/A | L7: =IF($F$2="SP",VLOOKUP($C7,'VC (SP)'!$C:$SD,MATCH($F$3&" "&L$6,'VC (SP)'!$C$5:$NV$5,0),0),VLOOKUP($C7,'VC (MG e GO)'!$C:$RX,MATCH($F$3&" "&L$6,'VC (MG e GO)'!$C$5:$NP$5,0),0)) -> 23.288887 | M7: =IF($F$2="SP",_xlfn.XLOOKUP(C7,'VC (SP)'!C:C,'VC (SP)'!U:U,,0),"N/A") -> N/A | N7: =IF($F$2="SP",VLOOKUP($C7,'VC (SP)'!$C:$SD,MATCH($F$3&" "&N$6,'VC (SP)'!$C$5:$NV$5,0),0),VLOOKUP($C7,'VC (MG e GO)'!$C:$RX,MATCH($F$3&" "&N$6,'VC (MG e GO)'!$C$5:$NP$5,0),0)) -> 17.360794 | O7: =IF($F$2="SP",VLOOKUP($C7,'VC (SP)'!$C:$SD,MATCH($F$3&" "&O$6,'VC (SP)'!$C$5:$NV$5,0),0),VLOOKUP($C7,'VC (MG e GO)'!$C:$RX,MATCH($F$3&" "&O$6,'VC (MG e GO)'!$C$5:$NP$5,0),0)) -> 0.090909091 | P7: 0.08 | Q7: =N7-(N7*O7)-((N7-(N7*O7))*P7) -> 14.519937 | R7: =IF(B7=$F$3,IF($F$2="SP",_xlfn.XLOOKUP(C7,'VC (SP)'!C:C,'VC (SP)'!V:V,,0),_xlfn.XLOOKUP(C7,'VC (MG e GO)'!C:C,'VC (MG e GO)'!V:V,,0)),IF($F$2="SP",_xlfn.XLOOKUP(C7,'VC (SP)'!C:C,'VC (SP)'!W:W,,0),_xlfn.XLOOKUP(C7,'VC (MG e GO)'!C:C,'VC (MG e GO)'!W:W,,0))) -> 0 | S7: =(Q7-(Q7*R7))*I7 -> 1.7423924 | T7: =Q7*G7 -> 0 | U7: =IF(K7="N/A",0,IF(K7="PMPF",(M7*H7)-S7,IF(K7="PMC",(L7*H7)-S7,(((Q7+T7)*(1+K7))*H7)-S7))) -> 0 | V7: =Q7+T7+U7 -> 14.519937
B8: =IF($F$2="SP","SP",_xlfn.XLOOKUP(C8,'VC (MG e GO)'!C:C,'VC (MG e GO)'!E:E,,0)) -> MG | C8: 100101258 | D8: OF PUREMOIST PROMOCIONAL (300ML + 120ML) | E8: 0300651361070 | F8: =IF($F$2="SP",_xlfn.XLOOKUP(C8,'VC (SP)'!C:C,'VC (SP)'!S:S,,0),_xlfn.XLOOKUP(C8,'VC (MG e GO)'!C:C,'VC (MG e GO)'!S:S,,0)) -> 0.125 | G8: =IF($F$2="SP",_xlfn.XLOOKUP(C8,'VC (SP)'!C:C,'VC (SP)'!T:T,,0),_xlfn.XLOOKUP(C8,'VC (MG e GO)'!C:C,'VC (MG e GO)'!T:T,,0)) -> 0.078 | H8: =IF($F$2="SP",VLOOKUP($C8,'VC (SP)'!$C:$SD,MATCH($F$3&" "&H$6,'VC (SP)'!$C$5:$NV$5,0),0),VLOOKUP($C8,'VC (MG e GO)'!$C:$RX,MATCH($F$3&" "&H$6,'VC (MG e GO)'!$C$5:$NP$5,0),0)) -> 0.2 | I8: =IF($F$2="SP",VLOOKUP($C8,'VC (SP)'!$C:$SD,MATCH($F$3&" "&I$6,'VC (SP)'!$C$5:$NV$5,0),0),VLOOKUP($C8,'VC (MG e GO)'!$C:$RX,MATCH($F$3&" "&I$6,'VC (MG e GO)'!$C$5:$NP$5,0),0)) -> 0.04 | J8: =IF($F$2="SP",VLOOKUP($C8,'VC (SP)'!$C:$SD,MATCH($F$3&" "&J$6,'VC (SP)'!$C$5:$NV$5,0),0),VLOOKUP($C8,'VC (MG e GO)'!$C:$RX,MATCH($F$3&" "&J$6,'VC (MG e GO)'!$C$5:$NP$5,0),0)) -> N/A | K8: =IF($F$2="SP",VLOOKUP($C8,'VC (SP)'!$C:$SD,MATCH($F$3&" "&K$6,'VC (SP)'!$C$5:$NV$5,0),0),VLOOKUP($C8,'VC (MG e GO)'!$C:$RX,MATCH($F$3&" "&K$6,'VC (MG e GO)'!$C$5:$NP$5,0),0)) -> N/A | L8: =IF($F$2="SP",VLOOKUP($C8,'VC (SP)'!$C:$SD,MATCH($F$3&" "&L$6,'VC (SP)'!$C$5:$NV$5,0),0),VLOOKUP($C8,'VC (MG e GO)'!$C:$RX,MATCH($F$3&" "&L$6,'VC (MG e GO)'!$C$5:$NP$5,0),0)) -> N/A | M8: =IF($F$2="SP",_xlfn.XLOOKUP(C8,'VC (SP)'!C:C,'VC (SP)'!U:U,,0),"N/A") -> N/A | N8: =IF($F$2="SP",VLOOKUP($C8,'VC (SP)'!$C:$SD,MATCH($F$3&" "&N$6,'VC (SP)'!$C$5:$NV$5,0),0),VLOOKUP($C8,'VC (MG e GO)'!$C:$RX,MATCH($F$3&" "&N$6,'VC (MG e GO)'!$C$5:$NP$5,0),0)) -> 93.089287 | O8: =IF($F$2="SP",VLOOKUP($C8,'VC (SP)'!$C:$SD,MATCH($F$3&" "&O$6,'VC (SP)'!$C$5:$NV$5,0),0),VLOOKUP($C8,'VC (MG e GO)'!$C:$RX,MATCH($F$3&" "&O$6,'VC (MG e GO)'!$C$5:$NP$5,0),0)) -> 0.16666667 | P8: 0.34 | Q8: =N8-(N8*O8)-((N8-(N8*O8))*P8) -> 51.199108 | R8: =IF(B8=$F$3,IF($F$2="SP",_xlfn.XLOOKUP(C8,'VC (SP)'!C:C,'VC (SP)'!V:V,,0),_xlfn.XLOOKUP(C8,'VC (MG e GO)'!C:C,'VC (MG e GO)'!V:V,,0)),IF($F$2="SP",_xlfn.XLOOKUP(C8,'VC (SP)'!C:C,'VC (SP)'!W:W,,0),_xlfn.XLOOKUP(C8,'VC (MG e GO)'!C:C,'VC (MG e GO)'!W:W,,0))) -> 0.0959 | S8: =(Q8-(Q8*R8))*I8 -> 1.8515645 | T8: =Q8*G8 -> 3.9935304 | U8: =IF(K8="N/A",0,IF(K8="PMPF",(M8*H8)-S8,IF(K8="PMC",(L8*H8)-S8,(((Q8+T8)*(1+K8))*H8)-S8))) -> 0 | V8: =Q8+T8+U8 -> 55.192639
B9: =IF($F$2="SP","SP",_xlfn.XLOOKUP(C9,'VC (MG e GO)'!C:C,'VC (MG e GO)'!E:E,,0)) -> MG | C9: 100205650 | D9: OF PUREMOIST TRAVEL PACK (90ML) | E9: 0300653611784 | F9: =IF($F$2="SP",_xlfn.XLOOKUP(C9,'VC (SP)'!C:C,'VC (SP)'!S:S,,0),_xlfn.XLOOKUP(C9,'VC (MG e GO)'!C:C,'VC (MG e GO)'!S:S,,0)) -> 0.125 | G9: =IF($F$2="SP",_xlfn.XLOOKUP(C9,'VC (SP)'!C:C,'VC (SP)'!T:T,,0),_xlfn.XLOOKUP(C9,'VC (MG e GO)'!C:C,'VC (MG e GO)'!T:T,,0)) -> 0.078 | H9: =IF($F$2="SP",VLOOKUP($C9,'VC (SP)'!$C:$SD,MATCH($F$3&" "&H$6,'VC (SP)'!$C$5:$NV$5,0),0),VLOOKUP($C9,'VC (MG e GO)'!$C:$RX,MATCH($F$3&" "&H$6,'VC (MG e GO)'!$C$5:$NP$5,0),0)) -> 0.2 | I9: =IF($F$2="SP",VLOOKUP($C9,'VC (SP)'!$C:$SD,MATCH($F$3&" "&I$6,'VC (SP)'!$C$5:$NV$5,0),0),VLOOKUP($C9,'VC (MG e GO)'!$C:$RX,MATCH($F$3&" "&I$6,'VC (MG e GO)'!$C$5:$NP$5,0),0)) -> 0.04 | J9: =IF($F$2="SP",VLOOKUP($C9,'VC (SP)'!$C:$SD,MATCH($F$3&" "&J$6,'VC (SP)'!$C$5:$NV$5,0),0),VLOOKUP($C9,'VC (MG e GO)'!$C:$RX,MATCH($F$3&" "&J$6,'VC (MG e GO)'!$C$5:$NP$5,0),0)) -> N/A | K9: =IF($F$2="SP",VLOOKUP($C9,'VC (SP)'!$C:$SD,MATCH($F$3&" "&K$6,'VC (SP)'!$C$5:$NV$5,0),0),VLOOKUP($C9,'VC (MG e GO)'!$C:$RX,MATCH($F$3&" "&K$6,'VC (MG e GO)'!$C$5:$NP$5,0),0)) -> N/A | L9: =IF($F$2="SP",VLOOKUP($C9,'VC (SP)'!$C:$SD,MATCH($F$3&" "&L$6,'VC (SP)'!$C$5:$NV$5,0),0),VLOOKUP($C9,'VC (MG e GO)'!$C:$RX,MATCH($F$3&" "&L$6,'VC (MG e GO)'!$C$5:$NP$5,0),0)) -> N/A | M9: =IF($F$2="SP",_xlfn.XLOOKUP(C9,'VC (SP)'!C:C,'VC (SP)'!U:U,,0),"N/A") -> N/A | N9: =IF($F$2="SP",VLOOKUP($C9,'VC (SP)'!$C:$SD,MATCH($F$3&" "&N$6,'VC (SP)'!$C$5:$NV$5,0),0),VLOOKUP($C9,'VC (MG e GO)'!$C:$RX,MATCH($F$3&" "&N$6,'VC (MG e GO)'!$C$5:$NP$5,0),0)) -> 33.389492 | O9: =IF($F$2="SP",VLOOKUP($C9,'VC (SP)'!$C:$SD,MATCH($F$3&" "&O$6,'VC (SP)'!$C$5:$NV$5,0),0),VLOOKUP($C9,'VC (MG e GO)'!$C:$RX,MATCH($F$3&" "&O$6,'VC (MG e GO)'!$C$5:$NP$5,0),0)) -> 0.16666667 | P9: 0.34 | Q9: =N9-(N9*O9)-((N9-(N9*O9))*P9) -> 18.364221 | R9: =IF(B9=$F$3,IF($F$2="SP",_xlfn.XLOOKUP(C9,'VC (SP)'!C:C,'VC (SP)'!V:V,,0),_xlfn.XLOOKUP(C9,'VC (MG e GO)'!C:C,'VC (MG e GO)'!V:V,,0)),IF($F$2="SP",_xlfn.XLOOKUP(C9,'VC (SP)'!C:C,'VC (SP)'!W:W,,0),_xlfn.XLOOKUP(C9,'VC (MG e GO)'!C:C,'VC (MG e GO)'!W:W,,0))) -> 0.0959 | S9: =(Q9-(Q9*R9))*I9 -> 0.66412368 | T9: =Q9*G9 -> 1.4324092 | U9: =IF(K9="N/A",0,IF(K9="PMPF",(M9*H9)-S9,IF(K9="PMC",(L9*H9)-S9,(((Q9+T9)*(1+K9))*H9)-S9))) -> 0 | V9: =Q9+T9+U9 -> 19.79663
B10: =IF($F$2="SP","SP",_xlfn.XLOOKUP(C10,'VC (MG e GO)'!C:C,'VC (MG e GO)'!E:E,,0)) -> MG | C10: 100310586 | D10: OFX PROMO (355ML + 355ML)/LC BR | E10: 0300655144037 | F10: =IF($F$2="SP",_xlfn.XLOOKUP(C10,'VC (SP)'!C:C,'VC (SP)'!S:S,,0),_xlfn.XLOOKUP(C10,'VC (MG e GO)'!C:C,'VC (MG e GO)'!S:S,,0)) -> 0.125 | G10: =IF($F$2="SP",_xlfn.XLOOKUP(C10,'VC (SP)'!C:C,'VC (SP)'!T:T,,0),_xlfn.XLOOKUP(C10,'VC (MG e GO)'!C:C,'VC (MG e GO)'!T:T,,0)) -> 0.078 | H10: =IF($F$2="SP",VLOOKUP($C10,'VC (SP)'!$C:$SD,MATCH($F$3&" "&H$6,'VC (SP)'!$C$5:$NV$5,0),0),VLOOKUP($C10,'VC (MG e GO)'!$C:$RX,MATCH($F$3&" "&H$6,'VC (MG e GO)'!$C$5:$NP$5,0),0)) -> 0.2 | I10: =IF($F$2="SP",VLOOKUP($C10,'VC (SP)'!$C:$SD,MATCH($F$3&" "&I$6,'VC (SP)'!$C$5:$NV$5,0),0),VLOOKUP($C10,'VC (MG e GO)'!$C:$RX,MATCH($F$3&" "&I$6,'VC (MG e GO)'!$C$5:$NP$5,0),0)) -> 0.04 | J10: =IF($F$2="SP",VLOOKUP($C10,'VC (SP)'!$C:$SD,MATCH($F$3&" "&J$6,'VC (SP)'!$C$5:$NV$5,0),0),VLOOKUP($C10,'VC (MG e GO)'!$C:$RX,MATCH($F$3&" "&J$6,'VC (MG e GO)'!$C$5:$NP$5,0),0)) -> N/A | K10: =IF($F$2="SP",VLOOKUP($C10,'VC (SP)'!$C:$SD,MATCH($F$3&" "&K$6,'VC (SP)'!$C$5:$NV$5,0),0),VLOOKUP($C10,'VC (MG e GO)'!$C:$RX,MATCH($F$3&" "&K$6,'VC (MG e GO)'!$C$5:$NP$5,0),0)) -> N/A | L10: =IF($F$2="SP",VLOOKUP($C10,'VC (SP)'!$C:$SD,MATCH($F$3&" "&L$6,'VC (SP)'!$C$5:$NV$5,0),0),VLOOKUP($C10,'VC (MG e GO)'!$C:$RX,MATCH($F$3&" "&L$6,'VC (MG e GO)'!$C$5:$NP$5,0),0)) -> N/A | M10: =IF($F$2="SP",_xlfn.XLOOKUP(C10,'VC (SP)'!C:C,'VC (SP)'!U:U,,0),"N/A") -> N/A | N10: =IF($F$2="SP",VLOOKUP($C10,'VC (SP)'!$C:$SD,MATCH($F$3&" "&N$6,'VC (SP)'!$C$5:$NV$5,0),0),VLOOKUP($C10,'VC (MG e GO)'!$C:$RX,MATCH($F$3&" "&N$6,'VC (MG e GO)'!$C$5:$NP$5,0),0)) -> 121.80734 | O10: =IF($F$2="SP",VLOOKUP($C10,'VC (SP)'!$C:$SD,MATCH($F$3&" "&O$6,'VC (SP)'!$C$5:$NV$5,0),0),VLOOKUP($C10,'VC (MG e GO)'!$C:$RX,MATCH($F$3&" "&O$6,'VC (MG e GO)'!$C$5:$NP$5,0),0)) -> 0.16666667 | P10: 0.34 | Q10: =N10-(N10*O10)-((N10-(N10*O10))*P10) -> 66.994036 | R10: =IF(B10=$F$3,IF($F$2="SP",_xlfn.XLOOKUP(C10,'VC (SP)'!C:C,'VC (SP)'!V:V,,0),_xlfn.XLOOKUP(C10,'VC (MG e GO)'!C:C,'VC (MG e GO)'!V:V,,0)),IF($F$2="SP",_xlfn.XLOOKUP(C10,'VC (SP)'!C:C,'VC (SP)'!W:W,,0),_xlfn.XLOOKUP(C10,'VC (MG e GO)'!C:C,'VC (MG e GO)'!W:W,,0))) -> 0.0959 | S10: =(Q10-(Q10*R10))*I10 -> 2.4227723 | T10: =Q10*G10 -> 5.2255348 | U10: =IF(K10="N/A",0,IF(K10="PMPF",(M10*H10)-S10,IF(K10="PMC",(L10*H10)-S10,(((Q10+T10)*(1+K10))*H10)-S10))) -> 0 | V10: =Q10+T10+U10 -> 72.219571
B11: =IF($F$2="SP","SP",_xlfn.XLOOKUP(C11,'VC (MG e GO)'!C:C,'VC (MG e GO)'!E:E,,0)) -> MG | C11: 100334051 | D11: OFTANE LUB EYE DROPS 10ML | E11: 0300651429374 | F11: =IF($F$2="SP",_xlfn.XLOOKUP(C11,'VC (SP)'!C:C,'VC (SP)'!S:S,,0),_xlfn.XLOOKUP(C11,'VC (MG e GO)'!C:C,'VC (MG e GO)'!S:S,,0)) -> 0.12 | G11: =IF($F$2="SP",_xlfn.XLOOKUP(C11,'VC (SP)'!C:C,'VC (SP)'!T:T,,0),_xlfn.XLOOKUP(C11,'VC (MG e GO)'!C:C,'VC (MG e GO)'!T:T,,0)) -> 0 | H11: =IF($F$2="SP",VLOOKUP($C11,'VC (SP)'!$C:$SD,MATCH($F$3&" "&H$6,'VC (SP)'!$C$5:$NV$5,0),0),VLOOKUP($C11,'VC (MG e GO)'!$C:$RX,MATCH($F$3&" "&H$6,'VC (MG e GO)'!$C$5:$NP$5,0),0)) -> 0.2 | I11: =IF($F$2="SP",VLOOKUP($C11,'VC (SP)'!$C:$SD,MATCH($F$3&" "&I$6,'VC (SP)'!$C$5:$NV$5,0),0),VLOOKUP($C11,'VC (MG e GO)'!$C:$RX,MATCH($F$3&" "&I$6,'VC (MG e GO)'!$C$5:$NP$5,0),0)) -> 0.04 | J11: =IF($F$2="SP",VLOOKUP($C11,'VC (SP)'!$C:$SD,MATCH($F$3&" "&J$6,'VC (SP)'!$C$5:$NV$5,0),0),VLOOKUP($C11,'VC (MG e GO)'!$C:$RX,MATCH($F$3&" "&J$6,'VC (MG e GO)'!$C$5:$NP$5,0),0)) -> N/A | K11: =IF($F$2="SP",VLOOKUP($C11,'VC (SP)'!$C:$SD,MATCH($F$3&" "&K$6,'VC (SP)'!$C$5:$NV$5,0),0),VLOOKUP($C11,'VC (MG e GO)'!$C:$RX,MATCH($F$3&" "&K$6,'VC (MG e GO)'!$C$5:$NP$5,0),0)) -> N/A | L11: =IF($F$2="SP",VLOOKUP($C11,'VC (SP)'!$C:$SD,MATCH($F$3&" "&L$6,'VC (SP)'!$C$5:$NV$5,0),0),VLOOKUP($C11,'VC (MG e GO)'!$C:$RX,MATCH($F$3&" "&L$6,'VC (MG e GO)'!$C$5:$NP$5,0),0)) -> N/A | M11: =IF($F$2="SP",_xlfn.XLOOKUP(C11,'VC (SP)'!C:C,'VC (SP)'!U:U,,0),"N/A") -> N/A | N11: =IF($F$2="SP",VLOOKUP($C11,'VC (SP)'!$C:$SD,MATCH($F$3&" "&N$6,'VC (SP)'!$C$5:$NV$5,0),0),VLOOKUP($C11,'VC (MG e GO)'!$C:$RX,MATCH($F$3&" "&N$6,'VC (MG e GO)'!$C$5:$NP$5,0),0)) -> 60.44064 | O11: =IF($F$2="SP",VLOOKUP($C11,'VC (SP)'!$C:$SD,MATCH($F$3&" "&O$6,'VC (SP)'!$C$5:$NV$5,0),0),VLOOKUP($C11,'VC (MG e GO)'!$C:$RX,MATCH($F$3&" "&O$6,'VC (MG e GO)'!$C$5:$NP$5,0),0)) -> 0.16666667 | P11: 0.08 | Q11: =N11-(N11*O11)-((N11-(N11*O11))*P11) -> 46.337824 | R11: =IF(B11=$F$3,IF($F$2="SP",_xlfn.XLOOKUP(C11,'VC (SP)'!C:C,'VC (SP)'!V:V,,0),_xlfn.XLOOKUP(C11,'VC (MG e GO)'!C:C,'VC (MG e GO)'!V:V,,0)),IF($F$2="SP",_xlfn.XLOOKUP(C11,'VC (SP)'!C:C,'VC (SP)'!W:W,,0),_xlfn.XLOOKUP(C11,'VC (MG e GO)'!C:C,'VC (MG e GO)'!W:W,,0))) -> 0.0904 | S11: =(Q11-(Q11*R11))*I11 -> 1.6859554 | T11: =Q11*G11 -> 0 | U11: =IF(K11="N/A",0,IF(K11="PMPF",(M11*H11)-S11,IF(K11="PMC",(L11*H11)-S11,(((Q11+T11)*(1+K11))*H11)-S11))) -> 0 | V11: =Q11+T11+U11 -> 46.337824
B12: =IF($F$2="SP","SP",_xlfn.XLOOKUP(C12,'VC (MG e GO)'!C:C,'VC (MG e GO)'!E:E,,0)) -> GO | C12: 100185967 | D12: CLARIL 15ML | E12: 7896548113479 | F12: =IF($F$2="SP",_xlfn.XLOOKUP(C12,'VC (SP)'!C:C,'VC (SP)'!S:S,,0),_xlfn.XLOOKUP(C12,'VC (MG e GO)'!C:C,'VC (MG e GO)'!S:S,,0)) -> 0 | G12: =IF($F$2="SP",_xlfn.XLOOKUP(C12,'VC (SP)'!C:C,'VC (SP)'!T:T,,0),_xlfn.XLOOKUP(C12,'VC (MG e GO)'!C:C,'VC (MG e GO)'!T:T,,0)) -> 0 | H12: =IF($F$2="SP",VLOOKUP($C12,'VC (SP)'!$C:$SD,MATCH($F$3&" "&H$6,'VC (SP)'!$C$5:$NV$5,0),0),VLOOKUP($C12,'VC (MG e GO)'!$C:$RX,MATCH($F$3&" "&H$6,'VC (MG e GO)'!$C$5:$NP$5,0),0)) -> 0.2 | I12: =IF($F$2="SP",VLOOKUP($C12,'VC (SP)'!$C:$SD,MATCH($F$3&" "&I$6,'VC (SP)'!$C$5:$NV$5,0),0),VLOOKUP($C12,'VC (MG e GO)'!$C:$RX,MATCH($F$3&" "&I$6,'VC (MG e GO)'!$C$5:$NP$5,0),0)) -> 0.04 | J12: =IF($F$2="SP",VLOOKUP($C12,'VC (SP)'!$C:$SD,MATCH($F$3&" "&J$6,'VC (SP)'!$C$5:$NV$5,0),0),VLOOKUP($C12,'VC (MG e GO)'!$C:$RX,MATCH($F$3&" "&J$6,'VC (MG e GO)'!$C$5:$NP$5,0),0)) -> N/A | K12: =IF($F$2="SP",VLOOKUP($C12,'VC (SP)'!$C:$SD,MATCH($F$3&" "&K$6,'VC (SP)'!$C$5:$NV$5,0),0),VLOOKUP($C12,'VC (MG e GO)'!$C:$RX,MATCH($F$3&" "&K$6,'VC (MG e GO)'!$C$5:$NP$5,0),0)) -> N/A | L12: =IF($F$2="SP",VLOOKUP($C12,'VC (SP)'!$C:$SD,MATCH($F$3&" "&L$6,'VC (SP)'!$C$5:$NV$5,0),0),VLOOKUP($C12,'VC (MG e GO)'!$C:$RX,MATCH($F$3&" "&L$6,'VC (MG e GO)'!$C$5:$NP$5,0),0)) -> 27.67877 | M12: =IF($F$2="SP",_xlfn.XLOOKUP(C12,'VC (SP)'!C:C,'VC (SP)'!U:U,,0),"N/A") -> N/A | N12: =IF($F$2="SP",VLOOKUP($C12,'VC (SP)'!$C:$SD,MATCH($F$3&" "&N$6,'VC (SP)'!$C$5:$NV$5,0),0),VLOOKUP($C12,'VC (MG e GO)'!$C:$RX,MATCH($F$3&" "&N$6,'VC (MG e GO)'!$C$5:$NP$5,0),0)) -> 24.477 | O12: =IF($F$2="SP",VLOOKUP($C12,'VC (SP)'!$C:$SD,MATCH($F$3&" "&O$6,'VC (SP)'!$C$5:$NV$5,0),0),VLOOKUP($C12,'VC (MG e GO)'!$C:$RX,MATCH($F$3&" "&O$6,'VC (MG e GO)'!$C$5:$NP$5,0),0)) -> 0.16666667 | P12: 0.08 | Q12: =N12-(N12*O12)-((N12-(N12*O12))*P12) -> 18.7657 | R12: =IF(B12=$F$3,IF($F$2="SP",_xlfn.XLOOKUP(C12,'VC (SP)'!C:C,'VC (SP)'!V:V,,0),_xlfn.XLOOKUP(C12,'VC (MG e GO)'!C:C,'VC (MG e GO)'!V:V,,0)),IF($F$2="SP",_xlfn.XLOOKUP(C12,'VC (SP)'!C:C,'VC (SP)'!W:W,,0),_xlfn.XLOOKUP(C12,'VC (MG e GO)'!C:C,'VC (MG e GO)'!W:W,,0))) -> 0 | S12: =(Q12-(Q12*R12))*I12 -> 0.750628 | T12: =Q12*G12 -> 0 | U12: =IF(K12="N/A",0,IF(K12="PMPF",(M12*H12)-S12,IF(K12="PMC",(L12*H12)-S12,(((Q12+T12)*(1+K12))*H12)-S12))) -> 0 | V12: =Q12+T12+U12 -> 18.7657
B13: =IF($F$2="SP","SP",_xlfn.XLOOKUP(C13,'VC (MG e GO)'!C:C,'VC (MG e GO)'!E:E,,0)) -> MG | C13: 100245294 | D13: SYSTANE COMPLETE 10ML | E13: 0300651481198 | F13: =IF($F$2="SP",_xlfn.XLOOKUP(C13,'VC (SP)'!C:C,'VC (SP)'!S:S,,0),_xlfn.XLOOKUP(C13,'VC (MG e GO)'!C:C,'VC (MG e GO)'!S:S,,0)) -> 0.12 | G13: =IF($F$2="SP",_xlfn.XLOOKUP(C13,'VC (SP)'!C:C,'VC (SP)'!T:T,,0),_xlfn.XLOOKUP(C13,'VC (MG e GO)'!C:C,'VC (MG e GO)'!T:T,,0)) -> 0 | H13: =IF($F$2="SP",VLOOKUP($C13,'VC (SP)'!$C:$SD,MATCH($F$3&" "&H$6,'VC (SP)'!$C$5:$NV$5,0),0),VLOOKUP($C13,'VC (MG e GO)'!$C:$RX,MATCH($F$3&" "&H$6,'VC (MG e GO)'!$C$5:$NP$5,0),0)) -> 0.2 | I13: =IF($F$2="SP",VLOOKUP($C13,'VC (SP)'!$C:$SD,MATCH($F$3&" "&I$6,'VC (SP)'!$C$5:$NV$5,0),0),VLOOKUP($C13,'VC (MG e GO)'!$C:$RX,MATCH($F$3&" "&I$6,'VC (MG e GO)'!$C$5:$NP$5,0),0)) -> 0.04 | J13: =IF($F$2="SP",VLOOKUP($C13,'VC (SP)'!$C:$SD,MATCH($F$3&" "&J$6,'VC (SP)'!$C$5:$NV$5,0),0),VLOOKUP($C13,'VC (MG e GO)'!$C:$RX,MATCH($F$3&" "&J$6,'VC (MG e GO)'!$C$5:$NP$5,0),0)) -> N/A | K13: =IF($F$2="SP",VLOOKUP($C13,'VC (SP)'!$C:$SD,MATCH($F$3&" "&K$6,'VC (SP)'!$C$5:$NV$5,0),0),VLOOKUP($C13,'VC (MG e GO)'!$C:$RX,MATCH($F$3&" "&K$6,'VC (MG e GO)'!$C$5:$NP$5,0),0)) -> N/A | L13: =IF($F$2="SP",VLOOKUP($C13,'VC (SP)'!$C:$SD,MATCH($F$3&" "&L$6,'VC (SP)'!$C$5:$NV$5,0),0),VLOOKUP($C13,'VC (MG e GO)'!$C:$RX,MATCH($F$3&" "&L$6,'VC (MG e GO)'!$C$5:$NP$5,0),0)) -> N/A | M13: =IF($F$2="SP",_xlfn.XLOOKUP(C13,'VC (SP)'!C:C,'VC (SP)'!U:U,,0),"N/A") -> N/A | N13: =IF($F$2="SP",VLOOKUP($C13,'VC (SP)'!$C:$SD,MATCH($F$3&" "&N$6,'VC (SP)'!$C$5:$NV$5,0),0),VLOOKUP($C13,'VC (MG e GO)'!$C:$RX,MATCH($F$3&" "&N$6,'VC (MG e GO)'!$C$5:$NP$5,0),0)) -> 87.46092 | O13: =IF($F$2="SP",VLOOKUP($C13,'VC (SP)'!$C:$SD,MATCH($F$3&" "&O$6,'VC (SP)'!$C$5:$NV$5,0),0),VLOOKUP($C13,'VC (MG e GO)'!$C:$RX,MATCH($F$3&" "&O$6,'VC (MG e GO)'!$C$5:$NP$5,0),0)) -> 0.16666667 | P13: 0.08 | Q13: =N13-(N13*O13)-((N13-(N13*O13))*P13) -> 67.053372 | R13: =IF(B13=$F$3,IF($F$2="SP",_xlfn.XLOOKUP(C13,'VC (SP)'!C:C,'VC (SP)'!V:V,,0),_xlfn.XLOOKUP(C13,'VC (MG e GO)'!C:C,'VC (MG e GO)'!V:V,,0)),IF($F$2="SP",_xlfn.XLOOKUP(C13,'VC (SP)'!C:C,'VC (SP)'!W:W,,0),_xlfn.XLOOKUP(C13,'VC (MG e GO)'!C:C,'VC (MG e GO)'!W:W,,0))) -> 0.0904 | S13: =(Q13-(Q13*R13))*I13 -> 2.4396699 | T13: =Q13*G13 -> 0 | U13: =IF(K13="N/A",0,IF(K13="PMPF",(M13*H13)-S13,IF(K13="PMC",(L13*H13)-S13,(((Q13+T13)*(1+K13))*H13)-S13))) -> 0 | V13: =Q13+T13+U13 -> 67.053372
B14: =IF($F$2="SP","SP",_xlfn.XLOOKUP(C14,'VC (MG e GO)'!C:C,'VC (MG e GO)'!E:E,,0)) -> MG | C14: 100331647 | D14: SYSTANE COMPLETE MDPF 10ML | E14: 0300651509755 | F14: =IF($F$2="SP",_xlfn.XLOOKUP(C14,'VC (SP)'!C:C,'VC (SP)'!S:S,,0),_xlfn.XLOOKUP(C14,'VC (MG e GO)'!C:C,'VC (MG e GO)'!S:S,,0)) -> 0.12 | G14: =IF($F$2="SP",_xlfn.XLOOKUP(C14,'VC (SP)'!C:C,'VC (SP)'!T:T,,0),_xlfn.XLOOKUP(C14,'VC (MG e GO)'!C:C,'VC (MG e GO)'!T:T,,0)) -> 0 | H14: =IF($F$2="SP",VLOOKUP($C14,'VC (SP)'!$C:$SD,MATCH($F$3&" "&H$6,'VC (SP)'!$C$5:$NV$5,0),0),VLOOKUP($C14,'VC (MG e GO)'!$C:$RX,MATCH($F$3&" "&H$6,'VC (MG e GO)'!$C$5:$NP$5,0),0)) -> 0.2 | I14: =IF($F$2="SP",VLOOKUP($C14,'VC (SP)'!$C:$SD,MATCH($F$3&" "&I$6,'VC (SP)'!$C$5:$NV$5,0),0),VLOOKUP($C14,'VC (MG e GO)'!$C:$RX,MATCH($F$3&" "&I$6,'VC (MG e GO)'!$C$5:$NP$5,0),0)) -> 0.04 | J14: =IF($F$2="SP",VLOOKUP($C14,'VC (SP)'!$C:$SD,MATCH($F$3&" "&J$6,'VC (SP)'!$C$5:$NV$5,0),0),VLOOKUP($C14,'VC (MG e GO)'!$C:$RX,MATCH($F$3&" "&J$6,'VC (MG e GO)'!$C$5:$NP$5,0),0)) -> N/A | K14: =IF($F$2="SP",VLOOKUP($C14,'VC (SP)'!$C:$SD,MATCH($F$3&" "&K$6,'VC (SP)'!$C$5:$NV$5,0),0),VLOOKUP($C14,'VC (MG e GO)'!$C:$RX,MATCH($F$3&" "&K$6,'VC (MG e GO)'!$C$5:$NP$5,0),0)) -> N/A | L14: =IF($F$2="SP",VLOOKUP($C14,'VC (SP)'!$C:$SD,MATCH($F$3&" "&L$6,'VC (SP)'!$C$5:$NV$5,0),0),VLOOKUP($C14,'VC (MG e GO)'!$C:$RX,MATCH($F$3&" "&L$6,'VC (MG e GO)'!$C$5:$NP$5,0),0)) -> N/A | M14: =IF($F$2="SP",_xlfn.XLOOKUP(C14,'VC (SP)'!C:C,'VC (SP)'!U:U,,0),"N/A") -> N/A | N14: =IF($F$2="SP",VLOOKUP($C14,'VC (SP)'!$C:$SD,MATCH($F$3&" "&N$6,'VC (SP)'!$C$5:$NV$5,0),0),VLOOKUP($C14,'VC (MG e GO)'!$C:$RX,MATCH($F$3&" "&N$6,'VC (MG e GO)'!$C$5:$NP$5,0),0)) -> 93.305367 | O14: =IF($F$2="SP",VLOOKUP($C14,'VC (SP)'!$C:$SD,MATCH($F$3&" "&O$6,'VC (SP)'!$C$5:$NV$5,0),0),VLOOKUP($C14,'VC (MG e GO)'!$C:$RX,MATCH($F$3&" "&O$6,'VC (MG e GO)'!$C$5:$NP$5,0),0)) -> 0.16666667 | P14: 0.08 | Q14: =N14-(N14*O14)-((N14-(N14*O14))*P14) -> 71.534115 | R14: =IF(B14=$F$3,IF($F$2="SP",_xlfn.XLOOKUP(C14,'VC (SP)'!C:C,'VC (SP)'!V:V,,0),_xlfn.XLOOKUP(C14,'VC (MG e GO)'!C:C,'VC (MG e GO)'!V:V,,0)),IF($F$2="SP",_xlfn.XLOOKUP(C14,'VC (SP)'!C:C,'VC (SP)'!W:W,,0),_xlfn.XLOOKUP(C14,'VC (MG e GO)'!C:C,'VC (MG e GO)'!W:W,,0))) -> 0.0904 | S14: =(Q14-(Q14*R14))*I14 -> 2.6026972 | T14: =Q14*G14 -> 0 | U14: =IF(K14="N/A",0,IF(K14="PMPF",(M14*H14)-S14,IF(K14="PMC",(L14*H14)-S14,(((Q14+T14)*(1+K14))*H14)-S14))) -> 0 | V14: =Q14+T14+U14 -> 71.534115
B15: =IF($F$2="SP","SP",_xlfn.XLOOKUP(C15,'VC (MG e GO)'!C:C,'VC (MG e GO)'!E:E,,0)) -> MG | C15: 100269569 | D15: OFTANE 15ML (ASPEX) | E15: 0300651429206 | F15: =IF($F$2="SP",_xlfn.XLOOKUP(C15,'VC (SP)'!C:C,'VC (SP)'!S:S,,0),_xlfn.XLOOKUP(C15,'VC (MG e GO)'!C:C,'VC (MG e GO)'!S:S,,0)) -> 0.12 | G15: =IF($F$2="SP",_xlfn.XLOOKUP(C15,'VC (SP)'!C:C,'VC (SP)'!T:T,,0),_xlfn.XLOOKUP(C15,'VC (MG e GO)'!C:C,'VC (MG e GO)'!T:T,,0)) -> 0 | H15: =IF($F$2="SP",VLOOKUP($C15,'VC (SP)'!$C:$SD,MATCH($F$3&" "&H$6,'VC (SP)'!$C$5:$NV$5,0),0),VLOOKUP($C15,'VC (MG e GO)'!$C:$RX,MATCH($F$3&" "&H$6,'VC (MG e GO)'!$C$5:$NP$5,0),0)) -> 0.2 | I15: =IF($F$2="SP",VLOOKUP($C15,'VC (SP)'!$C:$SD,MATCH($F$3&" "&I$6,'VC (SP)'!$C$5:$NV$5,0),0),VLOOKUP($C15,'VC (MG e GO)'!$C:$RX,MATCH($F$3&" "&I$6,'VC (MG e GO)'!$C$5:$NP$5,0),0)) -> 0.04 | J15: =IF($F$2="SP",VLOOKUP($C15,'VC (SP)'!$C:$SD,MATCH($F$3&" "&J$6,'VC (SP)'!$C$5:$NV$5,0),0),VLOOKUP($C15,'VC (MG e GO)'!$C:$RX,MATCH($F$3&" "&J$6,'VC (MG e GO)'!$C$5:$NP$5,0),0)) -> N/A | K15: =IF($F$2="SP",VLOOKUP($C15,'VC (SP)'!$C:$SD,MATCH($F$3&" "&K$6,'VC (SP)'!$C$5:$NV$5,0),0),VLOOKUP($C15,'VC (MG e GO)'!$C:$RX,MATCH($F$3&" "&K$6,'VC (MG e GO)'!$C$5:$NP$5,0),0)) -> N/A | L15: =IF($F$2="SP",VLOOKUP($C15,'VC (SP)'!$C:$SD,MATCH($F$3&" "&L$6,'VC (SP)'!$C$5:$NV$5,0),0),VLOOKUP($C15,'VC (MG e GO)'!$C:$RX,MATCH($F$3&" "&L$6,'VC (MG e GO)'!$C$5:$NP$5,0),0)) -> N/A | M15: =IF($F$2="SP",_xlfn.XLOOKUP(C15,'VC (SP)'!C:C,'VC (SP)'!U:U,,0),"N/A") -> N/A | N15: =IF($F$2="SP",VLOOKUP($C15,'VC (SP)'!$C:$SD,MATCH($F$3&" "&N$6,'VC (SP)'!$C$5:$NV$5,0),0),VLOOKUP($C15,'VC (MG e GO)'!$C:$RX,MATCH($F$3&" "&N$6,'VC (MG e GO)'!$C$5:$NP$5,0),0)) -> 85.598517 | O15: =IF($F$2="SP",VLOOKUP($C15,'VC (SP)'!$C:$SD,MATCH($F$3&" "&O$6,'VC (SP)'!$C$5:$NV$5,0),0),VLOOKUP($C15,'VC (MG e GO)'!$C:$RX,MATCH($F$3&" "&O$6,'VC (MG e GO)'!$C$5:$NP$5,0),0)) -> 0.16666667 | P15: 0.08 | Q15: =N15-(N15*O15)-((N15-(N15*O15))*P15) -> 65.62553 | R15: =IF(B15=$F$3,IF($F$2="SP",_xlfn.XLOOKUP(C15,'VC (SP)'!C:C,'VC (SP)'!V:V,,0),_xlfn.XLOOKUP(C15,'VC (MG e GO)'!C:C,'VC (MG e GO)'!V:V,,0)),IF($F$2="SP",_xlfn.XLOOKUP(C15,'VC (SP)'!C:C,'VC (SP)'!W:W,,0),_xlfn.XLOOKUP(C15,'VC (MG e GO)'!C:C,'VC (MG e GO)'!W:W,,0))) -> 0.0904 | S15: =(Q15-(Q15*R15))*I15 -> 2.3877193 | T15: =Q15*G15 -> 0 | U15: =IF(K15="N/A",0,IF(K15="PMPF",(M15*H15)-S15,IF(K15="PMC",(L15*H15)-S15,(((Q15+T15)*(1+K15))*H15)-S15))) -> 0 | V15: =Q15+T15+U15 -> 65.62553
B16: =IF($F$2="SP","SP",_xlfn.XLOOKUP(C16,'VC (MG e GO)'!C:C,'VC (MG e GO)'!E:E,,0)) -> MG | C16: 100281203 | D16: SYSTANE LID WIPES 30 SACHES | E16: 0300658052582 | F16: =IF($F$2="SP",_xlfn.XLOOKUP(C16,'VC (SP)'!C:C,'VC (SP)'!S:S,,0),_xlfn.XLOOKUP(C16,'VC (MG e GO)'!C:C,'VC (MG e GO)'!S:S,,0)) -> 0.125 | G16: =IF($F$2="SP",_xlfn.XLOOKUP(C16,'VC (SP)'!C:C,'VC (SP)'!T:T,,0),_xlfn.XLOOKUP(C16,'VC (MG e GO)'!C:C,'VC (MG e GO)'!T:T,,0)) -> 0.0325 | H16: =IF($F$2="SP",VLOOKUP($C16,'VC (SP)'!$C:$SD,MATCH($F$3&" "&H$6,'VC (SP)'!$C$5:$NV$5,0),0),VLOOKUP($C16,'VC (MG e GO)'!$C:$RX,MATCH($F$3&" "&H$6,'VC (MG e GO)'!$C$5:$NP$5,0),0)) -> 0.2 | I16: =IF($F$2="SP",VLOOKUP($C16,'VC (SP)'!$C:$SD,MATCH($F$3&" "&I$6,'VC (SP)'!$C$5:$NV$5,0),0),VLOOKUP($C16,'VC (MG e GO)'!$C:$RX,MATCH($F$3&" "&I$6,'VC (MG e GO)'!$C$5:$NP$5,0),0)) -> 0.04 | J16: =IF($F$2="SP",VLOOKUP($C16,'VC (SP)'!$C:$SD,MATCH($F$3&" "&J$6,'VC (SP)'!$C$5:$NV$5,0),0),VLOOKUP($C16,'VC (MG e GO)'!$C:$RX,MATCH($F$3&" "&J$6,'VC (MG e GO)'!$C$5:$NP$5,0),0)) -> N/A | K16: =IF($F$2="SP",VLOOKUP($C16,'VC (SP)'!$C:$SD,MATCH($F$3&" "&K$6,'VC (SP)'!$C$5:$NV$5,0),0),VLOOKUP($C16,'VC (MG e GO)'!$C:$RX,MATCH($F$3&" "&K$6,'VC (MG e GO)'!$C$5:$NP$5,0),0)) -> N/A | L16: =IF($F$2="SP",VLOOKUP($C16,'VC (SP)'!$C:$SD,MATCH($F$3&" "&L$6,'VC (SP)'!$C$5:$NV$5,0),0),VLOOKUP($C16,'VC (MG e GO)'!$C:$RX,MATCH($F$3&" "&L$6,'VC (MG e GO)'!$C$5:$NP$5,0),0)) -> N/A | M16: =IF($F$2="SP",_xlfn.XLOOKUP(C16,'VC (SP)'!C:C,'VC (SP)'!U:U,,0),"N/A") -> N/A | N16: =IF($F$2="SP",VLOOKUP($C16,'VC (SP)'!$C:$SD,MATCH($F$3&" "&N$6,'VC (SP)'!$C$5:$NV$5,0),0),VLOOKUP($C16,'VC (MG e GO)'!$C:$RX,MATCH($F$3&" "&N$6,'VC (MG e GO)'!$C$5:$NP$5,0),0)) -> 89.981852 | O16: =IF($F$2="SP",VLOOKUP($C16,'VC (SP)'!$C:$SD,MATCH($F$3&" "&O$6,'VC (SP)'!$C$5:$NV$5,0),0),VLOOKUP($C16,'VC (MG e GO)'!$C:$RX,MATCH($F$3&" "&O$6,'VC (MG e GO)'!$C$5:$NP$5,0),0)) -> 0.16666667 | P16: 0.08 | Q16: =N16-(N16*O16)-((N16-(N16*O16))*P16) -> 68.986087 | R16: =IF(B16=$F$3,IF($F$2="SP",_xlfn.XLOOKUP(C16,'VC (SP)'!C:C,'VC (SP)'!V:V,,0),_xlfn.XLOOKUP(C16,'VC (MG e GO)'!C:C,'VC (MG e GO)'!V:V,,0)),IF($F$2="SP",_xlfn.XLOOKUP(C16,'VC (SP)'!C:C,'VC (SP)'!W:W,,0),_xlfn.XLOOKUP(C16,'VC (MG e GO)'!C:C,'VC (MG e GO)'!W:W,,0))) -> 0.0959 | S16: =(Q16-(Q16*R16))*I16 -> 2.4948128 | T16: =Q16*G16 -> 2.2420478 | U16: =IF(K16="N/A",0,IF(K16="PMPF",(M16*H16)-S16,IF(K16="PMC",(L16*H16)-S16,(((Q16+T16)*(1+K16))*H16)-S16))) -> 0 | V16: =Q16+T16+U16 -> 71.228135
B17: =IF($F$2="SP","SP",_xlfn.XLOOKUP(C17,'VC (MG e GO)'!C:C,'VC (MG e GO)'!E:E,,0)) -> MG | C17: 100289293 | D17: SYSTANE ULTRA MDPF 10ML - BR | E17: 0300651507775 | F17: =IF($F$2="SP",_xlfn.XLOOKUP(C17,'VC (SP)'!C:C,'VC (SP)'!S:S,,0),_xlfn.XLOOKUP(C17,'VC (MG e GO)'!C:C,'VC (MG e GO)'!S:S,,0)) -> 0.12 | G17: =IF($F$2="SP",_xlfn.XLOOKUP(C17,'VC (SP)'!C:C,'VC (SP)'!T:T,,0),_xlfn.XLOOKUP(C17,'VC (MG e GO)'!C:C,'VC (MG e GO)'!T:T,,0)) -> 0 | H17: =IF($F$2="SP",VLOOKUP($C17,'VC (SP)'!$C:$SD,MATCH($F$3&" "&H$6,'VC (SP)'!$C$5:$NV$5,0),0),VLOOKUP($C17,'VC (MG e GO)'!$C:$RX,MATCH($F$3&" "&H$6,'VC (MG e GO)'!$C$5:$NP$5,0),0)) -> 0.2 | I17: =IF($F$2="SP",VLOOKUP($C17,'VC (SP)'!$C:$SD,MATCH($F$3&" "&I$6,'VC (SP)'!$C$5:$NV$5,0),0),VLOOKUP($C17,'VC (MG e GO)'!$C:$RX,MATCH($F$3&" "&I$6,'VC (MG e GO)'!$C$5:$NP$5,0),0)) -> 0.04 | J17: =IF($F$2="SP",VLOOKUP($C17,'VC (SP)'!$C:$SD,MATCH($F$3&" "&J$6,'VC (SP)'!$C$5:$NV$5,0),0),VLOOKUP($C17,'VC (MG e GO)'!$C:$RX,MATCH($F$3&" "&J$6,'VC (MG e GO)'!$C$5:$NP$5,0),0)) -> N/A | K17: =IF($F$2="SP",VLOOKUP($C17,'VC (SP)'!$C:$SD,MATCH($F$3&" "&K$6,'VC (SP)'!$C$5:$NV$5,0),0),VLOOKUP($C17,'VC (MG e GO)'!$C:$RX,MATCH($F$3&" "&K$6,'VC (MG e GO)'!$C$5:$NP$5,0),0)) -> N/A | L17: =IF($F$2="SP",VLOOKUP($C17,'VC (SP)'!$C:$SD,MATCH($F$3&" "&L$6,'VC (SP)'!$C$5:$NV$5,0),0),VLOOKUP($C17,'VC (MG e GO)'!$C:$RX,MATCH($F$3&" "&L$6,'VC (MG e GO)'!$C$5:$NP$5,0),0)) -> N/A | M17: =IF($F$2="SP",_xlfn.XLOOKUP(C17,'VC (SP)'!C:C,'VC (SP)'!U:U,,0),"N/A") -> N/A | N17: =IF($F$2="SP",VLOOKUP($C17,'VC (SP)'!$C:$SD,MATCH($F$3&" "&N$6,'VC (SP)'!$C$5:$NV$5,0),0),VLOOKUP($C17,'VC (MG e GO)'!$C:$RX,MATCH($F$3&" "&N$6,'VC (MG e GO)'!$C$5:$NP$5,0),0)) -> 72.386773 | O17: =IF($F$2="SP",VLOOKUP($C17,'VC (SP)'!$C:$SD,MATCH($F$3&" "&O$6,'VC (SP)'!$C$5:$NV$5,0),0),VLOOKUP($C17,'VC (MG e GO)'!$C:$RX,MATCH($F$3&" "&O$6,'VC (MG e GO)'!$C$5:$NP$5,0),0)) -> 0.16666667 | P17: 0.08 | Q17: =N17-(N17*O17)-((N17-(N17*O17))*P17) -> 55.496526 | R17: =IF(B17=$F$3,IF($F$2="SP",_xlfn.XLOOKUP(C17,'VC (SP)'!C:C,'VC (SP)'!V:V,,0),_xlfn.XLOOKUP(C17,'VC (MG e GO)'!C:C,'VC (MG e GO)'!V:V,,0)),IF($F$2="SP",_xlfn.XLOOKUP(C17,'VC (SP)'!C:C,'VC (SP)'!W:W,,0),_xlfn.XLOOKUP(C17,'VC (MG e GO)'!C:C,'VC (MG e GO)'!W:W,,0))) -> 0.0904 | S17: =(Q17-(Q17*R17))*I17 -> 2.0191856 | T17: =Q17*G17 -> 0 | U17: =IF(K17="N/A",0,IF(K17="PMPF",(M17*H17)-S17,IF(K17="PMC",(L17*H17)-S17,(((Q17+T17)*(1+K17))*H17)-S17))) -> 0 | V17: =Q17+T17+U17 -> 55.496526
B18: =IF($F$2="SP","SP",_xlfn.XLOOKUP(C18,'VC (MG e GO)'!C:C,'VC (MG e GO)'!E:E,,0)) -> MG | C18: 100299895 | D18: TRISORB 15ML | E18: 0300650426404 | F18: =IF($F$2="SP",_xlfn.XLOOKUP(C18,'VC (SP)'!C:C,'VC (SP)'!S:S,,0),_xlfn.XLOOKUP(C18,'VC (MG e GO)'!C:C,'VC (MG e GO)'!S:S,,0)) -> 0.12 | G18: =IF($F$2="SP",_xlfn.XLOOKUP(C18,'VC (SP)'!C:C,'VC (SP)'!T:T,,0),_xlfn.XLOOKUP(C18,'VC (MG e GO)'!C:C,'VC (MG e GO)'!T:T,,0)) -> 0 | H18: =IF($F$2="SP",VLOOKUP($C18,'VC (SP)'!$C:$SD,MATCH($F$3&" "&H$6,'VC (SP)'!$C$5:$NV$5,0),0),VLOOKUP($C18,'VC (MG e GO)'!$C:$RX,MATCH($F$3&" "&H$6,'VC (MG e GO)'!$C$5:$NP$5,0),0)) -> 0.2 | I18: =IF($F$2="SP",VLOOKUP($C18,'VC (SP)'!$C:$SD,MATCH($F$3&" "&I$6,'VC (SP)'!$C$5:$NV$5,0),0),VLOOKUP($C18,'VC (MG e GO)'!$C:$RX,MATCH($F$3&" "&I$6,'VC (MG e GO)'!$C$5:$NP$5,0),0)) -> 0.04 | J18: =IF($F$2="SP",VLOOKUP($C18,'VC (SP)'!$C:$SD,MATCH($F$3&" "&J$6,'VC (SP)'!$C$5:$NV$5,0),0),VLOOKUP($C18,'VC (MG e GO)'!$C:$RX,MATCH($F$3&" "&J$6,'VC (MG e GO)'!$C$5:$NP$5,0),0)) -> N/A | K18: =IF($F$2="SP",VLOOKUP($C18,'VC (SP)'!$C:$SD,MATCH($F$3&" "&K$6,'VC (SP)'!$C$5:$NV$5,0),0),VLOOKUP($C18,'VC (MG e GO)'!$C:$RX,MATCH($F$3&" "&K$6,'VC (MG e GO)'!$C$5:$NP$5,0),0)) -> N/A | L18: =IF($F$2="SP",VLOOKUP($C18,'VC (SP)'!$C:$SD,MATCH($F$3&" "&L$6,'VC (SP)'!$C$5:$NV$5,0),0),VLOOKUP($C18,'VC (MG e GO)'!$C:$RX,MATCH($F$3&" "&L$6,'VC (MG e GO)'!$C$5:$NP$5,0),0)) -> N/A | M18: =IF($F$2="SP",_xlfn.XLOOKUP(C18,'VC (SP)'!C:C,'VC (SP)'!U:U,,0),"N/A") -> N/A | N18: =IF($F$2="SP",VLOOKUP($C18,'VC (SP)'!$C:$SD,MATCH($F$3&" "&N$6,'VC (SP)'!$C$5:$NV$5,0),0),VLOOKUP($C18,'VC (MG e GO)'!$C:$RX,MATCH($F$3&" "&N$6,'VC (MG e GO)'!$C$5:$NP$5,0),0)) -> 33.410071 | O18: =IF($F$2="SP",VLOOKUP($C18,'VC (SP)'!$C:$SD,MATCH($F$3&" "&O$6,'VC (SP)'!$C$5:$NV$5,0),0),VLOOKUP($C18,'VC (MG e GO)'!$C:$RX,MATCH($F$3&" "&O$6,'VC (MG e GO)'!$C$5:$NP$5,0),0)) -> 0.16666667 | P18: 0.08 | Q18: =N18-(N18*O18)-((N18-(N18*O18))*P18) -> 25.614388 | R18: =IF(B18=$F$3,IF($F$2="SP",_xlfn.XLOOKUP(C18,'VC (SP)'!C:C,'VC (SP)'!V:V,,0),_xlfn.XLOOKUP(C18,'VC (MG e GO)'!C:C,'VC (MG e GO)'!V:V,,0)),IF($F$2="SP",_xlfn.XLOOKUP(C18,'VC (SP)'!C:C,'VC (SP)'!W:W,,0),_xlfn.XLOOKUP(C18,'VC (MG e GO)'!C:C,'VC (MG e GO)'!W:W,,0))) -> 0.0904 | S18: =(Q18-(Q18*R18))*I18 -> 0.9319539 | T18: =Q18*G18 -> 0 | U18: =IF(K18="N/A",0,IF(K18="PMPF",(M18*H18)-S18,IF(K18="PMC",(L18*H18)-S18,(((Q18+T18)*(1+K18))*H18)-S18))) -> 0 | V18: =Q18+T18+U18 -> 25.614388
... B30: =IF($F$2="SP","SP",_xlfn.XLOOKUP(C30,'VC (MG e GO)'!C:C,'VC (MG e GO)'!E:E,,0)) -> GO | C30: 100300699 | D30: VIGADEXA 5ML TRD-BR | E30: 7896548197554 | F30: =IF($F$2="SP",_xlfn.XLOOKUP(C30,'VC (SP)'!C:C,'VC (SP)'!S:S,,0),_xlfn.XLOOKUP(C30,'VC (MG e GO)'!C:C,'VC (MG e GO)'!S:S,,0)) -> 0 | G30: =IF($F$2="SP",_xlfn.XLOOKUP(C30,'VC (SP)'!C:C,'VC (SP)'!T:T,,0),_xlfn.XLOOKUP(C30,'VC (MG e GO)'!C:C,'VC (MG e GO)'!T:T,,0)) -> 0 | H30: =IF($F$2="SP",VLOOKUP($C30,'VC (SP)'!$C:$SD,MATCH($F$3&" "&H$6,'VC (SP)'!$C$5:$NV$5,0),0),VLOOKUP($C30,'VC (MG e GO)'!$C:$RX,MATCH($F$3&" "&H$6,'VC (MG e GO)'!$C$5:$NP$5,0),0)) -> 0.2 | I30: =IF($F$2="SP",VLOOKUP($C30,'VC (SP)'!$C:$SD,MATCH($F$3&" "&I$6,'VC (SP)'!$C$5:$NV$5,0),0),VLOOKUP($C30,'VC (MG e GO)'!$C:$RX,MATCH($F$3&" "&I$6,'VC (MG e GO)'!$C$5:$NP$5,0),0)) -> 0.12 | J30: =IF($F$2="SP",VLOOKUP($C30,'VC (SP)'!$C:$SD,MATCH($F$3&" "&J$6,'VC (SP)'!$C$5:$NV$5,0),0),VLOOKUP($C30,'VC (MG e GO)'!$C:$RX,MATCH($F$3&" "&J$6,'VC (MG e GO)'!$C$5:$NP$5,0),0)) -> N/A | K30: =IF($F$2="SP",VLOOKUP($C30,'VC (SP)'!$C:$SD,MATCH($F$3&" "&K$6,'VC (SP)'!$C$5:$NV$5,0),0),VLOOKUP($C30,'VC (MG e GO)'!$C:$RX,MATCH($F$3&" "&K$6,'VC (MG e GO)'!$C$5:$NP$5,0),0)) -> N/A | L30: =IF($F$2="SP",VLOOKUP($C30,'VC (SP)'!$C:$SD,MATCH($F$3&" "&L$6,'VC (SP)'!$C$5:$NV$5,0),0),VLOOKUP($C30,'VC (MG e GO)'!$C:$RX,MATCH($F$3&" "&L$6,'VC (MG e GO)'!$C$5:$NP$5,0),0)) -> 56.691961 | M30: =IF($F$2="SP",_xlfn.XLOOKUP(C30,'VC (SP)'!C:C,'VC (SP)'!U:U,,0),"N/A") -> N/A | N30: =IF($F$2="SP",VLOOKUP($C30,'VC (SP)'!$C:$SD,MATCH($F$3&" "&N$6,'VC (SP)'!$C$5:$NV$5,0),0),VLOOKUP($C30,'VC (MG e GO)'!$C:$RX,MATCH($F$3&" "&N$6,'VC (MG e GO)'!$C$5:$NP$5,0),0)) -> 41.008583 | O30: =IF($F$2="SP",VLOOKUP($C30,'VC (SP)'!$C:$SD,MATCH($F$3&" "&O$6,'VC (SP)'!$C$5:$NV$5,0),0),VLOOKUP($C30,'VC (MG e GO)'!$C:$RX,MATCH($F$3&" "&O$6,'VC (MG e GO)'!$C$5:$NP$5,0),0)) -> 0.090909091 | P30: 0.08 | Q30: =N30-(N30*O30)-((N30-(N30*O30))*P30) -> 34.298088 | R30: =IF(B30=$F$3,IF($F$2="SP",_xlfn.XLOOKUP(C30,'VC (SP)'!C:C,'VC (SP)'!V:V,,0),_xlfn.XLOOKUP(C30,'VC (MG e GO)'!C:C,'VC (MG e GO)'!V:V,,0)),IF($F$2="SP",_xlfn.XLOOKUP(C30,'VC (SP)'!C:C,'VC (SP)'!W:W,,0),_xlfn.XLOOKUP(C30,'VC (MG e GO)'!C:C,'VC (MG e GO)'!W:W,,0))) -> 0 | S30: =(Q30-(Q30*R30))*I30 -> 4.1157705 | T30: =Q30*G30 -> 0 | U30: =IF(K30="N/A",0,IF(K30="PMPF",(M30*H30)-S30,IF(K30="PMC",(L30*H30)-S30,(((Q30+T30)*(1+K30))*H30)-S30))) -> 0 | V30: =Q30+T30+U30 -> 34.298088

Sheet VC (SP)
G1: X | H1: X | I1: X | J1: X | K1: X | L1: X | U1: F | V1: F | W1: F | X1: F | Y1: F | Z1: F | AA1: F | AB1: F | AC1: F | AD1: F | AE1: F | AF1: F | AG1: F | AH1: F | AI1: F | AJ1: F | AK1: F | AL1: F | AM1: F | AN1: F | AO1: F | AP1: F | AQ1: F | AR1: F | AS1: F | AT1: F | AU1: F | AV1: F | AW1: F | AX1: F | AY1: F | AZ1: F | BA1: F | BB1: F | BC1: F | BD1: F | BE1: F | BF1: F | BG1: F | BH1: F | BI1: F | BJ1: F | BK1: F | BL1: F | BM1: F | BN1: F | BO1: F | BP1: F | BQ1: F | BR1: F | BS1: F | BT1: F | BU1: F | BV1: F | BW1: F | BX1: F | BY1: F | BZ1: F | CA1: F | CB1: F | CC1: F | CD1: F | CE1: F | CF1: F | CG1: F | CH1: F | CI1: F | CJ1: F | CK1: F | CL1: F | CM1: F | CN1: F | CO1: F | CP1: F | CQ1: F | CR1: F | CS1: F | CT1: F | CU1: F | CV1: F | CW1: F | CX1: F | CY1: F | CZ1: F | DA1: F | DB1: F | DC1: F | DD1: F | DE1: F | DF1: F | DG1: F | DH1: F | DI1: F | DJ1: F | DK1: F | DL1: F | DM1: F | DN1: F | DO1: F | DP1: F | DQ1: F | DR1: F | DS1: F | DT1: F | DU1: F | DV1: F | DW1: F | DX1: F | DY1: F | DZ1: F | EA1: F | EB1: F | EC1: F | ED1: F | EE1: F | EF1: F | EG1: F | EH1: F | EI1: F | EJ1: F | EK1: F | EL1: F | EM1: F | EN1: F | EO1: F | EP1: F | EQ1: F | ER1: F | ES1: F | ET1: F | EU1: F | EV1: F | EW1: F | EX1: F | EY1: F | EZ1: F | FA1: F | FB1: F | FC1: F | IG1: P | IH1: P | II1: P | IJ1: P | IK1: P | IL1: P | IM1: P | IN1: P | IO1: P | IP1: P | IQ1: P | IT1: P | IU1: P | IV1: P | IW1: P | IX1: P | IY1: P | IZ1: P | JA1: P | JB1: P | JC1: P | JD1: P | JE1: P | JF1: P | JG1: P | JH1: P | JI1: P | JJ1: P | JK1: P | JL1: P | JM1: P | JN1: P | JO1: P | JP1: P | JQ1: P | JR1: P | JS1: P | JT1: P | JU1: P | JV1: P | JW1: P | JX1: P | JY1: P | JZ1: P | KA1: P | KB1: P | KC1: P | KD1: P | KE1: P | KF1: P | KG1: P | KH1: P | KI1: P | KL1: P | KM1: P | KN1: P | KO1: P | KP1: P | KQ1: P | KR1: P | KS1: P | KT1: P | KU1: P | KV1: P | KW1: P | KX1: P | KY1: P | KZ1: P | LA1: P | LB1: P | LC1: P | LD1: P | LE1: P | LF1: P | LG1: P | LH1: P | LI1: P | LJ1: P | LK1: P | LL1: P | LM1: P | LN1: P | LO1: P | LP1: P | LQ1: P | LR1: P | LS1: P | LT1: P | LU1: P | LV1: P | LW1: P | LX1: P | LY1: P | LZ1: P | MA1: P | MB1: P | MC1: P | MD1: P | ME1: P | MF1: P | MG1: P | MH1: P | MI1: P | MJ1: P | MK1: P | ML1: P | MM1: P | MN1: P | MO1: P | MP1: P | MQ1: P | MR1: P | MS1: P | MT1: P | MU1: P | MV1: P | MW1: P | MX1: P | MY1: P | MZ1: P | NA1: P | NB1: P | NC1: P | ND1: P | NE1: P | NF1: P | NG1: P | NH1: P | NI1: P | NJ1: P | NK1: P | NL1: P | NM1: P | NN1: P | NO1: P | NP1: P | NQ1: P | NR1: P | NS1: P | NT1: P | NU1: P | NV1: P | NW1: P
A2: Vendas origem UF São Paulo | U2: Dados de SP | Y2: Alíquotas Internas | AZ2: Alíquotas Interestaduais | CA2: Carga Tributária para ST | DB2: MVA Original | EC2: MVA Ajustada | FD2: Repasse por UF | GE2: Preço Fábrica por UF | HF2: Preço Máximo ao Consumidor por UF | IG2: Repasse por Alíquota ICMS | JC2: Preço Fábrica | JY2: Preço Máximo ao Consumidor | KU2: Repasse por UF (lista de exceções) | LV2: Preço Fábrica por UF (lista de exceções) | MW2: Preço Máximo ao Consumidor por UF (lista de exceções) | OA2: Preço NF | PB2: IPI | QC2: ICMS-ST | RD2: Preço Final | SE2: Valor Net
IT3: ALC | JP3: ALC | KL3: ALC
II4: x | IJ4: x | IK4: x | IL4: x | IM4: x | IN4: x | IO4: x | IP4: x | IQ4: x | IR4: x | IS4: x | IW4: AP | IX4: AC | IY4: RO | IZ4: AM/RR | JS4: AP | JT4: AC | JU4: RO | JV4: AM/RR | KO4: AP | KP4: AC | KQ4: RO | KR4: AM/RR
A5: Ativo | B5: BU | C5: Cód. SAP | D5: Descrição | E5: UF | F5: EAN | G5: Qtdd por caixa | H5: Caixa de embarque | I5: Registro | J5: Classe terapêutica | K5: Regime de preço | L5: Status CMED | M5: Lista | N5: NCM | O5: CEST | P5: CST | Q5: Origem | R5: Trib. PIS/COFINS | S5: PIS/COFINS | T5: IPI | U5: PMPF SP | V5: Redução Intra | W5: Redução Inter | X5: Destivado | Y5: AC Intra % | Z5: AL Intra % | AA5: AM Intra % | AB5: AP Intra % | AC5: BA Intra % | AD5: CE Intra % | AE5: DF Intra % | AF5: ES Intra % | AG5: GO Intra % | AH5: MA Intra % | AI5: MG Intra % | AJ5: MS Intra % | AK5: MT Intra % | AL5: PA Intra % | AM5: PB Intra % | AN5: PE Intra % | AO5: PI Intra % | AP5: PR Intra % | AQ5: RJ Intra % | AR5: RN Intra % | AS5: RO Intra % | AT5: RR Intra % | AU5: RS Intra % | AV5: SC Intra % | AW5: SE Intra % | AX5: SP Intra % | AY5: TO Intra % | AZ5: AC Inter % | BA5: AL Inter % | BB5: AM Inter % | BC5: AP Inter % | BD5: BA Inter % | BE5: CE Inter % | BF5: DF Inter % | BG5: ES Inter % | BH5: GO Inter % | BI5: MA Inter % | BJ5: MG Inter % | BK5: MS Inter % | BL5: MT Inter % | BM5: PA Inter % | BN5: PB Inter % | BO5: PE Inter % | BP5: PI Inter % | BQ5: PR Inter % | BR5: RJ Inter % | BS5: RN Inter % | BT5: RO Inter % | BU5: RR Inter % | BV5: RS Inter % | BW5: SC Inter % | BX5: SE Inter % | BY5: SP Inter % | BZ5: TO Inter % | CA5: AC CT | CB5: AL CT | CC5: AM CT | CD5: AP CT | CE5: BA CT | CF5: CE CT | CG5: DF CT | CH5: ES CT | CI5: GO CT | CJ5: MA CT | CK5: MG CT | CL5: MS CT | CM5: MT CT | CN5: PA CT | CO5: PB CT | CP5: PE CT | CQ5: PI CT | CR5: PR CT | CS5: RJ CT | CT5: RN CT | CU5: RO CT | CV5: RR CT | CW5: RS CT | CX5: SC CT | CY5: SE CT | CZ5: SP CT | DA5: TO CT | DB5: AC MVA | DC5: AL MVA | DD5: AM MVA | DE5: AP MVA | DF5: BA MVA | DG5: CE MVA | DH5: DF MVA | DI5: ES MVA | DJ5: GO MVA | DK5: MA MVA | DL5: MG MVA | DM5: MS MVA | DN5: MT MVA | DO5: PA MVA | DP5: PB MVA | DQ5: PE MVA | DR5: PI MVA | DS5: PR MVA | DT5: RJ MVA | DU5: RN MVA | DV5: RO MVA | DW5: RR MVA | DX5: RS MVA | DY5: SC MVA | DZ5: SE MVA | EA5: SP MVA | EB5: TO MVA | EC5: AC MVA % | ED5: AL MVA % | EE5: AM MVA % | EF5: AP MVA % | EG5: BA MVA % | EH5: CE MVA % | EI5: DF MVA % | EJ5: ES MVA % | EK5: GO MVA % | EL5: MA MVA % | EM5: MG MVA % | EN5: MS MVA % | EO5: MT MVA % | EP5: PA MVA % | EQ5: PB MVA % | ER5: PE MVA % | ES5: PI MVA % | ET5: PR MVA % | EU5: RJ MVA % | EV5: RN MVA % | EW5: RO MVA % | EX5: RR MVA % | EY5: RS MVA % | EZ5: SC MVA % | FA5: SE MVA % | FB5: SP MVA % | FC5: TO MVA % | FD5: AC Repasse | FE5: AL Repasse | FF5: AM Repasse | FG5: AP Repasse | FH5: BA Repasse | FI5: CE Repasse | FJ5: DF Repasse | FK5: ES Repasse | FL5: GO Repasse | FM5: MA Repasse | FN5: MG Repasse | FO5: MS Repasse | FP5: MT Repasse | FQ5: PA Repasse | FR5: PB Repasse | FS5: PE Repasse | FT5: PI Repasse | FU5: PR Repasse | FV5: RJ Repasse | FW5: RN Repasse | FX5: RO Repasse | FY5: RR Repasse | FZ5: RS Repasse | GA5: SC Repasse | GB5: SE Repasse | GC5: SP Repasse | GD5: TO Repasse | GE5: AC PF | GF5: AL PF | GG5: AM PF | GH5: AP PF | GI5: BA PF | GJ5: CE PF | GK5: DF PF | GL5: ES PF | GM5: GO PF | GN5: MA PF | GO5: MG PF | GP5: MS PF | GQ5: MT PF | GR5: PA PF | GS5: PB PF | GT5: PE PF | GU5: PI PF | GV5: PR PF | GW5: RJ PF | GX5: RN PF | GY5: RO PF | GZ5: RR PF | HA5: RS PF | HB5: SC PF | HC5: SE PF | HD5: SP PF | HE5: TO PF | HF5: AC PMC | HG5: AL PMC | HH5: AM PMC | HI5: AP PMC | HJ5: BA PMC | HK5: CE PMC | HL5: DF PMC | HM5: ES PMC | HN5: GO PMC | HO5: MA PMC | HP5: MG PMC | HQ5: MS PMC | HR5: MT PMC | HS5: PA PMC | HT5: PB PMC | HU5: PE PMC | HV5: PI PMC | HW5: PR PMC | HX5: RJ PMC | HY5: RN PMC | HZ5: RO PMC | IA5: RR PMC | IB5: RS PMC | IC5: SC PMC | ID5: SE PMC | IE5: SP PMC | IF5: TO PMC | IG5: 0 | IH5: 0.12 | II5: 0.17 | IJ5: 0.175 | IK5: 0.18 | IL5: 0.19 | IM5: 0.195 | IN5: 0.2 | IO5: 0.205 | IP5: 0.21 | IQ5: 0.22 | IR5: 0.225 | IS5: 0.23 | IT5: 0.12 | IU5: 0.17 | IV5: 0.175 | IW5: 0.18 | IX5: 0.19 | IY5: 0.195 | IZ5: 0.2 | JA5: 0.21 | JB5: 0.22 | JC5: 0 | JD5: 0.12 | JE5: 0.17 | JF5: 0.175 | JG5: 0.18 | JH5: 0.19 | JI5: 0.195 | JJ5: 0.2 | JK5: 0.205 | JL5: 0.21 | JM5: 0.22 | JN5: 0.225 | JO5: 0.23 | JP5: 0.12 | JQ5: 0.17 | JR5: 0.175 | JS5: 0.18 | JT5: 0.19 | JU5: 0.195 | JV5: 0.2 | JW5: 0.21 | JX5: 0.22 | JY5: 0 | JZ5: 0.12 | KA5: 0.17 | KB5: 0.175 | KC5: 0.18 | KD5: 0.19 | KE5: 0.195 | KF5: 0.2 | KG5: 0.205 | KH5: 0.21 | KI5: 0.22 | KJ5: 0.225 | KK5: 0.23 | KL5: 0.12 | KM5: 0.17 | KN5: 0.175 | KO5: 0.18 | KP5: 0.19 | KQ5: 0.195 | KR5: 0.2 | KS5: 0.21 | KT5: 0.22 | KU5: AC (EX)Repasse | KV5: AL (EX)Repasse | KW5: AM (EX)Repasse | KX5: AP (EX)Repasse | KY5: BA (EX)Repasse | KZ5: CE (EX)Repasse | LA5: DF (EX)Repasse | LB5: ES (EX)Repasse | LC5: GO (EX)Repasse | LD5: MA (EX)Repasse | LE5: MG (EX)Repasse | LF5: MS (EX)Repasse | LG5: MT (EX)Repasse | LH5: PA (EX)Repasse | LI5: PB (EX)Repasse | LJ5: PE (EX)Repasse | LK5: PI (EX)Repasse | LL5: PR (EX)Repasse | LM5: RJ (EX)Repasse | LN5: RN (EX)Repasse | LO5: RO (EX)Repasse | LP5: RR (EX)Repasse | LQ5: RS (EX)Repasse | LR5: SC (EX)Repasse | LS5: SE (EX)Repasse | LT5: SP (EX)Repasse | LU5: TO (EX)Repasse | LV5: AC (EX)PF | LW5: AL (EX)PF | LX5: AM (EX)PF | LY5: AP (EX)PF | LZ5: BA (EX)PF | MA5: CE (EX)PF | MB5: DF (EX)PF | MC5: ES (EX)PF | MD5: GO (EX)PF | ME5: MA (EX)PF | MF5: MG (EX)PF | MG5: MS (EX)PF | MH5: MT (EX)PF | MI5: PA (EX)PF | MJ5: PB (EX)PF | MK5: PE (EX)PF | ML5: PI (EX)PF | MM5: PR (EX)PF | MN5: RJ (EX)PF | MO5: RN (EX)PF | MP5: RO (EX)PF | MQ5: RR (EX)PF | MR5: RS (EX)PF | MS5: SC (EX)PF | MT5: SE (EX)PF | MU5: SP (EX)PF | MV5: TO (EX)PF | MW5: AC (EX)PMC | MX5: AL (EX)PMC | MY5: AM (EX)PMC | MZ5: AP (EX)PMC | NA5: BA (EX)PMC | NB5: CE (EX)PMC | NC5: DF (EX)PMC | ND5: ES (EX)PMC | NE5: GO (EX)PMC | NF5: MA (EX)PMC | NG5: MG (EX)PMC | NH5: MS (EX)PMC | NI5: MT (EX)PMC | NJ5: PA (EX)PMC | NK5: PB (EX)PMC | NL5: PE (EX)PMC | NM5: PI (EX)PMC | NN5: PR (EX)PMC | NO5: RJ (EX)PMC | NP5: RN (EX)PMC | NQ5: RO (EX)PMC | NR5: RR (EX)PMC | NS5: RS (EX)PMC | NT5: SC (EX)PMC | NU5: SE (EX)PMC | NV5: SP (EX)PMC | NW5: TO (EX)PMC | NZ5: Deconto | OA5: AC NF | OB5: AL NF | OC5: AM NF | OD5: AP NF | OE5: BA NF | OF5: CE NF | OG5: DF NF | OH5: ES NF | OI5: GO NF | OJ5: MA NF | OK5: MG NF | OL5: MS NF | OM5: MT NF | ON5: PA NF | OO5: PB NF | OP5: PE NF | OQ5: PI NF | OR5: PR NF | OS5: RJ NF | OT5: RN NF | OU5: RO NF | OV5: RR NF | OW5: RS NF | OX5: SC NF | OY5: SE NF | OZ5: SP NF | PA5: TO NF | PB5: AC IPI | PC5: AL IPI | PD5: AM IPI | PE5: AP IPI | PF5: BA IPI | PG5: CE IPI | PH5: DF IPI | PI5: ES IPI | PJ5: GO IPI | PK5: MA IPI | PL5: MG IPI | PM5: MS IPI | PN5: MT IPI | PO5: PA IPI | PP5: PB IPI | PQ5: PE IPI | PR5: PI IPI | PS5: PR IPI | PT5: RJ IPI | PU5: RN IPI | PV5: RO IPI | PW5: RR IPI | PX5: RS IPI | PY5: SC IPI | PZ5: SE IPI | QA5: SP IPI | QB5: TO IPI | QC5: AC ICMS ST | QD5: AL ICMS ST | QE5: AM ICMS ST | QF5: AP ICMS ST | QG5: BA ICMS ST | QH5: CE ICMS ST | QI5: DF ICMS ST | QJ5: ES ICMS ST | QK5: GO ICMS ST | QL5: MA ICMS ST | QM5: MG ICMS ST | QN5: MS ICMS ST | QO5: MT ICMS ST | QP5: PA ICMS ST | QQ5: PB ICMS ST | QR5: PE ICMS ST | QS5: PI ICMS ST | QT5: PR ICMS ST | QU5: RJ ICMS ST | QV5: RN ICMS ST | QW5: RO ICMS ST | QX5: RR ICMS ST | QY5: RS ICMS ST | QZ5: SC ICMS ST | RA5: SE ICMS ST | RB5: SP ICMS ST | RC5: TO ICMS ST | RD5: AC Final | RE5: AL Final | RF5: AM Final | RG5: AP Final | RH5: BA Final | RI5: CE Final | RJ5: DF Final | RK5: ES Final | RL5: GO Final | RM5: MA Final | RN5: MG Final | RO5: MS Final | RP5: MT Final | RQ5: PA Final | RR5: PB Final | RS5: PE Final | RT5: PI Final | RU5: PR Final | RV5: RJ Final | RW5: RN Final | RX5: RO Final | RY5: RR Final | RZ5: RS Final | SA5: SC Final | SB5: SE Final | SC5: SP Final | SD5: TO Final | SE5: AC Net | SF5: AL Net | SG5: AM Net | SH5: AP Net | SI5: BA Net | SJ5: CE Net | SK5: DF Net | SL5: ES Net | SM5: GO Net | SN5: MA Net | SO5: MG Net | SP5: MS Net | SQ5: MT Net | SR5: PA Net | SS5: PB Net | ST5: PE Net | SU5: PI Net | SV5: PR Net | SW5: RJ Net | SX5: RN Net | SY5: RO Net | SZ5: RR Net | TA5: RS Net | TB5: SC Net | TC5: SE Net | TD5: SP Net | TE5: TO Net
A6: N | B6: CIRÚRGICA | C6: 100134628 | D6: ANESTALCON 5ML | E6: SP | F6: 7896548197158 | G6: 60 | H6: EFFLC00 | I6: 1006810870015 | J6: S1H - ANESTÉSICOS OFTALMOLÓGICOS LOCAIS | K6: Regulado | L6: Similar | M6: Positiva | N6: 3004.90.39 | O6: 13.003.00 | P6: 5 | Q6: Nacional | R6: - | S6: 0 | T6: 0 | U6: 11.62 | V6: 0 | W6: 0 | Y6: 0.19 | Z6: 0.205 | AA6: 0.2 | AB6: 0.18 | AC6: 0.205 | AD6: 0.2 | AE6: 0.17 | AF6: 0.17 | AG6: 0.19 | AH6: 0.23 | AI6: 0.18 | AJ6: 0.17 | AK6: 0.17 | AL6: 0.19 | AM6: 0.2 | AN6: 0.205 | AO6: 0.225 | AP6: 0.195 | AQ6: 0.22 | AR6: 0.2 | AS6: 0.195 | AT6: 0.2 | AU6: 0.17 | AV6: 0.17 | AW6: 0.2 | AX6: 0.18 | AY6: 0.2 | AZ6: 0.07 | BA6: 0.07 | BB6: 0.07 | BC6: 0.07 | BD6: 0.07 | BE6: 0.07 | BF6: 0.07 | BG6: 0.07 | BH6: 0.07 | BI6: 0.07 | BJ6: 0.12 | BK6: 0.07 | BL6: 0.07 | BM6: 0.07 | BN6: 0.07 | BO6: 0.07 | BP6: 0.07 | BQ6: 0.12 | BR6: 0.12 | BS6: 0.07 | BT6: 0.07 | BU6: 0.07 | BV6: 0.12 | BW6: 0.12 | BX6: 0.07 | BY6: 0.18 | BZ6: 0.07 | CA6: N/A | CB6: PMC | CC6: N/A | CD6: PMC | CE6: PMC | CF6: N/A | CG6: N/A | CH6: PMC | CI6: N/A | CJ6: PMC | CK6: PMC | CL6: PMC | CM6: PMC | CN6: N/A | CO6: N/A | CP6: PMC | CQ6: N/A | CR6: N/A | CS6: PMC | CT6: N/A | CU6: N/A | CV6: N/A | CW6: N/A | CX6: N/A | CY6: N/A | CZ6: N/A | DA6: N/A | DB6: N/A | DC6: PMC | DD6: N/A | DE6: PMC | DF6: PMC | DG6: N/A | DH6: N/A | DI6: PMC | DJ6: N/A | DK6: PMC | DL6: PMC | DM6: PMC | DN6: PMC | DO6: N/A | DP6: N/A | DQ6: PMC | DR6: N/A | DS6: N/A | DT6: PMC | DU6: N/A | DV6: N/A | DW6: N/A | DX6: N/A | DY6: N/A | DZ6: N/A | EA6: N/A | EB6: N/A | EC6: N/A | ED6: PMC | EE6: N/A | EF6: PMC | EG6: PMC | EH6: N/A | EI6: N/A | EJ6: PMC | EK6: N/A | EL6: PMC | EM6: PMC | EN6: PMC | EO6: PMC | EP6: N/A | EQ6: N/A | ER6: PMC | ES6: N/A | ET6: N/A | EU6: PMC | EV6: N/A | EW6: N/A | EX6: N/A | EY6: N/A | EZ6: N/A | FA6: N/A | FB6: N/A | FC6: N/A | FD6: 0.12903226 | FE6: 0.14516129 | FF6: 0.13978495 | FG6: 0.11827957 | FH6: 0.14516129 | FI6: 0.13978495 | FJ6: 0.10752688 | FK6: 0.10752688 | FL6: 0.12903226 | FM6: 0.17204301 | FN6: 0.068181818 | FO6: 0.10752688 | FP6: 0.10752688 | FQ6: 0.12903226 | FR6: 0.13978495 | FS6: 0.14516129 | FT6: 0.16666667 | FU6: 0.085227273 | FV6: 0.11363636 | FW6: 0.13978495 | FX6: 0.1344086 | FY6: 0.13978495 | FZ6: 0.056818182 | GA6: 0.056818182 | GB6: 0.13978495 | GC6: 0 | GD6: 0.13978495 | GE6: 9.6379681 | GF6: 9.8198154 | GG6: 9.7584396 | GH6: 9.5204289 | GI6: 9.8198154 | GJ6: 9.7584396 | GK6: 9.4057267 | GL6: 9.4057267 | GM6: 9.6379681 | GN6: 10.138638 | GO6: 9.5204289 | GP6: 9.4057267 | GQ6: 9.4057267 | GR6: 9.6379681 | GS6: 9.7584396 | GT6: 9.8198154 | GU6: 10.073233 | GV6: 9.6978313 | GW6: 10.008656 | GX6: 9.7584396 | GY6: 9.6978313 | GZ6: 9.7584396 | HA6: 9.4057267 | HB6: 9.4057267 | HC6: 9.7584396 | HD6: 9.5204289 | HE6: 9.7584396 | HF6: 13.323925 | HG6: 13.575319 | HH6: 13.49047 | HI6: 13.161434 | HJ6: 13.575319 | HK6: 13.49047 | HL6: 13.002865 | HM6: 13.002865 | HN6: 13.323925 | HO6: 14.016072 | HP6: 13.161434 | HQ6: 13.002865 | HR6: 13.002865 | HS6: 13.323925 | HT6: 13.49047 | HU6: 13.575319 | HV6: 13.925653 | HW6: 13.406683 | HX6: 13.836379 | HY6: 13.49047 | HZ6: 13.406683 | IA6: 13.49047 | IB6: 13.002865 | IC6: 13.002865 | ID6: 13.49047 | IE6: 13.161434 | IF6: 13.49047 | IG6: 0 | IH6: 0.053763441 | II6: 0.10752688 | IJ6: 0.11290323 | IK6: 0.11827957 | IL6: 0.12903226 | IM6: 0.1344086 | IN6: 0.13978495 | IO6: 0.14516129 | IP6: 0.15053763 | IQ6: 0.16129032 | IR6: 0.16666667 | IS6: 0.17204301 | IT6: 0.053763441 | IU6: 0.10752688 | IV6: 0.11290323 | IW6: 0.11827957 | IX6: 0.12903226 | IY6: 0.1344086 | IZ6: 0.13978495 | JA6: 0.15053763 | JB6: 0.16129032 | JC6: 7.8067517 | JD6: 8.871307 | JE6: 9.4057267 | JF6: 9.4627256 | JG6: 9.5204289 | JH6: 9.6379681 | JI6: 9.6978313 | JJ6: 9.7584396 | JK6: 9.8198154 | JL6: 9.8819672 | JM6: 10.008656 | JN6: 10.073233 | JO6: 10.138638 | JP6: 8.871307 | JQ6: 9.4057267 | JR6: 9.4627256 | JS6: 9.5204289 | JT6: 9.6379681 | JU6: 9.6978313 | JV6: 9.7584396 | JW6: 9.8819672 | JX6: 10.008656 | JY6: 10.792376 | JZ6: 12.264061 | KA6: 13.002865 | KB6: 13.081663 | KC6: 13.161434 | KD6: 13.323925 | KE6: 13.406683 | KF6: 13.49047 | KG6: 13.575319 | KH6: 13.66124 | KI6: 13.836379 | KJ6: 13.925653 | KK6: 14.016072 | KL6: 12.264061 | KM6: 13.002865 | KN6: 13.081663 | KO6: 13.161434 | KP6: 13.323925 | KQ6: 13.406683 | KR6: 13.49047 | KS6: 13.66124 | KT6: 13.836379 | LE6: 0.068181818 | LL6: 0.085227273 | LM6: 0.11363636 | LQ6: 0.056818182 | LR6: 0.056818182 | LT6: 0 | NZ6: 0.08 | OA6: 7.7228106 | OB6: 7.7228097 | OC6: 7.7228081 | OD6: 7.7228081 | OE6: 7.7228097 | OF6: 7.7228081 | OG6: 7.7228096 | OH6: 7.7228096 | OI6: 7.7228106 | OJ6: 7.7228076 | OK6: 8.161604 | OL6: 7.7228096 | OM6: 7.7228096 | ON6: 7.7228106 | OO6: 7.7228081 | OP6: 7.7228097 | OQ6: 7.7228116 | OR6: 8.1616067 | OS6: 8.1616036 | OT6: 7.7228081 | OU6: 7.7228106 | OV6: 7.7228081 | OW6: 8.1616056 | OX6: 8.1616056 | OY6: 7.7228081 | OZ6: 8.7587946 | PA6: 7.7228081 | PB6: 0 | PC6: 0 | PD6: 0 | PE6: 0 | PF6: 0 | PG6: 0 | PH6: 0 | PI6: 0 | PJ6: 0 | PK6: 0 | PL6: 0 | PM6: 0 | PN6: 0 | PO6: 0 | PP6: 0 | PQ6: 0 | PR6: 0 | PS6: 0 | PT6: 0 | PU6: 0 | PV6: 0 | PW6: 0 | PX6: 0 | PY6: 0 | PZ6: 0 | QA6: 0 | QB6: 0 | QC6: 0 | QD6: 0 | QE6: 0 | QF6: 0 | QG6: 0 | QH6: 0 | QI6: 0 | QJ6: 0 | QK6: 0 | QL6: 0 | QM6: 0 | QN6: 0 | QO6: 0 | QP6: 0 | QQ6: 0 | QR6: 0 | QS6: 0 | QT6: 0 | QU6: 0 | QV6: 0 | QW6: 0 | QX6: 0 | QY6: 0 | QZ6: 0 | RA6: 0 | RB6: 0 | RC6: 0 | RD6: 7.7228106 | RE6: 7.7228097 | RF6: 7.7228081 | RG6: 7.7228081 | RH6: 7.7228097 | RI6: 7.7228081 | RJ6: 7.7228096 | RK6: 7.7228096 | RL6: 7.7228106 | RM6: 7.7228076 | RN6: 8.161604 | RO6: 7.7228096 | RP6: 7.7228096 | RQ6: 7.7228106 | RR6: 7.7228081 | RS6: 7.7228097 | RT6: 7.7228116 | RU6: 8.1616067 | RV6: 8.1616036 | RW6: 7.7228081 | RX6: 7.7228106 | RY6: 7.7228081 | RZ6: 8.1616056 | SA6: 8.1616056 | SB6: 7.7228081 | SC6: 8.7587946 | SD6: 7.7228081 | SE6: 7.8067541 | SF6: 7.8067532 | SG6: 7.8067517 | SH6: 7.8067517 | SI6: 7.8067532 | SJ6: 7.8067517 | SK6: 7.8067532 | SL6: 7.8067532 | SM6: 7.8067541 | SN6: 7.8067512 | SO6: 7.8067517 | SP6: 7.8067532 | SQ6: 7.8067532 | SR6: 7.8067541 | SS6: 7.8067517 | ST6: 7.8067532 | SU6: 7.8067552 | SV6: 7.8067542 | SW6: 7.8067513 | SX6: 7.8067517 | SY6: 7.8067542 | SZ6: 7.8067517 | TA6: 7.8067532 | TB6: 7.8067532 | TC6: 7.8067517 | TD6: 7.8067517 | TE6: 7.8067517
A7: S | B7: CIRÚRGICA | C7: 100185949 | D7: MYDRIACYL 5ML | E7: SP | F7: 7896548112229 | G7: 60 | H7: EFFHD00 | I7: 1006811070012 | J7: S1F - MIDRIÁTICOS E CICLOPLÉGICOS | K7: Regulado | L7: Referencia | M7: Negativa | N7: 3004.90.69 | O7: 13.001.01 | P7: 5 | Q7: Nacional | R7: Monofásico | S7: 0 | T7: 0 | U7: 19.65 | V7: 0 | W7: 0 | Y7: 0.19 | Z7: 0.205 | AA7: 0.2 | AB7: 0.18 | AC7: 0.205 | AD7: 0.2 | AE7: 0.17 | AF7: 0.17 | AG7: 0.19 | AH7: 0.23 | AI7: 0.18 | AJ7: 0.17 | AK7: 0.17 | AL7: 0.19 | AM7: 0.2 | AN7: 0.205 | AO7: 0.225 | AP7: 0.195 | AQ7: 0.22 | AR7: 0.2 | AS7: 0.195 | AT7: 0.2 | AU7: 0.17 | AV7: 0.17 | AW7: 0.2 | AX7: 0.18 | AY7: 0.2 | AZ7: 0.07 | BA7: 0.07 | BB7: 0.07 | BC7: 0.07 | BD7: 0.07 | BE7: 0.07 | BF7: 0.07 | BG7: 0.07 | BH7: 0.07 | BI7: 0.07 | BJ7: 0.12 | BK7: 0.07 | BL7: 0.07 | BM7: 0.07 | BN7: 0.07 | BO7: 0.07 | BP7: 0.07 | BQ7: 0.12 | BR7: 0.12 | BS7: 0.07 | BT7: 0.07 | BU7: 0.07 | BV7: 0.12 | BW7: 0.12 | BX7: 0.07 | BY7: 0.18 | BZ7: 0.07 | CA7: N/A | CB7: PMC | CC7: N/A | CD7: PMC | CE7: PMC | CF7: N/A | CG7: N/A | CH7: PMC | CI7: N/A | CJ7: PMC | CK7: PMC | CL7: PMC | CM7: PMC | CN7: N/A | CO7: N/A | CP7: PMC | CQ7: N/A | CR7: N/A | CS7: PMC | CT7: N/A | CU7: N/A | CV7: N/A | CW7: N/A | CX7: N/A | CY7: N/A | CZ7: N/A | DA7: N/A | DB7: N/A | DC7: PMC | DD7: N/A | DE7: PMC | DF7: PMC | DG7: N/A | DH7: N/A | DI7: PMC | DJ7: N/A | DK7: PMC | DL7: PMC | DM7: PMC | DN7: PMC | DO7: N/A | DP7: N/A | DQ7: PMC | DR7: N/A | DS7: N/A | DT7: PMC | DU7: N/A | DV7: N/A | DW7: N/A | DX7: N/A | DY7: N/A | DZ7: N/A | EA7: N/A | EB7: N/A | EC7: N/A | ED7: PMC | EE7: N/A | EF7: PMC | EG7: PMC | EH7: N/A | EI7: N/A | EJ7: PMC | EK7: N/A | EL7: PMC | EM7: PMC | EN7: PMC | EO7: PMC | EP7: N/A | EQ7: N/A | ER7: PMC | ES7: N/A | ET7: N/A | EU7: PMC | EV7: N/A | EW7: N/A | EX7: N/A | EY7: N/A | EZ7: N/A | FA7: N/A | FB7: N/A | FC7: N/A | FD7: 0.12903226 | FE7: 0.14516129 | FF7: 0.13978495 | FG7: 0.11827957 | FH7: 0.14516129 | FI7: 0.13978495 | FJ7: 0.10752688 | FK7: 0.10752688 | FL7: 0.12903226 | FM7: 0.17204301 | FN7: 0.068181818 | FO7: 0.10752688 | FP7: 0.10752688 | FQ7: 0.12903226 | FR7: 0.13978495 | FS7: 0.14516129 | FT7: 0.16666667 | FU7: 0.085227273 | FV7: 0.11363636 | FW7: 0.13978495 | FX7: 0.1344086 | FY7: 0.13978495 | FZ7: 0.056818182 | GA7: 0.056818182 | GB7: 0.13978495 | GC7: 0 | GD7: 0.13978495 | GE7: 17.146469 | GF7: 17.469989 | GG7: 17.360794 | GH7: 16.93736 | GI7: 17.469989 | GJ7: 17.360794 | GK7: 16.733299 | GL7: 16.733299 | GM7: 17.146469 | GN7: 18.037187 | GO7: 16.93736 | GP7: 16.733299 | GQ7: 16.733299 | GR7: 17.146469 | GS7: 17.360794 | GT7: 17.469989 | GU7: 17.920828 | GV7: 17.252971 | GW7: 17.805942 | GX7: 17.360794 | GY7: 17.252971 | GZ7: 17.360794 | HA7: 16.733299 | HB7: 16.733299 | HC7: 17.360794 | HD7: 16.93736 | HE7: 17.360794 | HF7: 23.001377 | HG7: 23.435368 | HH7: 23.288887 | HI7: 22.720865 | HJ7: 23.435368 | HK7: 23.288887 | HL7: 22.447124 | HM7: 22.447124 | HN7: 23.001377 | HO7: 24.196245 | HP7: 22.720865 | HQ7: 22.447124 | HR7: 22.447124 | HS7: 23.001377 | HT7: 23.288887 | HU7: 23.435368 | HV7: 24.040152 | HW7: 23.144246 | HX7: 23.886037 | HY7: 23.288887 | HZ7: 23.144246 | IA7: 23.288887 | IB7: 22.447124 | IC7: 22.447124 | ID7: 23.288887 | IE7: 22.720865 | IF7: 23.288887 | IG7: 0 | IH7: 0.053763441 | II7: 0.10752688 | IJ7: 0.11290323 | IK7: 0.11827957 | IL7: 0.12903226 | IM7: 0.1344086 | IN7: 0.13978495 | IO7: 0.14516129 | IP7: 0.15053763 | IQ7: 0.16129032 | IR7: 0.16666667 | IS7: 0.17204301 | IT7: 0.053763441 | IU7: 0.10752688 | IV7: 0.11290323 | IW7: 0.11827957 | IX7: 0.12903226 | IY7: 0.1344086 | IZ7: 0.13978495 | JA7: 0.15053763 | JB7: 0.16129032 | JC7: 13.888635 | JD7: 15.782537 | JE7: 16.733299 | JF7: 16.834703 | JG7: 16.93736 | JH7: 17.146469 | JI7: 17.252971 | JJ7: 17.360794 | JK7: 17.469989 | JL7: 17.580556 | JM7: 17.805942 | JN7: 17.920828 | JO7: 18.037187 | JP7: 14.091545 | JQ7: 14.940445 | JR7: 15.030992 | JS7: 15.12264 | JT7: 15.309341 | JU7: 15.404427 | JV7: 15.500699 | JW7: 15.696919 | JX7: 15.898151 | JY7: 18.63111 | JZ7: 21.171711 | KA7: 22.447124 | KB7: 22.583154 | KC7: 22.720865 | KD7: 23.001377 | KE7: 23.144246 | KF7: 23.288887 | KG7: 23.435368 | KH7: 23.58369 | KI7: 23.886037 | KJ7: 24.040152 | KK7: 24.196245 | KL7: 19.480734 | KM7: 20.654289 | KN7: 20.779465 | KO7: 20.906163 | KP7: 21.164266 | KQ7: 21.295717 | KR7: 21.428807 | KS7: 21.700069 | KT7: 21.978262 | LE7: 0.068181818 | LL7: 0.085227273 | LM7: 0.11363636 | LQ7: 0.056818182 | LR7: 0.056818182 | LT7: 0 | NZ7: 0.08 | OA7: 13.739299 | OB7: 13.739301 | OC7: 13.739295 | OD7: 13.739295 | OE7: 13.739301 | OF7: 13.739295 | OG7: 13.739298 | OH7: 13.739298 | OI7: 13.739299 | OJ7: 13.739294 | OK7: 14.519937 | OL7: 13.739298 | OM7: 13.739298 | ON7: 13.739299 | OO7: 13.739295 | OP7: 13.739301 | OQ7: 13.739301 | OR7: 14.519943 | OS7: 14.519936 | OT7: 13.739295 | OU7: 13.739301 | OV7: 13.739295 | OW7: 14.51994 | OX7: 14.51994 | OY7: 13.739295 | OZ7: 15.582371 | PA7: 13.739295 | PB7: 0 | PC7: 0 | PD7: 0 | PE7: 0 | PF7: 0 | PG7: 0 | PH7: 0 | PI7: 0 | PJ7: 0 | PK7: 0 | PL7: 0 | PM7: 0 | PN7: 0 | PO7: 0 | PP7: 0 | PQ7: 0 | PR7: 0 | PS7: 0 | PT7: 0 | PU7: 0 | PV7: 0 | PW7: 0 | PX7: 0 | PY7: 0 | PZ7: 0 | QA7: 0 | QB7: 0 | QC7: 0 | QD7: 0 | QE7: 0 | QF7: 0 | QG7: 0 | QH7: 0 | QI7: 0 | QJ7: 0 | QK7: 0 | QL7: 0 | QM7: 0 | QN7: 0 | QO7: 0 | QP7: 0 | QQ7: 0 | QR7: 0 | QS7: 0 | QT7: 0 | QU7: 0 | QV7: 0 | QW7: 0 | QX7: 0 | QY7: 0 | QZ7: 0 | RA7: 0 | RB7: 0 | RC7: 0 | RD7: 13.739299 | RE7: 13.739301 | RF7: 13.739295 | RG7: 13.739295 | RH7: 13.739301 | RI7: 13.739295 | RJ7: 13.739298 | RK7: 13.739298 | RL7: 13.739299 | RM7: 13.739294 | RN7: 14.519937 | RO7: 13.739298 | RP7: 13.739298 | RQ7: 13.739299 | RR7: 13.739295 | RS7: 13.739301 | RT7: 13.739301 | RU7: 14.519943 | RV7: 14.519936 | RW7: 13.739295 | RX7: 13.739301 | RY7: 13.739295 | RZ7: 14.51994 | SA7: 14.51994 | SB7: 13.739295 | SC7: 15.582371 | SD7: 13.739295 | SE7: 13.88864 | SF7: 13.888641 | SG7: 13.888635 | SH7: 13.888635 | SI7: 13.888641 | SJ7: 13.888635 | SK7: 13.888638 | SL7: 13.888638 | SM7: 13.88864 | SN7: 13.888634 | SO7: 13.888635 | SP7: 13.888638 | SQ7: 13.888638 | SR7: 13.88864 | SS7: 13.888635 | ST7: 13.888641 | SU7: 13.888642 | SV7: 13.888641 | SW7: 13.888635 | SX7: 13.888635 | SY7: 13.888641 | SZ7: 13.888635 | TA7: 13.888638 | TB7: 13.888638 | TC7: 13.888635 | TD7: 13.888635 | TE7: 13.888635
A8: N | B8: CLC | C8: 100101086 | D8: OF REPLENISH PROMOCIONAL (300ML + 120ML) | E8: SP | F8: 0300650356459 | G8: 12 | H8: EKBLF00 | I8: --- | J8: --- | K8: --- | L8: --- | M8: Negativa | N8: 3307.90.00 | O8: 20.033.00 | P8: 1 | Q8: Importado | R8: Monofásico | S8: 0.125 | T8: 0.078 | U8: N/A | V8: 0.3333 | W8: 0 | Y8: 0.19 | Z8: 0.27 | AA8: 0.2 | AB8: 0.29 | AC8: 0.205 | AD8: 0.2 | AE8: 0.2 | AF8: 0.17 | AG8: 0.21 | AH8: 0.23 | AI8: 0.27 | AJ8: 0.17 | AK8: 0.17 | AL8: 0.19 | AM8: 0.2 | AN8: 0.205 | AO8: 0.27 | AP8: 0.25 | AQ8: 0.22 | AR8: 0.2 | AS8: 0.25 | AT8: 0.2 | AU8: 0.27 | AV8: 0.25 | AW8: 0.26 | AX8: 0.18 | AY8: 0.2 | AZ8: 0.04 | BA8: 0.04 | BB8: 0.04 | BC8: 0.04 | BD8: 0.04 | BE8: 0.04 | BF8: 0.04 | BG8: 0.04 | BH8: 0.04 | BI8: 0.04 | BJ8: 0.04 | BK8: 0.04 | BL8: 0.04 | BM8: 0.04 | BN8: 0.04 | BO8: 0.04 | BP8: 0.04 | BQ8: 0.04 | BR8: 0.04 | BS8: 0.04 | BT8: 0.04 | BU8: 0.04 | BV8: 0.04 | BW8: 0.04 | BX8: 0.04 | BY8: 0.18 | BZ8: 0.04 | CA8: N/A | CB8: 0.27 | CC8: N/A | CD8: 0.29 | CE8: N/A | CF8: N/A | CG8: N/A | CH8: N/A | CI8: N/A | CJ8: N/A | CK8: 0.27 | CL8: N/A | CM8: 0.17 | CN8: N/A | CO8: N/A | CP8: N/A | CQ8: N/A | CR8: 0.25 | CS8: 0.14 | CT8: N/A | CU8: N/A | CV8: N/A | CW8: 0.12 | CX8: N/A | CY8: N/A | CZ8: 0.18 | DA8: N/A | DB8: N/A | DC8: 0.4077 | DD8: N/A | DE8: 0.51 | DF8: N/A | DG8: N/A | DH8: N/A | DI8: N/A | DJ8: N/A | DK8: N/A | DL8: 0.45 | DM8: N/A | DN8: 0.5964 | DO8: N/A | DP8: N/A | DQ8: N/A | DR8: N/A | DS8: 0.2744 | DT8: 0.3917 | DU8: N/A | DV8: N/A | DW8: N/A | DX8: 0.5964 | DY8: N/A | DZ8: N/A | EA8: 0.6593 | EB8: N/A | EC8: N/A | ED8: 0.85122192 | EE8: N/A | EF8: 1.0416901 | EG8: N/A | EH8: N/A | EI8: N/A | EJ8: N/A | EK8: N/A | EL8: N/A | EM8: 0.90684932 | EN8: N/A | EO8: 0.5964 | EP8: N/A | EQ8: N/A | ER8: N/A | ES8: N/A | ET8: 0.631232 | EU8: 0.55352558 | EV8: N/A | EW8: N/A | EX8: N/A | EY8: 0.74152727 | EZ8: N/A | FA8: N/A | FB8: 0.6593 | FC8: N/A | FD8: 0.15625 | FE8: 0.171875 | FF8: 0.16666667 | FG8: 0.14583333 | FH8: 0.171875 | FI8: 0.16666667 | FJ8: 0.13541667 | FK8: 0.13541667 | FL8: 0.15625 | FM8: 0.19791667 | FN8: 0.14583333 | FO8: 0.13541667 | FP8: 0.13541667 | FQ8: 0.15625 | FR8: 0.16666667 | FS8: 0.171875 | FT8: 0.19270833 | FU8: 0.16145833 | FV8: 0.1875 | FW8: 0.16666667 | FX8: 0.16145833 | FY8: 0.16666667 | FZ8: 0.13541667 | GA8: 0.13541667 | GB8: 0.16666667 | GC8: 0 | GD8: 0.16666667 | GE8: 91.994198 | GF8: 94.006393 | GG8: 93.325946 | GH8: 90.7 | GI8: 94.006393 | GJ8: 93.325946 | GK8: 93.325946 | GL8: 89.44181 | GM8: 94.696877 | GN8: 97.563541 | GO8: 90.7 | GP8: 89.44181 | GQ8: 89.44181 | GR8: 91.994198 | GS8: 93.325946 | GT8: 94.006393 | GU8: 96.830685 | GV8: 92.65522 | GW8: 96.108804 | GX8: 93.325946 | GY8: 92.65522 | GZ8: 93.325946 | HA8: 89.44181 | HB8: 89.44181 | HC8: 93.325946 | HD8: 90.7 | HE8: 93.325946 | HF8: N/A | HG8: N/A | HH8: N/A | HI8: N/A | HJ8: N/A | HK8: N/A | HL8: N/A | HM8: N/A | HN8: N/A | HO8: N/A | HP8: N/A | HQ8: N/A | HR8: N/A | HS8: N/A | HT8: N/A | HU8: N/A | HV8: N/A | HW8: N/A | HX8: N/A | HY8: N/A | HZ8: N/A | IA8: N/A | IB8: N/A | IC8: N/A | ID8: N/A | IE8: N/A | IF8: N/A | IG8: 0 | IH8: 0.083333333 | II8: 0.13541667 | IJ8: 0.140625 | IK8: 0.14583333 | IL8: 0.15625 | IM8: 0.16145833 | IN8: 0.16666667 | IO8: 0.171875 | IP8: 0.17708333 | IQ8: 0.1875 | IR8: 0.19270833 | IS8: 0.19791667 | IT8: 0.083333333 | IU8: 0.13541667 | IV8: 0.140625 | IW8: 0.14583333 | IX8: 0.15625 | IY8: 0.16145833 | IZ8: 0.16666667 | JA8: 0.17708333 | JB8: 0.1875 | JC8: 72.37987 | JD8: 83.641272 | JE8: 89.44181 | JF8: 90.066461 | JG8: 90.7 | JH8: 91.994198 | JI8: 92.65522 | JJ8: 93.325946 | JK8: 94.006393 | JL8: 94.696877 | JM8: 96.108804 | JN8: 96.830685 | JO8: 97.563541 | JP8: 73.437341 | JQ8: 77.861234 | JR8: 78.333146 | JS8: 78.810772 | JT8: 79.783802 | JU8: 80.279296 | JV8: 80.781048 | JW8: 81.8036 | JX8: 82.852364 | JY8: N/A | JZ8: N/A | KA8: N/A | KB8: N/A | KC8: N/A | KD8: N/A | KE8: N/A | KF8: N/A | KG8: N/A | KH8: N/A | KI8: N/A | KJ8: N/A | KK8: N/A | KL8: N/A | KM8: N/A | KN8: N/A | KO8: N/A | KP8: N/A | KQ8: N/A | KR8: N/A | KS8: 113.08868 | KT8: 114.53853 | KV8: 0.171875 | KX8: 0.14583333 | LA8: 0.13541667 | LC8: 0.15625 | LE8: 0.14583333 | LK8: 0.19270833 | LL8: 0.16145833 | LM8: 0.1875 | LO8: 0.16145833 | LQ8: 0.13541667 | LR8: 0.13541667 | LS8: 0.16666667 | LT8: 0 | LW8: 94.006393 | LY8: 90.7 | MB8: 93.325946 | MD8: 94.696877 | MF8: 90.7 | ML8: 96.830685 | MM8: 92.65522 | MP8: 92.65522 | MR8: 89.44181 | MS8: 89.44181 | MT8: 93.325946 | MX8: N/A | MZ8: N/A | NC8: N/A | NE8: N/A | NG8: N/A | NM8: N/A | NN8: N/A | NQ8: N/A | NS8: N/A | NT8: N/A | NU8: N/A | NZ8: 0.34 | OA8: 51.229269 | OB8: 51.380369 | OC8: 51.329271 | OD8: 51.132125 | OE8: 51.380369 | OF8: 51.329271 | OG8: 53.254118 | OH8: 51.037733 | OI8: 52.734323 | OJ8: 51.6477 | OK8: 51.132125 | OL8: 51.037733 | OM8: 51.037733 | ON8: 51.229269 | OO8: 51.329271 | OP8: 51.380369 | OQ8: 51.592599 | OR8: 51.278873 | OS8: 51.538346 | OT8: 51.329271 | OU8: 51.278873 | OV8: 51.329271 | OW8: 51.037733 | OX8: 51.037733 | OY8: 51.329271 | OZ8: 59.862 | PA8: 51.329271 | PB8: 3.995883 | PC8: 4.0076688 | PD8: 4.0036831 | PE8: 3.9883058 | PF8: 4.0076688 | PG8: 4.0036831 | PH8: 4.1538212 | PI8: 3.9809431 | PJ8: 4.1132772 | PK8: 4.0285206 | PL8: 3.9883058 | PM8: 3.9809431 | PN8: 3.9809431 | PO8: 3.995883 | PP8: 4.0036831 | PQ8: 4.0076688 | PR8: 4.0242228 | PS8: 3.9997521 | PT8: 4.019991 | PU8: 4.0036831 | PV8: 3.9997521 | PW8: 4.0036831 | PX8: 3.9809431 | PY8: 3.9809431 | PZ8: 4.0036831 | QA8: 4.669236 | QB8: 4.0036831 | QC8: 0 | QD8: 25.629384 | QE8: 0 | QF8: 30.590979 | QG8: 0 | QH8: 0 | QI8: 0 | QJ8: 0 | QK8: 0 | QL8: 0 | QM8: 26.333431 | QN8: 0 | QO8: 12.889899 | QP8: 0 | QQ8: 0 | QR8: 0 | QS8: 0 | QT8: 20.491911 | QU8: 10.022048 | QV8: 0 | QW8: 0 | QX8: 0 | QY8: 9.4564736 | QZ8: 0 | RA8: 0 | RB8: 8.4986424 | RC8: 0 | RD8: 55.225152 | RE8: 81.017422 | RF8: 55.332954 | RG8: 85.711409 | RH8: 55.388038 | RI8: 55.332954 | RJ8: 57.407939 | RK8: 55.018676 | RL8: 56.847601 | RM8: 55.67622 | RN8: 81.453862 | RO8: 55.018676 | RP8: 67.908575 | RQ8: 55.225152 | RR8: 55.332954 | RS8: 55.388038 | RT8: 55.616822 | RU8: 75.770536 | RV8: 65.580385 | RW8: 55.332954 | RX8: 55.278625 | RY8: 55.332954 | RZ8: 64.475149 | SA8: 55.018676 | SB8: 55.332954 | SC8: 73.029878 | SD8: 55.332954 | SE8: 74.515301 | SF8: 74.735082 | SG8: 74.660757 | SH8: 74.374 | SI8: 74.735082 | SJ8: 74.660757 | SK8: 77.460536 | SL8: 74.236702 | SM8: 76.70447 | SN8: 75.123927 | SO8: 74.374 | SP8: 74.236702 | SQ8: 74.236702 | SR8: 74.515301 | SS8: 74.660757 | ST8: 74.735082 | SU8: 75.043781 | SV8: 74.587452 | SW8: 74.964867 | SX8: 74.660757 | SY8: 74.587452 | SZ8: 74.660757 | TA8: 74.236702 | TB8: 74.236702 | TC8: 74.660757 | TD8: 74.374 | TE8: 74.660757
A9: S | B9: CLC | C9: 100101258 | D9: OF PUREMOIST PROMOCIONAL (300ML + 120ML) | E9: SP | F9: 0300651361070 | G9: 12 | H9: EKBMB00 | I9: --- | J9: --- | K9: --- | L9: --- | M9: Negativa | N9: 3307.90.00 | O9: 20.033.00 | P9: 1 | Q9: Importado | R9: Monofásico | S9: 0.125 | T9: 0.078 | U9: N/A | V9: 0.3333 | W9: 0 | Y9: 0.19 | Z9: 0.27 | AA9: 0.2 | AB9: 0.29 | AC9: 0.205 | AD9: 0.2 | AE9: 0.2 | AF9: 0.17 | AG9: 0.21 | AH9: 0.23 | AI9: 0.27 | AJ9: 0.17 | AK9: 0.17 | AL9: 0.19 | AM9: 0.2 | AN9: 0.205 | AO9: 0.27 | AP9: 0.25 | AQ9: 0.22 | AR9: 0.2 | AS9: 0.25 | AT9: 0.2 | AU9: 0.27 | AV9: 0.25 | AW9: 0.26 | AX9: 0.18 | AY9: 0.2 | AZ9: 0.04 | BA9: 0.04 | BB9: 0.04 | BC9: 0.04 | BD9: 0.04 | BE9: 0.04 | BF9: 0.04 | BG9: 0.04 | BH9: 0.04 | BI9: 0.04 | BJ9: 0.04 | BK9: 0.04 | BL9: 0.04 | BM9: 0.04 | BN9: 0.04 | BO9: 0.04 | BP9: 0.04 | BQ9: 0.04 | BR9: 0.04 | BS9: 0.04 | BT9: 0.04 | BU9: 0.04 | BV9: 0.04 | BW9: 0.04 | BX9: 0.04 | BY9: 0.18 | BZ9: 0.04 | CA9: N/A | CB9: 0.27 | CC9: N/A | CD9: 0.29 | CE9: N/A | CF9: N/A | CG9: N/A | CH9: N/A | CI9: N/A | CJ9: N/A | CK9: 0.27 | CL9: N/A | CM9: 0.17 | CN9: N/A | CO9: N/A | CP9: N/A | CQ9: N/A | CR9: 0.25 | CS9: 0.14 | CT9: N/A | CU9: N/A | CV9: N/A | CW9: 0.12 | CX9: N/A | CY9: N/A | CZ9: 0.18 | DA9: N/A | DB9: N/A | DC9: 0.4077 | DD9: N/A | DE9: 0.51 | DF9: N/A | DG9: N/A | DH9: N/A | DI9: N/A | DJ9: N/A | DK9: N/A | DL9: 0.45 | DM9: N/A | DN9: 0.5964 | DO9: N/A | DP9: N/A | DQ9: N/A | DR9: N/A | DS9: 0.2744 | DT9: 0.3917 | DU9: N/A | DV9: N/A | DW9: N/A | DX9: 0.5964 | DY9: N/A | DZ9: N/A | EA9: 0.6593 | EB9: N/A | EC9: N/A | ED9: 0.85122192 | EE9: N/A | EF9: 1.0416901 | EG9: N/A | EH9: N/A | EI9: N/A | EJ9: N/A | EK9: N/A | EL9: N/A | EM9: 0.90684932 | EN9: N/A | EO9: 0.5964 | EP9: N/A | EQ9: N/A | ER9: N/A | ES9: N/A | ET9: 0.631232 | EU9: 0.55352558 | EV9: N/A | EW9: N/A | EX9: N/A | EY9: 0.74152727 | EZ9: N/A | FA9: N/A | FB9: 0.6593 | FC9: N/A | FD9: 0.15625 | FE9: 0.171875 | FF9: 0.16666667 | FG9: 0.14583333 | FH9: 0.171875 | FI9: 0.16666667 | FJ9: 0.13541667 | FK9: 0.13541667 | FL9: 0.15625 | FM9: 0.19791667 | FN9: 0.14583333 | FO9: 0.13541667 | FP9: 0.13541667 | FQ9: 0.15625 | FR9: 0.16666667 | FS9: 0.171875 | FT9: 0.19270833 | FU9: 0.16145833 | FV9: 0.1875 | FW9: 0.16666667 | FX9: 0.16145833 | FY9: 0.16666667 | FZ9: 0.13541667 | GA9: 0.13541667 | GB9: 0.16666667 | GC9: 0 | GD9: 0.16666667 | GE9: 91.760916 | GF9: 93.768008 | GG9: 93.089287 | GH9: 90.47 | GI9: 93.768008 | GJ9: 93.089287 | GK9: 93.089287 | GL9: 89.215 | GM9: 94.456741 | GN9: 97.316136 | GO9: 90.47 | GP9: 89.215 | GQ9: 89.215 | GR9: 91.760916 | GS9: 93.089287 | GT9: 93.768008 | GU9: 96.585139 | GV9: 92.420262 | GW9: 95.865088 | GX9: 93.089287 | GY9: 92.420262 | GZ9: 93.089287 | HA9: 89.215 | HB9: 89.215 | HC9: 93.089287 | HD9: 90.47 | HE9: 93.089287 | HF9: N/A | HG9: N/A | HH9: N/A | HI9: N/A | HJ9: N/A | HK9: N/A | HL9: N/A | HM9: N/A | HN9: N/A | HO9: N/A | HP9: N/A | HQ9: N/A | HR9: N/A | HS9: N/A | HT9: N/A | HU9: N/A | HV9: N/A | HW9: N/A | HX9: N/A | HY9: N/A | HZ9: N/A | IA9: N/A | IB9: N/A | IC9: N/A | ID9: N/A | IE9: N/A | IF9: N/A | IG9: 0 | IH9: 0.083333333 | II9: 0.13541667 | IJ9: 0.140625 | IK9: 0.14583333 | IL9: 0.15625 | IM9: 0.16145833 | IN9: 0.16666667 | IO9: 0.171875 | IP9: 0.17708333 | IQ9: 0.1875 | IR9: 0.19270833 | IS9: 0.19791667 | IT9: 0.083333333 | IU9: 0.13541667 | IV9: 0.140625 | IW9: 0.14583333 | IX9: 0.15625 | IY9: 0.16145833 | IZ9: 0.16666667 | JA9: 0.17708333 | JB9: 0.1875 | JC9: 72.196327 | JD9: 83.429172 | JE9: 89.215 | JF9: 89.838067 | JG9: 90.47 | JH9: 91.760916 | JI9: 92.420262 | JJ9: 93.089287 | JK9: 93.768008 | JL9: 94.456741 | JM9: 95.865088 | JN9: 96.585139 | JO9: 97.316136 | JP9: 73.251116 | JQ9: 77.663791 | JR9: 78.134506 | JS9: 78.610921 | JT9: 79.581483 | JU9: 80.075721 | JV9: 80.576201 | JW9: 81.59616 | JX9: 82.642264 | JY9: N/A | JZ9: N/A | KA9: N/A | KB9: N/A | KC9: N/A | KD9: N/A | KE9: N/A | KF9: N/A | KG9: N/A | KH9: N/A | KI9: N/A | KJ9: N/A | KK9: N/A | KL9: N/A | KM9: N/A | KN9: N/A | KO9: N/A | KP9: N/A | KQ9: N/A | KR9: N/A | KS9: 112.8019 | KT9: 114.24808 | KV9: 0.171875 | KX9: 0.14583333 | LA9: 0.13541667 | LC9: 0.15625 | LE9: 0.14583333 | LK9: 0.19270833 | LL9: 0.16145833 | LM9: 0.1875 | LO9: 0.16145833 | LQ9: 0.13541667 | LR9: 0.13541667 | LS9: 0.16666667 | LT9: 0 | LW9: 93.768008 | LY9: 90.47 | MB9: 93.089287 | MD9: 94.456741 | MF9: 90.47 | ML9: 96.585139 | MM9: 92.420262 | MP9: 92.420262 | MR9: 89.215 | MS9: 89.215 | MT9: 93.089287 | MX9: N/A | MZ9: N/A | NC9: N/A | NE9: N/A | NG9: N/A | NM9: N/A | NN9: N/A | NQ9: N/A | NS9: N/A | NT9: N/A | NU9: N/A | NZ9: 0.34 | OA9: 51.09936 | OB9: 51.250077 | OC9: 51.199108 | OD9: 51.002463 | OE9: 51.250077 | OF9: 51.199108 | OG9: 53.119075 | OH9: 50.908309 | OI9: 52.600598 | OJ9: 51.51673 | OK9: 51.002463 | OL9: 50.908309 | OM9: 50.908309 | ON9: 51.09936 | OO9: 51.199108 | OP9: 51.250077 | OQ9: 51.461769 | OR9: 51.148839 | OS9: 51.407653 | OT9: 51.199108 | OU9: 51.148839 | OV9: 51.199108 | OW9: 50.908309 | OX9: 50.908309 | OY9: 51.199108 | OZ9: 59.7102 | PA9: 51.199108 | PB9: 3.9857501 | PC9: 3.997506 | PD9: 3.9935304 | PE9: 3.9781921 | PF9: 3.997506 | PG9: 3.9935304 | PH9: 4.1432878 | PI9: 3.9708481 | PJ9: 4.1028466 | PK9: 4.0183049 | PL9: 3.9781921 | PM9: 3.9708481 | PN9: 3.9708481 | PO9: 3.9857501 | PP9: 3.9935304 | PQ9: 3.997506 | PR9: 4.014018 | PS9: 3.9896094 | PT9: 4.009797 | PU9: 3.9935304 | PV9: 3.9896094 | PW9: 3.9935304 | PX9: 3.9708481 | PY9: 3.9708481 | PZ9: 3.9935304 | QA9: 4.6573956 | QB9: 3.9935304 | QC9: 0 | QD9: 25.564392 | QE9: 0 | QF9: 30.513405 | QG9: 0 | QH9: 0 | QI9: 0 | QJ9: 0 | QK9: 0 | QL9: 0 | QM9: 26.266654 | QN9: 0 | QO9: 12.857212 | QP9: 0 | QQ9: 0 | QR9: 0 | QS9: 0 | QT9: 20.439947 | QU9: 9.9966336 | QV9: 0 | QW9: 0 | QX9: 0 | QY9: 9.4324936 | QZ9: 0 | RA9: 0 | RB9: 8.4770912 | RC9: 0 | RD9: 55.08511 | RE9: 80.811975 | RF9: 55.192639 | RG9: 85.49406 | RH9: 55.247583 | RI9: 55.192639 | RJ9: 57.262362 | RK9: 54.879158 | RL9: 56.703445 | RM9: 55.535035 | RN9: 81.247308 | RO9: 54.879158 | RP9: 67.73637 | RQ9: 55.08511 | RR9: 55.192639 | RS9: 55.247583 | RT9: 55.475787 | RU9: 75.578395 | RV9: 65.414084 | RW9: 55.192639 | RX9: 55.138448 | RY9: 55.192639 | RZ9: 64.311651 | SA9: 54.879158 | SB9: 55.192639 | SC9: 72.844687 | SD9: 55.192639 | SE9: 74.326342 | SF9: 74.545567 | SG9: 74.47143 | SH9: 74.1854 | SI9: 74.545567 | SJ9: 74.47143 | SK9: 77.264109 | SL9: 74.04845 | SM9: 76.509961 | SN9: 74.933425 | SO9: 74.1854 | SP9: 74.04845 | SQ9: 74.04845 | SR9: 74.326342 | SS9: 74.47143 | ST9: 74.545567 | SU9: 74.853483 | SV9: 74.398311 | SW9: 74.774769 | SX9: 74.47143 | SY9: 74.398311 | SZ9: 74.47143 | TA9: 74.04845 | TB9: 74.04845 | TC9: 74.47143 | TD9: 74.1854 | TE9: 74.47143
A10: S | B10: CLC | C10: 100205650 | D10: OF PUREMOIST TRAVEL PACK (90ML) | E10: SP | F10: 0300653611784 | G10: 24 | H10: EKBME00 | I10: --- | J10: --- | K10: --- | L10: --- | M10: Negativa | N10: 3307.90.00 | O10: 20.033.00 | P10: 1 | Q10: Importado | R10: Monofásico | S10: 0.125 | T10: 0.078 | U10: N/A | V10: 0.3333 | W10: 0 | Y10: 0.19 | Z10: 0.27 | AA10: 0.2 | AB10: 0.29 | AC10: 0.205 | AD10: 0.2 | AE10: 0.2 | AF10: 0.17 | AG10: 0.21 | AH10: 0.23 | AI10: 0.27 | AJ10: 0.17 | AK10: 0.17 | AL10: 0.19 | AM10: 0.2 | AN10: 0.205 | AO10: 0.27 | AP10: 0.25 | AQ10: 0.22 | AR10: 0.2 | AS10: 0.25 | AT10: 0.2 | AU10: 0.27 | AV10: 0.25 | AW10: 0.26 | AX10: 0.18 | AY10: 0.2 | AZ10: 0.04 | BA10: 0.04 | BB10: 0.04 | BC10: 0.04 | BD10: 0.04 | BE10: 0.04 | BF10: 0.04 | BG10: 0.04 | BH10: 0.04 | BI10: 0.04 | BJ10: 0.04 | BK10: 0.04 | BL10: 0.04 | BM10: 0.04 | BN10: 0.04 | BO10: 0.04 | BP10: 0.04 | BQ10: 0.04 | BR10: 0.04 | BS10: 0.04 | BT10: 0.04 | BU10: 0.04 | BV10: 0.04 | BW10: 0.04 | BX10: 0.04 | BY10: 0.18 | BZ10: 0.04 | CA10: N/A | CB10: 0.27 | CC10: N/A | CD10: 0.29 | CE10: N/A | CF10: N/A | CG10: N/A | CH10: N/A | CI10: N/A | CJ10: N/A | CK10: 0.27 | CL10: N/A | CM10: 0.17 | CN10: N/A | CO10: N/A | CP10: N/A | CQ10: N/A | CR10: 0.25 | CS10: 0.14 | CT10: N/A | CU10: N/A | CV10: N/A | CW10: 0.12 | CX10: N/A | CY10: N/A | CZ10: 0.18 | DA10: N/A | DB10: N/A | DC10: 0.4077 | DD10: N/A | DE10: 0.51 | DF10: N/A | DG10: N/A | DH10: N/A | DI10: N/A | DJ10: N/A | DK10: N/A | DL10: 0.45 | DM10: N/A | DN10: 0.5964 | DO10: N/A | DP10: N/A | DQ10: N/A | DR10: N/A | DS10: 0.2744 | DT10: 0.3917 | DU10: N/A | DV10: N/A | DW10: N/A | DX10: 0.5964 | DY10: N/A | DZ10: N/A | EA10: 0.6593 | EB10: N/A | EC10: N/A | ED10: 0.85122192 | EE10: N/A | EF10: 1.0416901 | EG10: N/A | EH10: N/A | EI10: N/A | EJ10: N/A | EK10: N/A | EL10: N/A | EM10: 0.90684932 | EN10: N/A | EO10: 0.5964 | EP10: N/A | EQ10: N/A | ER10: N/A | ES10: N/A | ET10: 0.631232 | EU10: 0.55352558 | EV10: N/A | EW10: N/A | EX10: N/A | EY10: 0.74152727 | EZ10: N/A | FA10: N/A | FB10: 0.6593 | FC10: N/A | FD10: 0.15625 | FE10: 0.171875 | FF10: 0.16666667 | FG10: 0.14583333 | FH10: 0.171875 | FI10: 0.16666667 | FJ10: 0.13541667 | FK10: 0.13541667 | FL10: 0.15625 | FM10: 0.19791667 | FN10: 0.14583333 | FO10: 0.13541667 | FP10: 0.13541667 | FQ10: 0.15625 | FR10: 0.16666667 | FS10: 0.171875 | FT10: 0.19270833 | FU10: 0.16145833 | FV10: 0.1875 | FW10: 0.16666667 | FX10: 0.16145833 | FY10: 0.16666667 | FZ10: 0.13541667 | GA10: 0.13541667 | GB10: 0.16666667 | GC10: 0 | GD10: 0.16666667 | GE10: 32.913029 | GF10: 33.632938 | GG10: 33.389492 | GH10: 32.45 | GI10: 33.632938 | GJ10: 33.389492 | GK10: 33.389492 | GL10: 31.999854 | GM10: 33.879974 | GN10: 34.905589 | GO10: 32.45 | GP10: 31.999854 | GQ10: 31.999854 | GR10: 32.913029 | GS10: 33.389492 | GT10: 33.632938 | GU10: 34.643393 | GV10: 33.149525 | GW10: 34.385123 | GX10: 33.389492 | GY10: 33.149525 | GZ10: 33.389492 | HA10: 31.999854 | HB10: 31.999854 | HC10: 33.389492 | HD10: 32.45 | HE10: 33.389492 | HF10: N/A | HG10: N/A | HH10: N/A | HI10: N/A | HJ10: N/A | HK10: N/A | HL10: N/A | HM10: N/A | HN10: N/A | HO10: N/A | HP10: N/A | HQ10: N/A | HR10: N/A | HS10: N/A | HT10: N/A | HU10: N/A | HV10: N/A | HW10: N/A | HX10: N/A | HY10: N/A | HZ10: N/A | IA10: N/A | IB10: N/A | IC10: N/A | ID10: N/A | IE10: N/A | IF10: N/A | IG10: 0 | IH10: 0.083333333 | II10: 0.13541667 | IJ10: 0.140625 | IK10: 0.14583333 | IL10: 0.15625 | IM10: 0.16145833 | IN10: 0.16666667 | IO10: 0.171875 | IP10: 0.17708333 | IQ10: 0.1875 | IR10: 0.19270833 | IS10: 0.19791667 | IT10: 0.083333333 | IU10: 0.13541667 | IV10: 0.140625 | IW10: 0.14583333 | IX10: 0.15625 | IY10: 0.16145833 | IZ10: 0.16666667 | JA10: 0.17708333 | JB10: 0.1875 | JC10: 25.895554 | JD10: 29.924579 | JE10: 31.999854 | JF10: 32.223337 | JG10: 32.45 | JH10: 32.913029 | JI10: 33.149525 | JJ10: 33.389492 | JK10: 33.632938 | JL10: 33.879974 | JM10: 34.385123 | JN10: 34.643393 | JO10: 34.905589 | JP10: 26.273889 | JQ10: 27.856638 | JR10: 28.025475 | JS10: 28.196357 | JT10: 28.54448 | JU10: 28.721755 | JV10: 28.901268 | JW10: 29.267109 | JX10: 29.642329 | JY10: N/A | JZ10: N/A | KA10: N/A | KB10: N/A | KC10: N/A | KD10: N/A | KE10: N/A | KF10: N/A | KG10: N/A | KH10: N/A | KI10: N/A | KJ10: N/A | KK10: N/A | KL10: N/A | KM10: N/A | KN10: N/A | KO10: N/A | KP10: N/A | KQ10: N/A | KR10: N/A | KS10: 40.460062 | KT10: 40.97878 | KV10: 0.171875 | KX10: 0.14583333 | LA10: 0.13541667 | LC10: 0.15625 | LE10: 0.14583333 | LK10: 0.19270833 | LL10: 0.16145833 | LM10: 0.1875 | LO10: 0.16145833 | LQ10: 0.13541667 | LR10: 0.13541667 | LS10: 0.16666667 | LT10: 0 | LW10: 33.632938 | LY10: 32.45 | MB10: 33.389492 | MD10: 33.879974 | MF10: 32.45 | ML10: 34.643393 | MM10: 33.149525 | MP10: 33.149525 | MR10: 31.999854 | MS10: 31.999854 | MT10: 33.389492 | MX10: N/A | MZ10: N/A | NC10: N/A | NE10: N/A | NG10: N/A | NM10: N/A | NN10: N/A | NQ10: N/A | NS10: N/A | NT10: N/A | NU10: N/A | NZ10: 0.34 | OA10: 18.328443 | OB10: 18.382503 | OC10: 18.364221 | OD10: 18.293688 | OE10: 18.382503 | OF10: 18.364221 | OG10: 19.052879 | OH10: 18.259916 | OI10: 18.866911 | OJ10: 18.478146 | OK10: 18.293688 | OL10: 18.259916 | OM10: 18.259916 | ON10: 18.328443 | OO10: 18.364221 | OP10: 18.382503 | OQ10: 18.458433 | OR10: 18.34619 | OS10: 18.439022 | OT10: 18.364221 | OU10: 18.34619 | OV10: 18.364221 | OW10: 18.259916 | OX10: 18.259916 | OY10: 18.364221 | OZ10: 21.417 | PA10: 18.364221 | PB10: 1.4296186 | PC10: 1.4338352 | PD10: 1.4324092 | PE10: 1.4269076 | PF10: 1.4338352 | PG10: 1.4324092 | PH10: 1.4861246 | PI10: 1.4242735 | PJ10: 1.471619 | PK10: 1.4412954 | PL10: 1.4269076 | PM10: 1.4242735 | PN10: 1.4242735 | PO10: 1.4296186 | PP10: 1.4324092 | PQ10: 1.4338352 | PR10: 1.4397578 | PS10: 1.4310028 | PT10: 1.4382437 | PU10: 1.4324092 | PV10: 1.4310028 | PW10: 1.4324092 | PX10: 1.4242735 | PY10: 1.4242735 | PZ10: 1.4324092 | QA10: 1.670526 | QB10: 1.4324092 | QC10: 0 | QD10: 9.1694983 | QE10: 0 | QF10: 10.944622 | QG10: 0 | QH10: 0 | QI10: 0 | QJ10: 0 | QK10: 0 | QL10: 0 | QM10: 9.4213874 | QN10: 0 | QO10: 4.6116563 | QP10: 0 | QQ10: 0 | QR10: 0 | QS10: 0 | QT10: 7.3314499 | QU10: 3.5856169 | QV10: 0 | QW10: 0 | QX10: 0 | QY10: 3.3832698 | QZ10: 0 | RA10: 0 | RB10: 3.0405837 | RC10: 0 | RD10: 19.758062 | RE10: 28.985836 | RF10: 19.79663 | RG10: 30.665218 | RH10: 19.816338 | RI10: 19.79663 | RJ10: 20.539004 | RK10: 19.68419 | RL10: 20.33853 | RM10: 19.919441 | RN10: 29.141983 | RO10: 19.68419 | RP10: 24.295846 | RQ10: 19.758062 | RR10: 19.79663 | RS10: 19.816338 | RT10: 19.898191 | RU10: 27.108643 | RV10: 23.462883 | RW10: 19.79663 | RX10: 19.777193 | RY10: 19.79663 | RZ10: 23.06746 | SA10: 19.68419 | SB10: 19.79663 | SC10: 26.12811 | SD10: 19.79663 | SE10: 26.659554 | SF10: 26.738185 | SG10: 26.711594 | SH10: 26.609 | SI10: 26.738185 | SJ10: 26.711594 | SK10: 27.713279 | SL10: 26.559878 | SM10: 27.442779 | SN10: 26.877303 | SO10: 26.609 | SP10: 26.559878 | SQ10: 26.559878 | SR10: 26.659554 | SS10: 26.711594 | ST10: 26.738185 | SU10: 26.848629 | SV10: 26.685367 | SW10: 26.820396 | SX10: 26.711594 | SY10: 26.685367 | SZ10: 26.711594 | TA10: 26.559878 | TB10: 26.559878 | TC10: 26.711594 | TD10: 26.609 | TE10: 26.711594
A11: S | B11: CLC | C11: 100310586 | D11: OFX PROMO (355ML + 355ML)/LC BR | E11: SP | F11: 0300655144037 | G11: 24 | H11: EKBME00 | I11: --- | J11: --- | K11: --- | L11: --- | M11: Negativa | N11: 3307.90.00 | O11: 20.033.00 | P11: 1 | Q11: Importado | R11: Monofásico | S11: 0.125 | T11: 0.078 | U11: N/A | V11: 0.3333 | W11: 0 | Y11: 0.19 | Z11: 0.27 | AA11: 0.2 | AB11: 0.29 | AC11: 0.205 | AD11: 0.2 | AE11: 0.2 | AF11: 0.17 | AG11: 0.21 | AH11: 0.23 | AI11: 0.27 | AJ11: 0.17 | AK11: 0.17 | AL11: 0.19 | AM11: 0.2 | AN11: 0.205 | AO11: 0.27 | AP11: 0.25 | AQ11: 0.22 | AR11: 0.2 | AS11: 0.25 | AT11: 0.2 | AU11: 0.27 | AV11: 0.25 | AW11: 0.26 | AX11: 0.18 | AY11: 0.2 | AZ11: 0.04 | BA11: 0.04 | BB11: 0.04 | BC11: 0.04 | BD11: 0.04 | BE11: 0.04 | BF11: 0.04 | BG11: 0.04 | BH11: 0.04 | BI11: 0.04 | BJ11: 0.04 | BK11: 0.04 | BL11: 0.04 | BM11: 0.04 | BN11: 0.04 | BO11: 0.04 | BP11: 0.04 | BQ11: 0.04 | BR11: 0.04 | BS11: 0.04 | BT11: 0.04 | BU11: 0.04 | BV11: 0.04 | BW11: 0.04 | BX11: 0.04 | BY11: 0.18 | BZ11: 0.04 | CA11: N/A | CB11: 0.27 | CC11: N/A | CD11: 0.29 | CE11: N/A | CF11: N/A | CG11: N/A | CH11: N/A | CI11: N/A | CJ11: N/A | CK11: 0.27 | CL11: N/A | CM11: 0.17 | CN11: N/A | CO11: N/A | CP11: N/A | CQ11: N/A | CR11: 0.25 | CS11: 0.14 | CT11: N/A | CU11: N/A | CV11: N/A | CW11: 0.12 | CX11: N/A | CY11: N/A | CZ11: 0.18 | DA11: N/A | DB11: N/A | DC11: 0.4077 | DD11: N/A | DE11: 0.51 | DF11: N/A | DG11: N/A | DH11: N/A | DI11: N/A | DJ11: N/A | DK11: N/A | DL11: 0.45 | DM11: N/A | DN11: 0.5964 | DO11: N/A | DP11: N/A | DQ11: N/A | DR11: N/A | DS11: 0.2744 | DT11: 0.3917 | DU11: N/A | DV11: N/A | DW11: N/A | DX11: 0.5964 | DY11: N/A | DZ11: N/A | EA11: 0.6593 | EB11: N/A | EC11: N/A | ED11: 0.85122192 | EE11: N/A | EF11: 1.0416901 | EG11: N/A | EH11: N/A | EI11: N/A | EJ11: N/A | EK11: N/A | EL11: N/A | EM11: 0.90684932 | EN11: N/A | EO11: 0.5964 | EP11: N/A | EQ11: N/A | ER11: N/A | ES11: N/A | ET11: 0.631232 | EU11: 0.55352558 | EV11: N/A | EW11: N/A | EX11: N/A | EY11: 0.74152727 | EZ11: N/A | FA11: N/A | FB11: 0.6593 | FC11: N/A | FD11: 0.15625 | FE11: 0.171875 | FF11: 0.16666667 | FG11: 0.14583333 | FH11: 0.171875 | FI11: 0.16666667 | FJ11: 0.13541667 | FK11: 0.13541667 | FL11: 0.15625 | FM11: 0.19791667 | FN11: 0.14583333 | FO11: 0.13541667 | FP11: 0.13541667 | FQ11: 0.15625 | FR11: 0.16666667 | FS11: 0.171875 | FT11: 0.19270833 | FU11: 0.16145833 | FV11: 0.1875 | FW11: 0.16666667 | FX11: 0.16145833 | FY11: 0.16666667 | FZ11: 0.13541667 | GA11: 0.13541667 | GB11: 0.16666667 | GC11: 0 | GD11: 0.16666667 | GE11: 120.06916 | GF11: 122.69544 | GG11: 121.80734 | GH11: 118.38 | GI11: 122.69544 | GJ11: 121.80734 | GK11: 121.80734 | GL11: 116.73783 | GM11: 123.59665 | GN11: 127.33817 | GO11: 118.38 | GP11: 116.73783 | GQ11: 116.73783 | GR11: 120.06916 | GS11: 121.80734 | GT11: 122.69544 | GU11: 126.38166 | GV11: 120.93192 | GW11: 125.43947 | GX11: 121.80734 | GY11: 120.93192 | GZ11: 121.80734 | HA11: 116.73783 | HB11: 116.73783 | HC11: 121.80734 | HD11: 118.38 | HE11: 121.80734 | HF11: N/A | HG11: N/A | HH11: N/A | HI11: N/A | HJ11: N/A | HK11: N/A | HL11: N/A | HM11: N/A | HN11: N/A | HO11: N/A | HP11: N/A | HQ11: N/A | HR11: N/A | HS11: N/A | HT11: N/A | HU11: N/A | HV11: N/A | HW11: N/A | HX11: N/A | HY11: N/A | HZ11: N/A | IA11: N/A | IB11: N/A | IC11: N/A | ID11: N/A | IE11: N/A | IF11: N/A | IG11: 0 | IH11: 0.083333333 | II11: 0.13541667 | IJ11: 0.140625 | IK11: 0.14583333 | IL11: 0.15625 | IM11: 0.16145833 | IN11: 0.16666667 | IO11: 0.171875 | IP11: 0.17708333 | IQ11: 0.1875 | IR11: 0.19270833 | IS11: 0.19791667 | IT11: 0.083333333 | IU11: 0.13541667 | IV11: 0.140625 | IW11: 0.14583333 | IX11: 0.15625 | IY11: 0.16145833 | IZ11: 0.16666667 | JA11: 0.17708333 | JB11: 0.1875 | JC11: 94.468897 | JD11: 109.16708 | JE11: 116.73783 | JF11: 117.55312 | JG11: 118.38 | JH11: 120.06916 | JI11: 120.93192 | JJ11: 121.80734 | JK11: 122.69544 | JL11: 123.59665 | JM11: 125.43947 | JN11: 126.38166 | JO11: 127.33817 | JP11: 95.84909 | JQ11: 101.62307 | JR11: 102.23901 | JS11: 102.86239 | JT11: 104.13238 | JU11: 104.77909 | JV11: 105.43396 | JW11: 106.76858 | JX11: 108.13741 | JY11: N/A | JZ11: N/A | KA11: N/A | KB11: N/A | KC11: N/A | KD11: N/A | KE11: N/A | KF11: N/A | KG11: N/A | KH11: N/A | KI11: N/A | KJ11: N/A | KK11: N/A | KL11: N/A | KM11: N/A | KN11: N/A | KO11: N/A | KP11: N/A | KQ11: N/A | KR11: N/A | KS11: 147.6013 | KT11: 149.49362 | KV11: 0.171875 | KX11: 0.14583333 | LA11: 0.13541667 | LC11: 0.15625 | LE11: 0.14583333 | LK11: 0.19270833 | LL11: 0.16145833 | LM11: 0.1875 | LO11: 0.16145833 | LQ11: 0.13541667 | LR11: 0.13541667 | LS11: 0.16666667 | LT11: 0 | LW11: 122.69544 | LY11: 118.38 | MB11: 121.80734 | MD11: 123.59665 | MF11: 118.38 | ML11: 126.38166 | MM11: 120.93192 | MP11: 120.93192 | MR11: 116.73783 | MS11: 116.73783 | MT11: 121.80734 | MX11: N/A | MZ11: N/A | NC11: N/A | NE11: N/A | NG11: N/A | NM11: N/A | NN11: N/A | NQ11: N/A | NS11: N/A | NT11: N/A | NU11: N/A | NZ11: 0.34 | OA11: 66.863516 | OB11: 67.060729 | OC11: 66.994036 | OD11: 66.736725 | OE11: 67.060729 | OF11: 66.994036 | OG11: 69.506312 | OH11: 66.613526 | OI11: 68.827885 | OJ11: 67.409644 | OK11: 66.736725 | OL11: 66.613526 | OM11: 66.613526 | ON11: 66.863516 | OO11: 66.994036 | OP11: 67.060729 | OQ11: 67.337728 | OR11: 66.928258 | OS11: 67.266917 | OT11: 66.994036 | OU11: 66.928258 | OV11: 66.994036 | OW11: 66.613526 | OX11: 66.613526 | OY11: 66.994036 | OZ11: 78.1308 | PA11: 66.994036 | PB11: 5.2153542 | PC11: 5.2307368 | PD11: 5.2255348 | PE11: 5.2054646 | PF11: 5.2307368 | PG11: 5.2255348 | PH11: 5.4214923 | PI11: 5.195855 | PJ11: 5.3685751 | PK11: 5.2579522 | PL11: 5.2054646 | PM11: 5.195855 | PN11: 5.195855 | PO11: 5.2153542 | PP11: 5.2255348 | PQ11: 5.2307368 | PR11: 5.2523428 | PS11: 5.2204041 | PT11: 5.2468196 | PU11: 5.2255348 | PV11: 5.2204041 | PW11: 5.2255348 | PX11: 5.195855 | PY11: 5.195855 | PZ11: 5.2255348 | QA11: 6.0942024 | QB11: 5.2255348 | QC11: 0 | QD11: 33.451008 | QE11: 0 | QF11: 39.926792 | QG11: 0 | QH11: 0 | QI11: 0 | QJ11: 0 | QK11: 0 | QL11: 0 | QM11: 34.369918 | QN11: 0 | QO11: 16.823663 | QP11: 0 | QQ11: 0 | QR11: 0 | QS11: 0 | QT11: 26.745671 | QU11: 13.080596 | QV11: 0 | QW11: 0 | QX11: 0 | QY11: 12.342418 | QZ11: 0 | RA11: 0 | RB11: 11.092274 | RC11: 0 | RD11: 72.07887 | RE11: 105.74247 | RF11: 72.219571 | RG11: 111.86898 | RH11: 72.291466 | RI11: 72.219571 | RJ11: 74.927804 | RK11: 71.809381 | RL11: 74.19646 | RM11: 72.667596 | RN11: 106.31211 | RO11: 71.809381 | RP11: 88.633044 | RQ11: 72.07887 | RR11: 72.219571 | RS11: 72.291466 | RT11: 72.590071 | RU11: 98.894334 | RV11: 85.594333 | RW11: 72.219571 | RX11: 72.148662 | RY11: 72.219571 | RZ11: 84.151799 | SA11: 71.809381 | SB11: 72.219571 | SC11: 95.317277 | SD11: 72.219571 | SE11: 97.256023 | SF11: 97.542878 | SG11: 97.44587 | SH11: 97.0716 | SI11: 97.542878 | SJ11: 97.44587 | SK11: 101.10009 | SL11: 96.892401 | SM11: 100.11329 | SN11: 98.050391 | SO11: 97.0716 | SP11: 96.892401 | SQ11: 96.892401 | SR11: 97.256023 | SS11: 97.44587 | ST11: 97.542878 | SU11: 97.945786 | SV11: 97.350194 | SW11: 97.842789 | SX11: 97.44587 | SY11: 97.350194 | SZ11: 97.44587 | TA11: 96.892401 | TB11: 96.892401 | TC11: 97.44587 | TD11: 97.0716 | TE11: 97.44587
A12: N | B12: DE&OH | C12: 100064649 | D12: SYSTANE ULTRA 10ML (ASPEX) | E12: SP | F12: 7896548197738 | G12: 144 | H12: EJBSZ00 | I12: --- | J12: --- | K12: --- | L12: Outros | M12: Negativa | N12: 3004.90.99 | O12: 13.004.01 | P12: 1 | Q12: Importado | R12: Monofásico | S12: 0.12 | T12: 0 | U12: N/A | V12: 0 | W12: 0 | Y12: 0.19 | Z12: 0.205 | AA12: 0.2 | AB12: 0.18 | AC12: 0.205 | AD12: 0.2 | AE12: 0.17 | AF12: 0.17 | AG12: 0.19 | AH12: 0.23 | AI12: 0.18 | AJ12: 0.17 | AK12: 0.17 | AL12: 0.19 | AM12: 0.2 | AN12: 0.205 | AO12: 0.225 | AP12: 0.195 | AQ12: 0.22 | AR12: 0.2 | AS12: 0.195 | AT12: 0.2 | AU12: 0.17 | AV12: 0.17 | AW12: 0.2 | AX12: 0.18 | AY12: 0.2 | AZ12: 0.04 | BA12: 0.04 | BB12: 0.04 | BC12: 0.04 | BD12: 0.04 | BE12: 0.04 | BF12: 0.04 | BG12: 0.04 | BH12: 0.04 | BI12: 0.04 | BJ12: 0.04 | BK12: 0.04 | BL12: 0.04 | BM12: 0.04 | BN12: 0.04 | BO12: 0.04 | BP12: 0.04 | BQ12: 0.04 | BR12: 0.04 | BS12: 0.04 | BT12: 0.04 | BU12: 0.04 | BV12: 0.04 | BW12: 0.04 | BX12: 0.04 | BY12: 0.18 | BZ12: 0.04 | CA12: N/A | CB12: 0.205 | CC12: N/A | CD12: 0.18 | CE12: 0.205 | CF12: N/A | CG12: N/A | CH12: 0.17 | CI12: N/A | CJ12: 0.23 | CK12: 0.18 | CL12: 0.17 | CM12: 0.17 | CN12: N/A | CO12: N/A | CP12: 0.205 | CQ12: N/A | CR12: N/A | CS12: 0.22 | CT12: N/A | CU12: N/A | CV12: N/A | CW12: N/A | CX12: N/A | CY12: N/A | CZ12: N/A | DA12: N/A | DB12: N/A | DC12: 0.3305 | DD12: N/A | DE12: 0.33 | DF12: 0.33 | DG12: N/A | DH12: N/A | DI12: 0.3305 | DJ12: N/A | DK12: 0.33054 | DL12: 0.33 | DM12: 0.1975 | DN12: 0.4605 | DO12: N/A | DP12: N/A | DQ12: 0.66 | DR12: N/A | DS12: N/A | DT12: 0.3293 | DU12: N/A | DV12: N/A | DW12: N/A | DX12: N/A | DY12: N/A | DZ12: N/A | EA12: N/A | EB12: N/A | EC12: N/A | ED12: 0.60664151 | EE12: N/A | EF12: 0.55707317 | EG12: 0.60603774 | EH12: N/A | EI12: N/A | EJ12: 0.53889157 | EK12: N/A | EL12: 0.65885506 | EM12: 0.55707317 | EN12: 0.38506024 | EO12: 0.4605 | EP12: N/A | EQ12: N/A | ER12: 0.66 | ES12: N/A | ET12: N/A | EU12: 0.63606154 | EV12: N/A | EW12: N/A | EX12: N/A | EY12: N/A | EZ12: N/A | FA12: N/A | FB12: N/A | FC12: N/A | FD12: 0.15625 | FE12: 0.171875 | FF12: 0.16666667 | FG12: 0.14583333 | FH12: 0.171875 | FI12: 0.16666667 | FJ12: 0.13541667 | FK12: 0.13541667 | FL12: 0.15625 | FM12: 0.19791667 | FN12: 0.14583333 | FO12: 0.13541667 | FP12: 0.13541667 | FQ12: 0.15625 | FR12: 0.16666667 | FS12: 0.171875 | FT12: 0.19270833 | FU12: 0.16145833 | FV12: 0.1875 | FW12: 0.16666667 | FX12: 0.16145833 | FY12: 0.16666667 | FZ12: 0.13541667 | GA12: 0.13541667 | GB12: 0.16666667 | GC12: 0 | GD12: 0.16666667 | GE12: 60.207008 | GF12: 61.523919 | GG12: 61.078591 | GH12: 59.36 | GI12: 61.523919 | GJ12: 61.078591 | GK12: 58.536558 | GL12: 58.536558 | GM12: 60.207008 | GN12: 63.851949 | GO12: 59.36 | GP12: 58.536558 | GQ12: 58.536558 | GR12: 60.207008 | GS12: 61.078591 | GT12: 61.523919 | GU12: 63.37232 | GV12: 60.639624 | GW12: 62.899874 | GX12: 61.078591 | GY12: 60.639624 | GZ12: 61.078591 | HA12: 58.536558 | HB12: 58.536558 | HC12: 61.078591 | HD12: 59.36 | HE12: 61.078591 | HF12: N/A | HG12: N/A | HH12: N/A | HI12: N/A | HJ12: N/A | HK12: N/A | HL12: N/A | HM12: N/A | HN12: N/A | HO12: N/A | HP12: N/A | HQ12: N/A | HR12: N/A | HS12: N/A | HT12: N/A | HU12: N/A | HV12: N/A | HW12: N/A | HX12: N/A | HY12: N/A | HZ12: N/A | IA12: N/A | IB12: N/A | IC12: N/A | ID12: N/A | IE12: N/A | IF12: N/A | IG12: 0 | IH12: 0.083333333 | II12: 0.13541667 | IJ12: 0.140625 | IK12: 0.14583333 | IL12: 0.15625 | IM12: 0.16145833 | IN12: 0.16666667 | IO12: 0.171875 | IP12: 0.17708333 | IQ12: 0.1875 | IR12: 0.19270833 | IS12: 0.19791667 | IT12: 0.083333333 | IU12: 0.13541667 | IV12: 0.140625 | IW12: 0.14583333 | IX12: 0.15625 | IY12: 0.16145833 | IZ12: 0.16666667 | JA12: 0.17708333 | JB12: 0.1875 | JC12: 47.370111 | JD12: 54.740308 | JE12: 58.536558 | JF12: 58.94537 | JG12: 59.36 | JH12: 60.207008 | JI12: 60.639624 | JJ12: 61.078591 | JK12: 61.523919 | JL12: 61.975817 | JM12: 62.899874 | JN12: 63.37232 | JO12: 63.851949 | JP12: 48.062189 | JQ12: 50.957473 | JR12: 51.266323 | JS12: 51.578913 | JT12: 52.215727 | JU12: 52.540011 | JV12: 52.86839 | JW12: 53.537615 | JX12: 54.223995 | JY12: N/A | JZ12: N/A | KA12: N/A | KB12: N/A | KC12: N/A | KD12: N/A | KE12: N/A | KF12: N/A | KG12: N/A | KH12: N/A | KI12: N/A | KJ12: N/A | KK12: N/A | KL12: N/A | KM12: N/A | KN12: N/A | KO12: N/A | KP12: N/A | KQ12: N/A | KR12: N/A | KS12: N/A | KT12: N/A | LE12: 0.14583333 | LL12: 0.16145833 | LM12: 0.1875 | LQ12: 0.13541667 | LR12: 0.13541667 | LT12: 0 | NZ12: 0.08 | OA12: 46.73569 | OB12: 46.873536 | OC12: 46.82692 | OD12: 46.647067 | OE12: 46.873536 | OF12: 46.82692 | OG12: 46.560954 | OH12: 46.560954 | OI12: 46.73569 | OJ12: 47.117418 | OK12: 46.647067 | OL12: 46.560954 | OM12: 46.560954 | ON12: 46.73569 | OO12: 46.82692 | OP12: 46.873536 | OQ12: 47.067151 | OR12: 46.780943 | OS12: 47.017656 | OT12: 46.82692 | OU12: 46.780943 | OV12: 46.82692 | OW12: 46.560954 | OX12: 46.560954 | OY12: 46.82692 | OZ12: 54.6112 | PA12: 46.82692 | PB12: 0 | PC12: 0 | PD12: 0 | PE12: 0 | PF12: 0 | PG12: 0 | PH12: 0 | PI12: 0 | PJ12: 0 | PK12: 0 | PL12: 0 | PM12: 0 | PN12: 0 | PO12: 0 | PP12: 0 | PQ12: 0 | PR12: 0 | PS12: 0 | PT12: 0 | PU12: 0 | PV12: 0 | PW12: 0 | PX12: 0 | PY12: 0 | PZ12: 0 | QA12: 0 | QB12: 0 | QC12: 0 | QD12: 13.563397 | QE12: 0 | QF12: 11.208039 | QG12: 13.557595 | QH12: 0 | QI12: 0 | QJ12: 10.318446 | QK12: 0 | QL12: 16.092326 | QM12: 11.208039 | QN12: 9.1008153 | QO12: 9.6979483 | QP12: 0 | QQ12: 0 | QR12: 14.076123 | QS12: 0 | QT12: 0 | QU12: 15.042525 | QV12: 0 | QW12: 0 | QX12: 0 | QY12: 0 | QZ12: 0 | RA12: 0 | RB12: 0 | RC12: 0 | RD12: 46.73569 | RE12: 60.436933 | RF12: 46.82692 | RG12: 57.855105 | RH12: 60.431131 | RI12: 46.82692 | RJ12: 46.560954 | RK12: 56.8794 | RL12: 46.73569 | RM12: 63.209743 | RN12: 57.855105 | RO12: 55.661769 | RP12: 56.258902 | RQ12: 46.73569 | RR12: 46.82692 | RS12: 60.949659 | RT12: 47.067151 | RU12: 46.780943 | RV12: 62.060181 | RW12: 46.82692 | RX12: 46.780943 | RY12: 46.82692 | RZ12: 46.560954 | SA12: 46.560954 | SB12: 46.82692 | SC12: 54.6112 | SD12: 46.82692 | SE12: 48.767676 | SF12: 48.911516 | SG12: 48.862873 | SH12: 48.6752 | SI12: 48.911516 | SJ12: 48.862873 | SK12: 48.585343 | SL12: 48.585343 | SM12: 48.767676 | SN12: 49.166001 | SO12: 48.6752 | SP12: 48.585343 | SQ12: 48.585343 | SR12: 48.767676 | SS12: 48.862873 | ST12: 48.911516 | SU12: 49.113548 | SV12: 48.814897 | SW12: 49.061902 | SX12: 48.862873 | SY12: 48.814897 | SZ12: 48.862873 | TA12: 48.585343 | TB12: 48.585343 | TC12: 48.862873 | TD12: 48.6752 | TE12: 48.862873
A13: N | B13: DE&OH | C13: 100081431 | D13: SYSTANE ULTRA 15ML (ASPEX) | E13: SP | F13: 7896548198957 | G13: 144 | H13: EJBSY00 | I13: --- | J13: --- | K13: --- | L13: Outros | M13: Negativa | N13: 3004.90.99 | O13: 13.004.01 | P13: 1 | Q13: Importado | R13: Monofásico | S13: 0.12 | T13: 0 | U13: N/A | V13: 0 | W13: 0 | Y13: 0.19 | Z13: 0.205 | AA13: 0.2 | AB13: 0.18 | AC13: 0.205 | AD13: 0.2 | AE13: 0.17 | AF13: 0.17 | AG13: 0.19 | AH13: 0.23 | AI13: 0.18 | AJ13: 0.17 | AK13: 0.17 | AL13: 0.19 | AM13: 0.2 | AN13: 0.205 | AO13: 0.225 | AP13: 0.195 | AQ13: 0.22 | AR13: 0.2 | AS13: 0.195 | AT13: 0.2 | AU13: 0.17 | AV13: 0.17 | AW13: 0.2 | AX13: 0.18 | AY13: 0.2 | AZ13: 0.04 | BA13: 0.04 | BB13: 0.04 | BC13: 0.04 | BD13: 0.04 | BE13: 0.04 | BF13: 0.04 | BG13: 0.04 | BH13: 0.04 | BI13: 0.04 | BJ13: 0.04 | BK13: 0.04 | BL13: 0.04 | BM13: 0.04 | BN13: 0.04 | BO13: 0.04 | BP13: 0.04 | BQ13: 0.04 | BR13: 0.04 | BS13: 0.04 | BT13: 0.04 | BU13: 0.04 | BV13: 0.04 | BW13: 0.04 | BX13: 0.04 | BY13: 0.18 | BZ13: 0.04 | CA13: N/A | CB13: 0.205 | CC13: N/A | CD13: 0.18 | CE13: 0.205 | CF13: N/A | CG13: N/A | CH13: 0.17 | CI13: N/A | CJ13: 0.23 | CK13: 0.18 | CL13: 0.17 | CM13: 0.17 | CN13: N/A | CO13: N/A | CP13: 0.205 | CQ13: N/A | CR13: N/A | CS13: 0.22 | CT13: N/A | CU13: N/A | CV13: N/A | CW13: N/A | CX13: N/A | CY13: N/A | CZ13: N/A | DA13: N/A | DB13: N/A | DC13: 0.3305 | DD13: N/A | DE13: 0.33 | DF13: 0.33 | DG13: N/A | DH13: N/A | DI13: 0.3305 | DJ13: N/A | DK13: 0.33054 | DL13: 0.33 | DM13: 0.1975 | DN13: 0.4605 | DO13: N/A | DP13: N/A | DQ13: 0.66 | DR13: N/A | DS13: N/A | DT13: 0.3293 | DU13: N/A | DV13: N/A | DW13: N/A | DX13: N/A | DY13: N/A | DZ13: N/A | EA13: N/A | EB13: N/A | EC13: N/A | ED13: 0.60664151 | EE13: N/A | EF13: 0.55707317 | EG13: 0.60603774 | EH13: N/A | EI13: N/A | EJ13: 0.53889157 | EK13: N/A | EL13: 0.65885506 | EM13: 0.55707317 | EN13: 0.38506024 | EO13: 0.4605 | EP13: N/A | EQ13: N/A | ER13: 0.66 | ES13: N/A | ET13: N/A | EU13: 0.63606154 | EV13: N/A | EW13: N/A | EX13: N/A | EY13: N/A | EZ13: N/A | FA13: N/A | FB13: N/A | FC13: N/A | FD13: 0.15625 | FE13: 0.171875 | FF13: 0.16666667 | FG13: 0.14583333 | FH13: 0.171875 | FI13: 0.16666667 | FJ13: 0.13541667 | FK13: 0.13541667 | FL13: 0.15625 | FM13: 0.19791667 | FN13: 0.14583333 | FO13: 0.13541667 | FP13: 0.13541667 | FQ13: 0.15625 | FR13: 0.16666667 | FS13: 0.171875 | FT13: 0.19270833 | FU13: 0.16145833 | FV13: 0.1875 | FW13: 0.16666667 | FX13: 0.16145833 | FY13: 0.16666667 | FZ13: 0.13541667 | GA13: 0.13541667 | GB13: 0.16666667 | GC13: 0 | GD13: 0.16666667 | GE13: 82.115218 | GF13: 83.911329 | GG13: 83.303954 | GH13: 80.96 | GI13: 83.911329 | GJ13: 83.303954 | GK13: 79.836923 | GL13: 79.836923 | GM13: 82.115218 | GN13: 87.086486 | GO13: 80.96 | GP13: 79.836923 | GQ13: 79.836923 | GR13: 82.115218 | GS13: 83.303954 | GT13: 83.911329 | GU13: 86.432329 | GV13: 82.705255 | GW13: 85.787969 | GX13: 83.303954 | GY13: 82.705255 | GZ13: 83.303954 | HA13: 79.836923 | HB13: 79.836923 | HC13: 83.303954 | HD13: 80.96 | HE13: 83.303954 | HF13: N/A | HG13: N/A | HH13: N/A | HI13: N/A | HJ13: N/A | HK13: N/A | HL13: N/A | HM13: N/A | HN13: N/A | HO13: N/A | HP13: N/A | HQ13: N/A | HR13: N/A | HS13: N/A | HT13: N/A | HU13: N/A | HV13: N/A | HW13: N/A | HX13: N/A | HY13: N/A | HZ13: N/A | IA13: N/A | IB13: N/A | IC13: N/A | ID13: N/A | IE13: N/A | IF13: N/A | IG13: 0 | IH13: 0.083333333 | II13: 0.13541667 | IJ13: 0.140625 | IK13: 0.14583333 | IL13: 0.15625 | IM13: 0.16145833 | IN13: 0.16666667 | IO13: 0.171875 | IP13: 0.17708333 | IQ13: 0.1875 | IR13: 0.19270833 | IS13: 0.19791667 | IT13: 0.083333333 | IU13: 0.13541667 | IV13: 0.140625 | IW13: 0.14583333 | IX13: 0.15625 | IY13: 0.16145833 | IZ13: 0.16666667 | JA13: 0.17708333 | JB13: 0.1875 | JC13: 64.607213 | JD13: 74.659288 | JE13: 79.836923 | JF13: 80.394494 | JG13: 80.96 | JH13: 82.115218 | JI13: 82.705255 | JJ13: 83.303954 | JK13: 83.911329 | JL13: 84.527664 | JM13: 85.787969 | JN13: 86.432329 | JO13: 87.086486 | JP13: 65.551126 | JQ13: 69.49995 | JR13: 69.921185 | JS13: 70.34752 | JT13: 71.216059 | JU13: 71.658344 | JV13: 72.106214 | JW13: 73.018957 | JX13: 73.955098 | JY13: N/A | JZ13: N/A | KA13: N/A | KB13: N/A | KC13: N/A | KD13: N/A | KE13: N/A | KF13: N/A | KG13: N/A | KH13: N/A | KI13: N/A | KJ13: N/A | KK13: N/A | KL13: N/A | KM13: N/A | KN13: N/A | KO13: N/A | KP13: N/A | KQ13: N/A | KR13: N/A | KS13: N/A | KT13: N/A | LE13: 0.14583333 | LL13: 0.16145833 | LM13: 0.1875 | LQ13: 0.13541667 | LR13: 0.13541667 | LT13: 0 | NZ13: 0.08 | OA13: 63.741938 | OB13: 63.929944 | OC13: 63.866365 | OD13: 63.621067 | OE13: 63.929944 | OF13: 63.866365 | OG13: 63.503619 | OH13: 63.503619 | OI13: 63.741938 | OJ13: 64.26257 | OK13: 63.621067 | OL13: 63.503619 | OM13: 63.503619 | ON13: 63.741938 | OO13: 63.866365 | OP13: 63.929944 | OQ13: 64.194011 | OR13: 63.803658 | OS13: 64.126507 | OT13: 63.866365 | OU13: 63.803658 | OV13: 63.866365 | OW13: 63.503619 | OX13: 63.503619 | OY13: 63.866365 | OZ13: 74.4832 | PA13: 63.866365 | PB13: 0 | PC13: 0 | PD13: 0 | PE13: 0 | PF13: 0 | PG13: 0 | PH13: 0 | PI13: 0 | PJ13: 0 | PK13: 0 | PL13: 0 | PM13: 0 | PN13: 0 | PO13: 0 | PP13: 0 | PQ13: 0 | PR13: 0 | PS13: 0 | PT13: 0 | PU13: 0 | PV13: 0 | PW13: 0 | PX13: 0 | PY13: 0 | PZ13: 0 | QA13: 0 | QB13: 0 | QC13: 0 | QD13: 18.498865 | QE13: 0 | QF13: 15.286435 | QG13: 18.490952 | QH13: 0 | QI13: 0 | QJ13: 14.073136 | QK13: 0 | QL13: 21.948024 | QM13: 15.286435 | QN13: 12.412433 | QO13: 13.226851 | QP13: 0 | QQ13: 0 | QR13: 19.198162 | QS13: 0 | QT13: 0 | QU13: 20.51622 | QV13: 0 | QW13: 0 | QX13: 0 | QY13: 0 | QZ13: 0 | RA13: 0 | RB13: 0 | RC13: 0 | RD13: 63.741938 | RE13: 82.428809 | RF13: 63.866365 | RG13: 78.907502 | RH13: 82.420896 | RI13: 63.866365 | RJ13: 63.503619 | RK13: 77.576756 | RL13: 63.741938 | RM13: 86.210593 | RN13: 78.907502 | RO13: 75.916052 | RP13: 76.73047 | RQ13: 63.741938 | RR13: 63.866365 | RS13: 83.128106 | RT13: 64.194011 | RU13: 63.803658 | RV13: 84.642727 | RW13: 63.866365 | RX13: 63.803658 | RY13: 63.866365 | RZ13: 63.503619 | SA13: 63.503619 | SB13: 63.866365 | SC13: 74.4832 | SD13: 63.866365 | SE13: 66.513327 | SF13: 66.709507 | SG13: 66.643163 | SH13: 66.3872 | SI13: 66.709507 | SJ13: 66.643163 | SK13: 66.264646 | SL13: 66.264646 | SM13: 66.513327 | SN13: 67.056594 | SO13: 66.3872 | SP13: 66.264646 | SQ13: 66.264646 | SR13: 66.513327 | SS13: 66.643163 | ST13: 66.709507 | SU13: 66.985055 | SV13: 66.57773 | SW13: 66.914616 | SX13: 66.643163 | SY13: 66.57773 | SZ13: 66.643163 | TA13: 66.264646 | TB13: 66.264646 | TC13: 66.643163 | TD13: 66.3872 | TE13: 66.643163
A14: S | B14: DE&OH | C14: 100334051 | D14: OFTANE LUB EYE DROPS 10ML | E14: SP | F14: 0300651429374 | G14: 144 | H14: EJBSF00 | I14: --- | J14: --- | K14: --- | L14: Outros | M14: Negativa | N14: 3004.90.99 | O14: 13.004.01 | P14: 1 | Q14: Importado | R14: Monofásico | S14: 0.12 | T14: 0 | U14: N/A | V14: 0 | W14: 0 | Y14: 0.19 | Z14: 0.205 | AA14: 0.2 | AB14: 0.18 | AC14: 0.205 | AD14: 0.2 | AE14: 0.17 | AF14: 0.17 | AG14: 0.19 | AH14: 0.23 | AI14: 0.18 | AJ14: 0.17 | AK14: 0.17 | AL14: 0.19 | AM14: 0.2 | AN14: 0.205 | AO14: 0.225 | AP14: 0.195 | AQ14: 0.22 | AR14: 0.2 | AS14: 0.195 | AT14: 0.2 | AU14: 0.17 | AV14: 0.17 | AW14: 0.2 | AX14: 0.18 | AY14: 0.2 | AZ14: 0.04 | BA14: 0.04 | BB14: 0.04 | BC14: 0.04 | BD14: 0.04 | BE14: 0.04 | BF14: 0.04 | BG14: 0.04 | BH14: 0.04 | BI14: 0.04 | BJ14: 0.04 | BK14: 0.04 | BL14: 0.04 | BM14: 0.04 | BN14: 0.04 | BO14: 0.04 | BP14: 0.04 | BQ14: 0.04 | BR14: 0.04 | BS14: 0.04 | BT14: 0.04 | BU14: 0.04 | BV14: 0.04 | BW14: 0.04 | BX14: 0.04 | BY14: 0.18 | BZ14: 0.04 | CA14: N/A | CB14: 0.205 | CC14: N/A | CD14: 0.18 | CE14: 0.205 | CF14: N/A | CG14: N/A | CH14: 0.17 | CI14: N/A | CJ14: 0.23 | CK14: 0.18 | CL14: 0.17 | CM14: 0.17 | CN14: N/A | CO14: N/A | CP14: 0.205 | CQ14: N/A | CR14: N/A | CS14: 0.22 | CT14: N/A | CU14: N/A | CV14: N/A | CW14: N/A | CX14: N/A | CY14: N/A | CZ14: N/A | DA14: N/A | DB14: N/A | DC14: 0.3305 | DD14: N/A | DE14: 0.33 | DF14: 0.33 | DG14: N/A | DH14: N/A | DI14: 0.3305 | DJ14: N/A | DK14: 0.33054 | DL14: 0.33 | DM14: 0.1975 | DN14: 0.4605 | DO14: N/A | DP14: N/A | DQ14: 0.66 | DR14: N/A | DS14: N/A | DT14: 0.3293 | DU14: N/A | DV14: N/A | DW14: N/A | DX14: N/A | DY14: N/A | DZ14: N/A | EA14: N/A | EB14: N/A | EC14: N/A | ED14: 0.60664151 | EE14: N/A | EF14: 0.55707317 | EG14: 0.60603774 | EH14: N/A | EI14: N/A | EJ14: 0.53889157 | EK14: N/A | EL14: 0.65885506 | EM14: 0.55707317 | EN14: 0.38506024 | EO14: 0.4605 | EP14: N/A | EQ14: N/A | ER14: 0.66 | ES14: N/A | ET14: N/A | EU14: 0.63606154 | EV14: N/A | EW14: N/A | EX14: N/A | EY14: N/A | EZ14: N/A | FA14: N/A | FB14: N/A | FC14: N/A | FD14: 0.15625 | FE14: 0.171875 | FF14: 0.16666667 | FG14: 0.14583333 | FH14: 0.171875 | FI14: 0.16666667 | FJ14: 0.13541667 | FK14: 0.13541667 | FL14: 0.15625 | FM14: 0.19791667 | FN14: 0.14583333 | FO14: 0.13541667 | FP14: 0.13541667 | FQ14: 0.15625 | FR14: 0.16666667 | FS14: 0.171875 | FT14: 0.19270833 | FU14: 0.16145833 | FV14: 0.1875 | FW14: 0.16666667 | FX14: 0.16145833 | FY14: 0.16666667 | FZ14: 0.13541667 | GA14: 0.13541667 | GB14: 0.16666667 | GC14: 0 | GD14: 0.16666667 | GE14: 59.578161 | GF14: 60.881318 | GG14: 60.44064 | GH14: 58.74 | GI14: 60.881318 | GJ14: 60.44064 | GK14: 57.925159 | GL14: 57.925159 | GM14: 59.578161 | GN14: 63.185032 | GO14: 58.74 | GP14: 57.925159 | GQ14: 57.925159 | GR14: 59.578161 | GS14: 60.44064 | GT14: 60.881318 | GU14: 62.710413 | GV14: 60.006258 | GW14: 62.242901 | GX14: 60.44064 | GY14: 60.006258 | GZ14: 60.44064 | HA14: 57.925159 | HB14: 57.925159 | HC14: 60.44064 | HD14: 58.74 | HE14: 60.44064 | HF14: N/A | HG14: N/A | HH14: N/A | HI14: N/A | HJ14: N/A | HK14: N/A | HL14: N/A | HM14: N/A | HN14: N/A | HO14: N/A | HP14: N/A | HQ14: N/A | HR14: N/A | HS14: N/A | HT14: N/A | HU14: N/A | HV14: N/A | HW14: N/A | HX14: N/A | HY14: N/A | HZ14: N/A | IA14: N/A | IB14: N/A | IC14: N/A | ID14: N/A | IE14: N/A | IF14: N/A | IG14: 0 | IH14: 0.083333333 | II14: 0.13541667 | IJ14: 0.140625 | IK14: 0.14583333 | IL14: 0.15625 | IM14: 0.16145833 | IN14: 0.16666667 | IO14: 0.171875 | IP14: 0.17708333 | IQ14: 0.1875 | IR14: 0.19270833 | IS14: 0.19791667 | IT14: 0.083333333 | IU14: 0.13541667 | IV14: 0.140625 | IW14: 0.14583333 | IX14: 0.15625 | IY14: 0.16145833 | IZ14: 0.16666667 | JA14: 0.17708333 | JB14: 0.1875 | JC14: 46.875342 | JD14: 54.16856 | JE14: 57.925159 | JF14: 58.329701 | JG14: 58.74 | JH14: 59.578161 | JI14: 60.006258 | JJ14: 60.44064 | JK14: 60.881318 | JL14: 61.328496 | JM14: 62.242901 | JN14: 62.710413 | JO14: 63.185032 | JP14: 47.560192 | JQ14: 50.425236 | JR14: 50.73086 | JS14: 51.040185 | JT14: 51.670347 | JU14: 51.991244 | JV14: 52.316194 | JW14: 52.978428 | JX14: 53.657639 | JY14: N/A | JZ14: N/A | KA14: N/A | KB14: N/A | KC14: N/A | KD14: N/A | KE14: N/A | KF14: N/A | KG14: N/A | KH14: N/A | KI14: N/A | KJ14: N/A | KK14: N/A | KL14: N/A | KM14: N/A | KN14: N/A | KO14: N/A | KP14: N/A | KQ14: N/A | KR14: N/A | KS14: N/A | KT14: N/A | LE14: 0.14583333 | LL14: 0.16145833 | LM14: 0.1875 | LQ14: 0.13541667 | LR14: 0.13541667 | LT14: 0 | NZ14: 0.08 | OA14: 46.247548 | OB14: 46.383954 | OC14: 46.337824 | OD14: 46.15985 | OE14: 46.383954 | OF14: 46.337824 | OG14: 46.074637 | OH14: 46.074637 | OI14: 46.247548 | OJ14: 46.625288 | OK14: 46.15985 | OL14: 46.074637 | OM14: 46.074637 | ON14: 46.247548 | OO14: 46.337824 | OP14: 46.383954 | OQ14: 46.575546 | OR14: 46.292328 | OS14: 46.526569 | OT14: 46.337824 | OU14: 46.292328 | OV14: 46.337824 | OW14: 46.074637 | OX14: 46.074637 | OY14: 46.337824 | OZ14: 54.0408 | PA14: 46.337824 | PB14: 0 | PC14: 0 | PD14: 0 | PE14: 0 | PF14: 0 | PG14: 0 | PH14: 0 | PI14: 0 | PJ14: 0 | PK14: 0 | PL14: 0 | PM14: 0 | PN14: 0 | PO14: 0 | PP14: 0 | PQ14: 0 | PR14: 0 | PS14: 0 | PT14: 0 | PU14: 0 | PV14: 0 | PW14: 0 | PX14: 0 | PY14: 0 | PZ14: 0 | QA14: 0 | QB14: 0 | QC14: 0 | QD14: 13.421731 | QE14: 0 | QF14: 11.090974 | QG14: 13.41599 | QH14: 0 | QI14: 0 | QJ14: 10.210672 | QK14: 0 | QL14: 15.924245 | QM14: 11.090974 | QN14: 9.0057596 | QO14: 9.5966557 | QP14: 0 | QQ14: 0 | QR14: 13.929101 | QS14: 0 | QT14: 0 | QU14: 14.88541 | QV14: 0 | QW14: 0 | QX14: 0 | QY14: 0 | QZ14: 0 | RA14: 0 | RB14: 0 | RC14: 0 | RD14: 46.247548 | RE14: 59.805685 | RF14: 46.337824 | RG14: 57.250824 | RH14: 59.799944 | RI14: 46.337824 | RJ14: 46.074637 | RK14: 56.285309 | RL14: 46.247548 | RM14: 62.549534 | RN14: 57.250824 | RO14: 55.080396 | RP14: 55.671292 | RQ14: 46.247548 | RR14: 46.337824 | RS14: 60.313055 | RT14: 46.575546 | RU14: 46.292328 | RV14: 61.411978 | RW14: 46.337824 | RX14: 46.292328 | RY14: 46.337824 | RZ14: 46.074637 | SA14: 46.074637 | SB14: 46.337824 | SC14: 54.0408 | SD14: 46.337824 | SE14: 48.25831 | SF14: 48.400648 | SG14: 48.352512 | SH14: 48.1668 | SI14: 48.400648 | SJ14: 48.352512 | SK14: 48.077882 | SL14: 48.077882 | SM14: 48.25831 | SN14: 48.652475 | SO14: 48.1668 | SP14: 48.077882 | SQ14: 48.077882 | SR14: 48.25831 | SS14: 48.352512 | ST14: 48.400648 | SU14: 48.60057 | SV14: 48.305038 | SW14: 48.549463 | SX14: 48.352512 | SY14: 48.305038 | SZ14: 48.352512 | TA14: 48.077882 | TB14: 48.077882 | TC14: 48.352512 | TD14: 48.1668 | TE14: 48.352512
A15: N | B15: DE&OH | C15: 100185962 | D15: CLAROFT 15ML | E15: SP | F15: 7896548133613 | G15: 60 | H15: EJCDA00 | I15: 1006810900011 | J15: S1G5 - DESCONGESTIONANTES OFTALMOLÓGICOS, SIMPATICOMIMÉTICOS | K15: Regulado | L15: Referencia | M15: Negativa | N15: 3004.90.69 | O15: 13.001.01 | P15: 0 | Q15: Nacional | R15: Monofásico | S15: 0 | T15: 0 | U15: 13.38 | V15: 0 | W15: 0 | Y15: 0.19 | Z15: 0.205 | AA15: 0.2 | AB15: 0.18 | AC15: 0.205 | AD15: 0.2 | AE15: 0.17 | AF15: 0.17 | AG15: 0.19 | AH15: 0.23 | AI15: 0.18 | AJ15: 0.17 | AK15: 0.17 | AL15: 0.19 | AM15: 0.2 | AN15: 0.205 | AO15: 0.225 | AP15: 0.195 | AQ15: 0.22 | AR15: 0.2 | AS15: 0.195 | AT15: 0.2 | AU15: 0.17 | AV15: 0.17 | AW15: 0.2 | AX15: 0.18 | AY15: 0.2 | AZ15: 0.07 | BA15: 0.07 | BB15: 0.07 | BC15: 0.07 | BD15: 0.07 | BE15: 0.07 | BF15: 0.07 | BG15: 0.07 | BH15: 0.07 | BI15: 0.07 | BJ15: 0.12 | BK15: 0.07 | BL15: 0.07 | BM15: 0.07 | BN15: 0.07 | BO15: 0.07 | BP15: 0.07 | BQ15: 0.12 | BR15: 0.12 | BS15: 0.07 | BT15: 0.07 | BU15: 0.07 | BV15: 0.12 | BW15: 0.12 | BX15: 0.07 | BY15: 0.18 | BZ15: 0.07 | CA15: N/A | CB15: PMC | CC15: N/A | CD15: PMC | CE15: PMC | CF15: N/A | CG15: N/A | CH15: PMC | CI15: N/A | CJ15: PMC | CK15: PMC | CL15: PMC | CM15: PMC | CN15: N/A | CO15: N/A | CP15: PMC | CQ15: N/A | CR15: N/A | CS15: PMC | CT15: N/A | CU15: N/A | CV15: N/A | CW15: N/A | CX15: N/A | CY15: N/A | CZ15: N/A | DA15: N/A | DB15: N/A | DC15: PMC | DD15: N/A | DE15: PMC | DF15: PMC | DG15: N/A | DH15: N/A | DI15: PMC | DJ15: N/A | DK15: PMC | DL15: PMC | DM15: PMC | DN15: PMC | DO15: N/A | DP15: N/A | DQ15: PMC | DR15: N/A | DS15: N/A | DT15: PMC | DU15: N/A | DV15: N/A | DW15: N/A | DX15: N/A | DY15: N/A | DZ15: N/A | EA15: N/A | EB15: N/A | EC15: N/A | ED15: PMC | EE15: N/A | EF15: PMC | EG15: PMC | EH15: N/A | EI15: N/A | EJ15: PMC | EK15: N/A | EL15: PMC | EM15: PMC | EN15: PMC | EO15: PMC | EP15: N/A | EQ15: N/A | ER15: PMC | ES15: N/A | ET15: N/A | EU15: PMC | EV15: N/A | EW15: N/A | EX15: N/A | EY15: N/A | EZ15: N/A | FA15: N/A | FB15: N/A | FC15: N/A | FD15: 0.12903226 | FE15: 0.14516129 | FF15: 0.13978495 | FG15: 0.11827957 | FH15: 0.14516129 | FI15: 0.13978495 | FJ15: 0.10752688 | FK15: 0.10752688 | FL15: 0.12903226 | FM15: 0.17204301 | FN15: 0.068181818 | FO15: 0.10752688 | FP15: 0.10752688 | FQ15: 0.12903226 | FR15: 0.13978495 | FS15: 0.14516129 | FT15: 0.16666667 | FU15: 0.085227273 | FV15: 0.11363636 | FW15: 0.13978495 | FX15: 0.1344086 | FY15: 0.13978495 | FZ15: 0.056818182 | GA15: 0.056818182 | GB15: 0.13978495 | GC15: 0 | GD15: 0.13978495 | GE15: 11.43397 | GF15: 11.649707 | GG15: 11.576891 | GH15: 11.294528 | GI15: 11.649707 | GJ15: 11.576891 | GK15: 11.158452 | GL15: 11.158452 | GM15: 11.43397 | GN15: 12.027938 | GO15: 11.294528 | GP15: 11.158452 | GQ15: 11.158452 | GR15: 11.43397 | GS15: 11.576891 | GT15: 11.649707 | GU15: 11.950345 | GV15: 11.50499 | GW15: 11.873734 | GX15: 11.576891 | GY15: 11.50499 | GZ15: 11.576891 | HA15: 11.158452 | HB15: 11.158452 | HC15: 11.576891 | HD15: 11.294528 | HE15: 11.576891 | HF15: 15.338264 | HG15: 15.627667 | HH15: 15.529987 | HI15: 15.151207 | HJ15: 15.627667 | HK15: 15.529987 | HL15: 14.968665 | HM15: 14.968665 | HN15: 15.338264 | HO15: 16.135051 | HP15: 15.151207 | HQ15: 14.968665 | HR15: 14.968665 | HS15: 15.338264 | HT15: 15.529987 | HU15: 15.627667 | HV15: 16.030962 | HW15: 15.433535 | HX15: 15.928191 | HY15: 15.529987 | HZ15: 15.433535 | IA15: 15.529987 | IB15: 14.968665 | IC15: 14.968665 | ID15: 15.529987 | IE15: 15.151207 | IF15: 15.529987 | IG15: 0 | IH15: 0.053763441 | II15: 0.10752688 | IJ15: 0.11290323 | IK15: 0.11827957 | IL15: 0.12903226 | IM15: 0.1344086 | IN15: 0.13978495 | IO15: 0.14516129 | IP15: 0.15053763 | IQ15: 0.16129032 | IR15: 0.16666667 | IS15: 0.17204301 | IT15: 0.053763441 | IU15: 0.10752688 | IV15: 0.11290323 | IW15: 0.11827957 | IX15: 0.12903226 | IY15: 0.1344086 | IZ15: 0.13978495 | JA15: 0.15053763 | JB15: 0.16129032 | JC15: 9.261513 | JD15: 10.524444 | JE15: 11.158452 | JF15: 11.226072 | JG15: 11.294528 | JH15: 11.43397 | JI15: 11.50499 | JJ15: 11.576891 | JK15: 11.649707 | JL15: 11.723438 | JM15: 11.873734 | JN15: 11.950345 | JO15: 12.027938 | JP15: 9.3968214 | JQ15: 9.9629031 | JR15: 10.023284 | JS15: 10.084398 | JT15: 10.208898 | JU15: 10.272305 | JV15: 10.336504 | JW15: 10.467351 | JX15: 10.601541 | JY15: 12.42399 | JZ15: 14.118168 | KA15: 14.968665 | KB15: 15.059376 | KC15: 15.151207 | KD15: 15.338264 | KE15: 15.433535 | KF15: 15.529987 | KG15: 15.627667 | KH15: 15.726574 | KI15: 15.928191 | KJ15: 16.030962 | KK15: 16.135051 | KL15: 12.990554 | KM15: 13.773129 | KN15: 13.856602 | KO15: 13.941089 | KP15: 14.113203 | KQ15: 14.20086 | KR15: 14.28961 | KS15: 14.470498 | KT15: 14.656008 | LE15: 0.068181818 | LL15: 0.085227273 | LM15: 0.11363636 | LQ15: 0.056818182 | LR15: 0.056818182 | LT15: 0 | NZ15: 0.08 | OA15: 9.1619297 | OB15: 9.1619309 | OC15: 9.1619268 | OD15: 9.1619268 | OE15: 9.1619309 | OF15: 9.1619268 | OG15: 9.1619286 | OH15: 9.1619286 | OI15: 9.1619297 | OJ15: 9.1619262 | OK15: 9.6824908 | OL15: 9.1619286 | OM15: 9.1619286 | ON15: 9.1619297 | OO15: 9.1619268 | OP15: 9.1619309 | OQ15: 9.161931 | OR15: 9.6824952 | OS15: 9.6824903 | OT15: 9.1619268 | OU15: 9.1619309 | OV15: 9.1619268 | OW15: 9.6824927 | OX15: 9.6824927 | OY15: 9.1619268 | OZ15: 10.390966 | PA15: 9.1619268 | PB15: 0 | PC15: 0 | PD15: 0 | PE15: 0 | PF15: 0 | PG15: 0 | PH15: 0 | PI15: 0 | PJ15: 0 | PK15: 0 | PL15: 0 | PM15: 0 | PN15: 0 | PO15: 0 | PP15: 0 | PQ15: 0 | PR15: 0 | PS15: 0 | PT15: 0 | PU15: 0 | PV15: 0 | PW15: 0 | PX15: 0 | PY15: 0 | PZ15: 0 | QA15: 0 | QB15: 0 | QC15: 0 | QD15: 0 | QE15: 0 | QF15: 0 | QG15: 0 | QH15: 0 | QI15: 0 | QJ15: 0 | QK15: 0 | QL15: 0 | QM15: 0 | QN15: 0 | QO15: 0 | QP15: 0 | QQ15: 0 | QR15: 0 | QS15: 0 | QT15: 0 | QU15: 0 | QV15: 0 | QW15: 0 | QX15: 0 | QY15: 0 | QZ15: 0 | RA15: 0 | RB15: 0 | RC15: 0 | RD15: 9.1619297 | RE15: 9.1619309 | RF15: 9.1619268 | RG15: 9.1619268 | RH15: 9.1619309 | RI15: 9.1619268 | RJ15: 9.1619286 | RK15: 9.1619286 | RL15: 9.1619297 | RM15: 9.1619262 | RN15: 9.6824908 | RO15: 9.1619286 | RP15: 9.1619286 | RQ15: 9.1619297 | RR15: 9.1619268 | RS15: 9.1619309 | RT15: 9.161931 | RU15: 9.6824952 | RV15: 9.6824903 | RW15: 9.1619268 | RX15: 9.1619309 | RY15: 9.1619268 | RZ15: 9.6824927 | SA15: 9.6824927 | SB15: 9.1619268 | SC15: 10.390966 | SD15: 9.1619268 | SE15: 9.2615159 | SF15: 9.2615171 | SG15: 9.261513 | SH15: 9.261513 | SI15: 9.2615171 | SJ15: 9.261513 | SK15: 9.2615148 | SL15: 9.2615148 | SM15: 9.2615159 | SN15: 9.2615124 | SO15: 9.261513 | SP15: 9.2615148 | SQ15: 9.2615148 | SR15: 9.2615159 | SS15: 9.261513 | ST15: 9.2615171 | SU15: 9.2615172 | SV15: 9.2615171 | SW15: 9.2615125 | SX15: 9.261513 | SY15: 9.2615171 | SZ15: 9.261513 | TA15: 9.2615148 | TB15: 9.2615148 | TC15: 9.261513 | TD15: 9.261513 | TE15: 9.261513
A16: S | B16: DE&OH | C16: 100185967 | D16: CLARIL 15ML | E16: SP | F16: 7896548113479 | G16: 60 | H16: EJCBB00 | I16: 1006811150016 | J16: S1G5 - DESCONGESTIONANTES OFTALMOLÓGICOS, SIMPATICOMIMÉTICOS | K16: Liberado | L16: Referencia | M16: Negativa | N16: 3004.90.69 | O16: 13.001.01 | P16: 3 | Q16: Importado | R16: Monofásico | S16: 0 | T16: 0 | U16: 24.17 | V16: 0 | W16: 0 | Y16: 0.19 | Z16: 0.205 | AA16: 0.2 | AB16: 0.18 | AC16: 0.205 | AD16: 0.2 | AE16: 0.17 | AF16: 0.17 | AG16: 0.19 | AH16: 0.23 | AI16: 0.18 | AJ16: 0.17 | AK16: 0.17 | AL16: 0.19 | AM16: 0.2 | AN16: 0.205 | AO16: 0.225 | AP16: 0.195 | AQ16: 0.22 | AR16: 0.2 | AS16: 0.195 | AT16: 0.2 | AU16: 0.17 | AV16: 0.17 | AW16: 0.2 | AX16: 0.18 | AY16: 0.2 | AZ16: 0.07 | BA16: 0.07 | BB16: 0.07 | BC16: 0.07 | BD16: 0.07 | BE16: 0.07 | BF16: 0.07 | BG16: 0.07 | BH16: 0.07 | BI16: 0.07 | BJ16: 0.12 | BK16: 0.07 | BL16: 0.07 | BM16: 0.07 | BN16: 0.07 | BO16: 0.07 | BP16: 0.07 | BQ16: 0.12 | BR16: 0.12 | BS16: 0.07 | BT16: 0.07 | BU16: 0.07 | BV16: 0.12 | BW16: 0.12 | BX16: 0.07 | BY16: 0.18 | BZ16: 0.07 | CA16: N/A | CB16: PMC | CC16: N/A | CD16: PMC | CE16: PMC | CF16: N/A | CG16: N/A | CH16: PMC | CI16: N/A | CJ16: PMC | CK16: PMC | CL16: PMC | CM16: PMC | CN16: N/A | CO16: N/A | CP16: PMC | CQ16: N/A | CR16: N/A | CS16: PMC | CT16: N/A | CU16: N/A | CV16: N/A | CW16: N/A | CX16: N/A | CY16: N/A | CZ16: N/A | DA16: N/A | DB16: N/A | DC16: PMC | DD16: N/A | DE16: PMC | DF16: PMC | DG16: N/A | DH16: N/A | DI16: PMC | DJ16: N/A | DK16: PMC | DL16: PMC | DM16: PMC | DN16: PMC | DO16: N/A | DP16: N/A | DQ16: PMC | DR16: N/A | DS16: N/A | DT16: PMC | DU16: N/A | DV16: N/A | DW16: N/A | DX16: N/A | DY16: N/A | DZ16: N/A | EA16: N/A | EB16: N/A | EC16: N/A | ED16: PMC | EE16: N/A | EF16: PMC | EG16: PMC | EH16: N/A | EI16: N/A | EJ16: PMC | EK16: N/A | EL16: PMC | EM16: PMC | EN16: PMC | EO16: PMC | EP16: N/A | EQ16: N/A | ER16: PMC | ES16: N/A | ET16: N/A | EU16: PMC | EV16: N/A | EW16: N/A | EX16: N/A | EY16: N/A | EZ16: N/A | FA16: N/A | FB16: N/A | FC16: N/A | FD16: 0.12903226 | FE16: 0.14516129 | FF16: 0.13978495 | FG16: 0.11827957 | FH16: 0.14516129 | FI16: 0.13978495 | FJ16: 0.10752688 | FK16: 0.10752688 | FL16: 0.12903226 | FM16: 0.17204301 | FN16: 0.068181818 | FO16: 0.10752688 | FP16: 0.10752688 | FQ16: 0.12903226 | FR16: 0.13978495 | FS16: 0.14516129 | FT16: 0.16666667 | FU16: 0.085227273 | FV16: 0.11363636 | FW16: 0.13978495 | FX16: 0.1344086 | FY16: 0.13978495 | FZ16: 0.056818182 | GA16: 0.056818182 | GB16: 0.13978495 | GC16: 0 | GD16: 0.13978495 | GE16: 24.174822 | GF16: 24.630954 | GG16: 24.477 | GH16: 23.88 | GI16: 24.630954 | GJ16: 24.477 | GK16: 23.592294 | GL16: 23.592294 | GM16: 24.174822 | GN16: 25.430648 | GO16: 23.88 | GP16: 23.592294 | GQ16: 23.592294 | GR16: 24.174822 | GS16: 24.477 | GT16: 24.630954 | GU16: 25.266592 | GV16: 24.32498 | GW16: 25.104614 | GX16: 24.477 | GY16: 24.32498 | GZ16: 24.477 | HA16: 23.592294 | HB16: 23.592294 | HC16: 24.477 | HD16: 23.88 | HE16: 24.477 | HF16: 27.337066 | HG16: 27.852863 | HH16: 27.67877 | HI16: 27.003678 | HJ16: 27.852863 | HK16: 27.67877 | HL16: 26.678338 | HM16: 26.678338 | HN16: 27.337066 | HO16: 28.757162 | HP16: 27.003678 | HQ16: 26.678338 | HR16: 26.678338 | HS16: 27.337066 | HT16: 27.67877 | HU16: 27.852863 | HV16: 28.571647 | HW16: 27.506865 | HX16: 28.388481 | HY16: 27.67877 | HZ16: 27.506865 | IA16: 27.67877 | IB16: 26.678338 | IC16: 26.678338 | ID16: 27.67877 | IE16: 27.003678 | IF16: 27.67877 | IG16: 0 | IH16: 0.053763441 | II16: 0.10752688 | IJ16: 0.11290323 | IK16: 0.11827957 | IL16: 0.12903226 | IM16: 0.1344086 | IN16: 0.13978495 | IO16: 0.14516129 | IP16: 0.15053763 | IQ16: 0.16129032 | IR16: 0.16666667 | IS16: 0.17204301 | IT16: 0.053763441 | IU16: 0.10752688 | IV16: 0.11290323 | IW16: 0.11827957 | IX16: 0.12903226 | IY16: 0.1344086 | IZ16: 0.13978495 | JA16: 0.15053763 | JB16: 0.16129032 | JC16: 19.5816 | JD16: 22.251814 | JE16: 23.592294 | JF16: 23.735263 | JG16: 23.88 | JH16: 24.174822 | JI16: 24.32498 | JJ16: 24.477 | JK16: 24.630954 | JL16: 24.786843 | JM16: 25.104614 | JN16: 25.266592 | JO16: 25.430648 | JP16: 19.867682 | JQ16: 21.064548 | JR16: 21.19221 | JS16: 21.321425 | JT16: 21.584654 | JU16: 21.718717 | JV16: 21.854451 | JW16: 22.1311 | JX16: 22.414819 | JY16: 22.143016 | JZ16: 25.162514 | KA16: 26.678338 | KB16: 26.840009 | KC16: 27.003678 | KD16: 27.337066 | KE16: 27.506865 | KF16: 27.67877 | KG16: 27.852863 | KH16: 28.029143 | KI16: 28.388481 | KJ16: 28.571647 | KK16: 28.757162 | KL16: 23.152792 | KM16: 24.547559 | KN16: 24.69633 | KO16: 24.84691 | KP16: 25.153664 | KQ16: 25.309894 | KR16: 25.468071 | KS16: 25.790465 | KT16: 26.121096 | LE16: 0.068181818 | LL16: 0.085227273 | LM16: 0.11363636 | LQ16: 0.056818182 | LR16: 0.056818182 | LT16: 0 | NZ16: 0.08 | OA16: 19.371051 | OB16: 19.371054 | OC16: 19.371045 | OD16: 19.371045 | OE16: 19.371054 | OF16: 19.371045 | OG16: 19.371049 | OH16: 19.371049 | OI16: 19.371051 | OJ16: 19.371044 | OK16: 20.471673 | OL16: 19.371049 | OM16: 19.371049 | ON16: 19.371051 | OO16: 19.371045 | OP16: 19.371054 | OQ16: 19.371054 | OR16: 20.471682 | OS16: 20.471672 | OT16: 19.371045 | OU16: 19.371054 | OV16: 19.371045 | OW16: 20.471677 | OX16: 20.471677 | OY16: 19.371045 | OZ16: 21.9696 | PA16: 19.371045 | PB16: 0 | PC16: 0 | PD16: 0 | PE16: 0 | PF16: 0 | PG16: 0 | PH16: 0 | PI16: 0 | PJ16: 0 | PK16: 0 | PL16: 0 | PM16: 0 | PN16: 0 | PO16: 0 | PP16: 0 | PQ16: 0 | PR16: 0 | PS16: 0 | PT16: 0 | PU16: 0 | PV16: 0 | PW16: 0 | PX16: 0 | PY16: 0 | PZ16: 0 | QA16: 0 | QB16: 0 | QC16: 0 | QD16: 0 | QE16: 0 | QF16: 0 | QG16: 0 | QH16: 0 | QI16: 0 | QJ16: 0 | QK16: 0 | QL16: 0 | QM16: 0 | QN16: 0 | QO16: 0 | QP16: 0 | QQ16: 0 | QR16: 0 | QS16: 0 | QT16: 0 | QU16: 0 | QV16: 0 | QW16: 0 | QX16: 0 | QY16: 0 | QZ16: 0 | RA16: 0 | RB16: 0 | RC16: 0 | RD16: 19.371051 | RE16: 19.371054 | RF16: 19.371045 | RG16: 19.371045 | RH16: 19.371054 | RI16: 19.371045 | RJ16: 19.371049 | RK16: 19.371049 | RL16: 19.371051 | RM16: 19.371044 | RN16: 20.471673 | RO16: 19.371049 | RP16: 19.371049 | RQ16: 19.371051 | RR16: 19.371045 | RS16: 19.371054 | RT16: 19.371054 | RU16: 20.471682 | RV16: 20.471672 | RW16: 19.371045 | RX16: 19.371054 | RY16: 19.371045 | RZ16: 20.471677 | SA16: 20.471677 | SB16: 19.371045 | SC16: 21.9696 | SD16: 19.371045 | SE16: 19.581606 | SF16: 19.581609 | SG16: 19.5816 | SH16: 19.5816 | SI16: 19.581609 | SJ16: 19.5816 | SK16: 19.581604 | SL16: 19.581604 | SM16: 19.581606 | SN16: 19.581599 | SO16: 19.5816 | SP16: 19.581604 | SQ16: 19.581604 | SR16: 19.581606 | SS16: 19.5816 | ST16: 19.581609 | SU16: 19.581609 | SV16: 19.581609 | SW16: 19.581599 | SX16: 19.5816 | SY16: 19.581609 | SZ16: 19.5816 | TA16: 19.581604 | TB16: 19.581604 | TC16: 19.5816 | TD16: 19.5816 | TE16: 19.5816
A17: S | B17: DE&OH | C17: 100245294 | D17: SYSTANE COMPLETE 10ML | E17: SP | F17: 0300651481198 | G17: 144 | H17: EJB2E00 | I17: --- | J17: --- | K17: --- | L17: Outros | M17: Negativa | N17: 3004.90.99 | O17: 13.004.01 | P17: 1 | Q17: Importado | R17: Monofásico | S17: 0.12 | T17: 0 | U17: N/A | V17: 0 | W17: 0 | Y17: 0.19 | Z17: 0.205 | AA17: 0.2 | AB17: 0.18 | AC17: 0.205 | AD17: 0.2 | AE17: 0.17 | AF17: 0.17 | AG17: 0.19 | AH17: 0.23 | AI17: 0.18 | AJ17: 0.17 | AK17: 0.17 | AL17: 0.19 | AM17: 0.2 | AN17: 0.205 | AO17: 0.225 | AP17: 0.195 | AQ17: 0.22 | AR17: 0.2 | AS17: 0.195 | AT17: 0.2 | AU17: 0.17 | AV17: 0.17 | AW17: 0.2 | AX17: 0.18 | AY17: 0.2 | AZ17: 0.04 | BA17: 0.04 | BB17: 0.04 | BC17: 0.04 | BD17: 0.04 | BE17: 0.04 | BF17: 0.04 | BG17: 0.04 | BH17: 0.04 | BI17: 0.04 | BJ17: 0.04 | BK17: 0.04 | BL17: 0.04 | BM17: 0.04 | BN17: 0.04 | BO17: 0.04 | BP17: 0.04 | BQ17: 0.04 | BR17: 0.04 | BS17: 0.04 | BT17: 0.04 | BU17: 0.04 | BV17: 0.04 | BW17: 0.04 | BX17: 0.04 | BY17: 0.18 | BZ17: 0.04 | CA17: N/A | CB17: 0.205 | CC17: N/A | CD17: 0.18 | CE17: 0.205 | CF17: N/A | CG17: N/A | CH17: 0.17 | CI17: N/A | CJ17: 0.23 | CK17: 0.18 | CL17: 0.17 | CM17: 0.17 | CN17: N/A | CO17: N/A | CP17: 0.205 | CQ17: N/A | CR17: N/A | CS17: 0.22 | CT17: N/A | CU17: N/A | CV17: N/A | CW17: N/A | CX17: N/A | CY17: N/A | CZ17: N/A | DA17: N/A | DB17: N/A | DC17: 0.3305 | DD17: N/A | DE17: 0.33 | DF17: 0.33 | DG17: N/A | DH17: N/A | DI17: 0.3305 | DJ17: N/A | DK17: 0.33054 | DL17: 0.33 | DM17: 0.1975 | DN17: 0.4605 | DO17: N/A | DP17: N/A | DQ17: 0.66 | DR17: N/A | DS17: N/A | DT17: 0.3293 | DU17: N/A | DV17: N/A | DW17: N/A | DX17: N/A | DY17: N/A | DZ17: N/A | EA17: N/A | EB17: N/A | EC17: N/A | ED17: 0.60664151 | EE17: N/A | EF17: 0.55707317 | EG17: 0.60603774 | EH17: N/A | EI17: N/A | EJ17: 0.53889157 | EK17: N/A | EL17: 0.65885506 | EM17: 0.55707317 | EN17: 0.38506024 | EO17: 0.4605 | EP17: N/A | EQ17: N/A | ER17: 0.66 | ES17: N/A | ET17: N/A | EU17: 0.63606154 | EV17: N/A | EW17: N/A | EX17: N/A | EY17: N/A | EZ17: N/A | FA17: N/A | FB17: N/A | FC17: N/A | FD17: 0.15625 | FE17: 0.171875 | FF17: 0.16666667 | FG17: 0.14583333 | FH17: 0.171875 | FI17: 0.16666667 | FJ17: 0.13541667 | FK17: 0.13541667 | FL17: 0.15625 | FM17: 0.19791667 | FN17: 0.14583333 | FO17: 0.13541667 | FP17: 0.13541667 | FQ17: 0.15625 | FR17: 0.16666667 | FS17: 0.171875 | FT17: 0.19270833 | FU17: 0.16145833 | FV17: 0.1875 | FW17: 0.16666667 | FX17: 0.16145833 | FY17: 0.16666667 | FZ17: 0.13541667 | GA17: 0.13541667 | GB17: 0.16666667 | GC17: 0 | GD17: 0.16666667 | GE17: 86.212865 | GF17: 88.098604 | GG17: 87.46092 | GH17: 85 | GI17: 88.098604 | GJ17: 87.46092 | GK17: 83.82088 | GL17: 83.82088 | GM17: 86.212865 | GN17: 91.432205 | GO17: 85 | GP17: 83.82088 | GQ17: 83.82088 | GR17: 86.212865 | GS17: 87.46092 | GT17: 88.098604 | GU17: 90.745405 | GV17: 86.832345 | GW17: 90.06889 | GX17: 87.46092 | GY17: 86.832345 | GZ17: 87.46092 | HA17: 83.82088 | HB17: 83.82088 | HC17: 87.46092 | HD17: 85 | HE17: 87.46092 | HF17: N/A | HG17: N/A | HH17: N/A | HI17: N/A | HJ17: N/A | HK17: N/A | HL17: N/A | HM17: N/A | HN17: N/A | HO17: N/A | HP17: N/A | HQ17: N/A | HR17: N/A | HS17: N/A | HT17: N/A | HU17: N/A | HV17: N/A | HW17: N/A | HX17: N/A | HY17: N/A | HZ17: N/A | IA17: N/A | IB17: N/A | IC17: N/A | ID17: N/A | IE17: N/A | IF17: N/A | IG17: 0 | IH17: 0.083333333 | II17: 0.13541667 | IJ17: 0.140625 | IK17: 0.14583333 | IL17: 0.15625 | IM17: 0.16145833 | IN17: 0.16666667 | IO17: 0.171875 | IP17: 0.17708333 | IQ17: 0.1875 | IR17: 0.19270833 | IS17: 0.19791667 | IT17: 0.083333333 | IU17: 0.13541667 | IV17: 0.140625 | IW17: 0.14583333 | IX17: 0.15625 | IY17: 0.16145833 | IZ17: 0.16666667 | JA17: 0.17708333 | JB17: 0.1875 | JC17: 67.83119 | JD17: 78.384875 | JE17: 83.82088 | JF17: 84.406275 | JG17: 85 | JH17: 86.212865 | JI17: 86.832345 | JJ17: 87.46092 | JK17: 88.098604 | JL17: 88.745695 | JM17: 90.06889 | JN17: 90.745405 | JO17: 91.432205 | JP17: 68.822205 | JQ17: 72.96808 | JR17: 73.410335 | JS17: 73.857945 | JT17: 74.769825 | JU17: 75.23418 | JV17: 75.7044 | JW17: 76.66269 | JX17: 77.645545 | JY17: N/A | JZ17: N/A | KA17: N/A | KB17: N/A | KC17: N/A | KD17: N/A | KE17: N/A | KF17: N/A | KG17: N/A | KH17: N/A | KI17: N/A | KJ17: N/A | KK17: N/A | KL17: N/A | KM17: N/A | KN17: N/A | KO17: N/A | KP17: N/A | KQ17: N/A | KR17: N/A | KS17: N/A | KT17: N/A | LE17: 0.14583333 | LL17: 0.16145833 | LM17: 0.1875 | LQ17: 0.13541667 | LR17: 0.13541667 | LT17: 0 | NZ17: 0.08 | OA17: 66.922736 | OB17: 67.120124 | OC17: 67.053372 | OD17: 66.795833 | OE17: 67.120124 | OF17: 67.053372 | OG17: 66.672525 | OH17: 66.672525 | OI17: 66.922736 | OJ17: 67.469348 | OK17: 66.795833 | OL17: 66.672525 | OM17: 66.672525 | ON17: 66.922736 | OO17: 67.053372 | OP17: 67.120124 | OQ17: 67.397369 | OR17: 66.987536 | OS17: 67.326495 | OT17: 67.053372 | OU17: 66.987536 | OV17: 67.053372 | OW17: 66.672525 | OX17: 66.672525 | OY17: 67.053372 | OZ17: 78.2 | PA17: 67.053372 | PB17: 0 | PC17: 0 | PD17: 0 | PE17: 0 | PF17: 0 | PG17: 0 | PH17: 0 | PI17: 0 | PJ17: 0 | PK17: 0 | PL17: 0 | PM17: 0 | PN17: 0 | PO17: 0 | PP17: 0 | PQ17: 0 | PR17: 0 | PS17: 0 | PT17: 0 | PU17: 0 | PV17: 0 | PW17: 0 | PX17: 0 | PY17: 0 | PZ17: 0 | QA17: 0 | QB17: 0 | QC17: 0 | QD17: 19.42198 | QE17: 0 | QF17: 16.049247 | QG17: 19.413673 | QH17: 0 | QI17: 0 | QJ17: 14.775403 | QK17: 0 | QL17: 23.043256 | QM17: 16.049247 | QN17: 13.031828 | QO17: 13.886887 | QP17: 0 | QQ17: 0 | QR17: 20.156173 | QS17: 0 | QT17: 0 | QU17: 21.540004 | QV17: 0 | QW17: 0 | QX17: 0 | QY17: 0 | QZ17: 0 | RA17: 0 | RB17: 0 | RC17: 0 | RD17: 66.922736 | RE17: 86.542104 | RF17: 67.053372 | RG17: 82.84508 | RH17: 86.533797 | RI17: 67.053372 | RJ17: 66.672525 | RK17: 81.447928 | RL17: 66.922736 | RM17: 90.512604 | RN17: 82.84508 | RO17: 79.704353 | RP17: 80.559412 | RQ17: 66.922736 | RR17: 67.053372 | RS17: 87.276297 | RT17: 67.397369 | RU17: 66.987536 | RV17: 88.866499 | RW17: 67.053372 | RX17: 66.987536 | RY17: 67.053372 | RZ17: 66.672525 | SA17: 66.672525 | SB17: 67.053372 | SC17: 78.2 | SD17: 67.053372 | SE17: 69.832421 | SF17: 70.03839 | SG17: 69.968736 | SH17: 69.7 | SI17: 70.03839 | SJ17: 69.968736 | SK17: 69.57133 | SL17: 69.57133 | SM17: 69.832421 | SN17: 70.402798 | SO17: 69.7 | SP17: 69.57133 | SQ17: 69.57133 | SR17: 69.832421 | SS17: 69.968736 | ST17: 70.03839 | SU17: 70.327689 | SV17: 69.900038 | SW17: 70.253734 | SX17: 69.968736 | SY17: 69.900038 | SZ17: 69.968736 | TA17: 69.57133 | TB17: 69.57133 | TC17: 69.968736 | TD17: 69.7 | TE17: 69.968736
A18: S | B18: DE&OH | C18: 100331647 | D18: SYSTANE COMPLETE MDPF 10ML | E18: SP | F18: 0300651509755 | I18: --- | J18: --- | K18: --- | L18: Outros | M18: Negativa | N18: 3004.90.99 | O18: 13.004.01 | P18: 1 | Q18: Importado | R18: Monofásico | S18: 0.12 | T18: 0 | U18: N/A | V18: 0 | W18: 0 | Y18: 0.19 | Z18: 0.205 | AA18: 0.2 | AB18: 0.18 | AC18: 0.205 | AD18: 0.2 | AE18: 0.17 | AF18: 0.17 | AG18: 0.19 | AH18: 0.23 | AI18: 0.18 | AJ18: 0.17 | AK18: 0.17 | AL18: 0.19 | AM18: 0.2 | AN18: 0.205 | AO18: 0.225 | AP18: 0.195 | AQ18: 0.22 | AR18: 0.2 | AS18: 0.195 | AT18: 0.2 | AU18: 0.17 | AV18: 0.17 | AW18: 0.2 | AX18: 0.18 | AY18: 0.2 | AZ18: 0.04 | BA18: 0.04 | BB18: 0.04 | BC18: 0.04 | BD18: 0.04 | BE18: 0.04 | BF18: 0.04 | BG18: 0.04 | BH18: 0.04 | BI18: 0.04 | BJ18: 0.04 | BK18: 0.04 | BL18: 0.04 | BM18: 0.04 | BN18: 0.04 | BO18: 0.04 | BP18: 0.04 | BQ18: 0.04 | BR18: 0.04 | BS18: 0.04 | BT18: 0.04 | BU18: 0.04 | BV18: 0.04 | BW18: 0.04 | BX18: 0.04 | BY18: 0.18 | BZ18: 0.04 | CA18: N/A | CB18: 0.205 | CC18: N/A | CD18: 0.18 | CE18: 0.205 | CF18: N/A | CG18: N/A | CH18: 0.17 | CI18: N/A | CJ18: 0.23 | CK18: 0.18 | CL18: 0.17 | CM18: 0.17 | CN18: N/A | CO18: N/A | CP18: 0.205 | CQ18: N/A | CR18: N/A | CS18: 0.22 | CT18: N/A | CU18: N/A | CV18: N/A | CW18: N/A | CX18: N/A | CY18: N/A | CZ18: N/A | DA18: N/A | DB18: N/A | DC18: 0.3305 | DD18: N/A | DE18: 0.33 | DF18: 0.33 | DG18: N/A | DH18: N/A | DI18: 0.3305 | DJ18: N/A | DK18: 0.33054 | DL18: 0.33 | DM18: 0.1975 | DN18: 0.4605 | DO18: N/A | DP18: N/A | DQ18: 0.66 | DR18: N/A | DS18: N/A | DT18: 0.3293 | DU18: N/A | DV18: N/A | DW18: N/A | DX18: N/A | DY18: N/A | DZ18: N/A | EA18: N/A | EB18: N/A | EC18: N/A | ED18: 0.60664151 | EE18: N/A | EF18: 0.55707317 | EG18: 0.60603774 | EH18: N/A | EI18: N/A | EJ18: 0.53889157 | EK18: N/A | EL18: 0.65885506 | EM18: 0.55707317 | EN18: 0.38506024 | EO18: 0.4605 | EP18: N/A | EQ18: N/A | ER18: 0.66 | ES18: N/A | ET18: N/A | EU18: 0.63606154 | EV18: N/A | EW18: N/A | EX18: N/A | EY18: N/A | EZ18: N/A | FA18: N/A | FB18: N/A | FC18: N/A | FD18: 0.15625 | FE18: 0.171875 | FF18: 0.16666667 | FG18: 0.14583333 | FH18: 0.171875 | FI18: 0.16666667 | FJ18: 0.13541667 | FK18: 0.13541667 | FL18: 0.15625 | FM18: 0.19791667 | FN18: 0.14583333 | FO18: 0.13541667 | FP18: 0.13541667 | FQ18: 0.15625 | FR18: 0.16666667 | FS18: 0.171875 | FT18: 0.19270833 | FU18: 0.16145833 | FV18: 0.1875 | FW18: 0.16666667 | FX18: 0.16145833 | FY18: 0.16666667 | FZ18: 0.13541667 | GA18: 0.13541667 | GB18: 0.16666667 | GC18: 0 | GD18: 0.16666667 | GE18: 91.973913 | GF18: 93.985664 | GG18: 93.305367 | GH18: 90.68 | GI18: 93.985664 | GJ18: 93.305367 | GK18: 89.422087 | GL18: 89.422087 | GM18: 91.973913 | GN18: 97.542028 | GO18: 90.68 | GP18: 89.422087 | GQ18: 89.422087 | GR18: 91.973913 | GS18: 93.305367 | GT18: 93.985664 | GU18: 96.809333 | GV18: 92.634789 | GW18: 96.087611 | GX18: 93.305367 | GY18: 92.634789 | GZ18: 93.305367 | HA18: 89.422087 | HB18: 89.422087 | HC18: 93.305367 | HD18: 90.68 | HE18: 93.305367 | HF18: N/A | HG18: N/A | HH18: N/A | HI18: N/A | HJ18: N/A | HK18: N/A | HL18: N/A | HM18: N/A | HN18: N/A | HO18: N/A | HP18: N/A | HQ18: N/A | HR18: N/A | HS18: N/A | HT18: N/A | HU18: N/A | HV18: N/A | HW18: N/A | HX18: N/A | HY18: N/A | HZ18: N/A | IA18: N/A | IB18: N/A | IC18: N/A | ID18: N/A | IE18: N/A | IF18: N/A | IG18: 0 | IH18: 0.083333333 | II18: 0.13541667 | IJ18: 0.140625 | IK18: 0.14583333 | IL18: 0.15625 | IM18: 0.16145833 | IN18: 0.16666667 | IO18: 0.171875 | IP18: 0.17708333 | IQ18: 0.1875 | IR18: 0.19270833 | IS18: 0.19791667 | IT18: 0.083333333 | IU18: 0.13541667 | IV18: 0.140625 | IW18: 0.14583333 | IX18: 0.15625 | IY18: 0.16145833 | IZ18: 0.16666667 | JA18: 0.17708333 | JB18: 0.1875 | JC18: 72.36391 | JD18: 83.622829 | JE18: 89.422087 | JF18: 90.0466 | JG18: 90.68 | JH18: 91.973913 | JI18: 92.634789 | JJ18: 93.305367 | JK18: 93.985664 | JL18: 94.675996 | JM18: 96.087611 | JN18: 96.809333 | JO18: 97.542028 | JP18: 73.421148 | JQ18: 77.844065 | JR18: 78.315873 | JS18: 78.793394 | JT18: 79.766209 | JU18: 80.261593 | JV18: 80.763235 | JW18: 81.785562 | JX18: 82.834094 | JY18: N/A | JZ18: N/A | KA18: N/A | KB18: N/A | KC18: N/A | KD18: N/A | KE18: N/A | KF18: N/A | KG18: N/A | KH18: N/A | KI18: N/A | KJ18: N/A | KK18: N/A | KL18: N/A | KM18: N/A | KN18: N/A | KO18: N/A | KP18: N/A | KQ18: N/A | KR18: N/A | KS18: N/A | KT18: N/A | LE18: 0.14583333 | LL18: 0.16145833 | LM18: 0.1875 | LQ18: 0.13541667 | LR18: 0.13541667 | LT18: 0 | NZ18: 0.08 | OA18: 71.39475 | OB18: 71.605328 | OC18: 71.534115 | OD18: 71.259367 | OE18: 71.605328 | OF18: 71.534115 | OG18: 71.127818 | OH18: 71.127818 | OI18: 71.39475 | OJ18: 71.977888 | OK18: 71.259367 | OL18: 71.127818 | OM18: 71.127818 | ON18: 71.39475 | OO18: 71.534115 | OP18: 71.605328 | OQ18: 71.901099 | OR18: 71.46388 | OS18: 71.825489 | OT18: 71.534115 | OU18: 71.46388 | OV18: 71.534115 | OW18: 71.127818 | OX18: 71.127818 | OY18: 71.534115 | OZ18: 83.4256 | PA18: 71.534115 | PB18: 0 | PC18: 0 | PD18: 0 | PE18: 0 | PF18: 0 | PG18: 0 | PH18: 0 | PI18: 0 | PJ18: 0 | PK18: 0 | PL18: 0 | PM18: 0 | PN18: 0 | PO18: 0 | PP18: 0 | PQ18: 0 | PR18: 0 | PS18: 0 | PT18: 0 | PU18: 0 | PV18: 0 | PW18: 0 | PX18: 0 | PY18: 0 | PZ18: 0 | QA18: 0 | QB18: 0 | QC18: 0 | QD18: 20.719826 | QE18: 0 | QF18: 17.121714 | QG18: 20.710963 | QH18: 0 | QI18: 0 | QJ18: 15.762747 | QK18: 0 | QL18: 24.583088 | QM18: 17.121714 | QN18: 13.902661 | QO18: 14.814858 | QP18: 0 | QQ18: 0 | QR18: 21.50308 | QS18: 0 | QT18: 0 | QU18: 22.979383 | QV18: 0 | QW18: 0 | QX18: 0 | QY18: 0 | QZ18: 0 | RA18: 0 | RB18: 0 | RC18: 0 | RD18: 71.39475 | RE18: 92.325153 | RF18: 71.534115 | RG18: 88.381081 | RH18: 92.31629 | RI18: 71.534115 | RJ18: 71.127818 | RK18: 86.890566 | RL18: 71.39475 | RM18: 96.560976 | RN18: 88.381081 | RO18: 85.030479 | RP18: 85.942676 | RQ18: 71.39475 | RR18: 71.534115 | RS18: 93.108407 | RT18: 71.901099 | RU18: 71.46388 | RV18: 94.804872 | RW18: 71.534115 | RX18: 71.46388 | RY18: 71.534115 | RZ18: 71.127818 | SA18: 71.127818 | SB18: 71.534115 | SC18: 83.4256 | SD18: 71.534115 | SE18: 74.498869 | SF18: 74.718603 | SG18: 74.644294 | SH18: 74.3576 | SI18: 74.718603 | SJ18: 74.644294 | SK18: 74.220332 | SL18: 74.220332 | SM18: 74.498869 | SN18: 75.107361 | SO18: 74.3576 | SP18: 74.220332 | SQ18: 74.220332 | SR18: 74.498869 | SS18: 74.644294 | ST18: 74.718603 | SU18: 75.027233 | SV18: 74.571005 | SW18: 74.948337 | SX18: 74.644294 | SY18: 74.571005 | SZ18: 74.644294 | TA18: 74.220332 | TB18: 74.220332 | TC18: 74.644294 | TD18: 74.3576 | TE18: 74.644294
A19: S | B19: DE&OH | C19: 100269569 | D19: OFTANE 15ML (ASPEX) | E19: SP | F19: 0300651429206 | G19: 144 | H19: EJBSD00 | I19: --- | J19: --- | K19: --- | L19: Outros | M19: Negativa | N19: 3004.90.99 | O19: 13.004.01 | P19: 1 | Q19: Importado | R19: Monofásico | S19: 0.12 | T19: 0 | U19: N/A | V19: 0 | W19: 0 | Y19: 0.19 | Z19: 0.205 | AA19: 0.2 | AB19: 0.18 | AC19: 0.205 | AD19: 0.2 | AE19: 0.17 | AF19: 0.17 | AG19: 0.19 | AH19: 0.23 | AI19: 0.18 | AJ19: 0.17 | AK19: 0.17 | AL19: 0.19 | AM19: 0.2 | AN19: 0.205 | AO19: 0.225 | AP19: 0.195 | AQ19: 0.22 | AR19: 0.2 | AS19: 0.195 | AT19: 0.2 | AU19: 0.17 | AV19: 0.17 | AW19: 0.2 | AX19: 0.18 | AY19: 0.2 | AZ19: 0.04 | BA19: 0.04 | BB19: 0.04 | BC19: 0.04 | BD19: 0.04 | BE19: 0.04 | BF19: 0.04 | BG19: 0.04 | BH19: 0.04 | BI19: 0.04 | BJ19: 0.04 | BK19: 0.04 | BL19: 0.04 | BM19: 0.04 | BN19: 0.04 | BO19: 0.04 | BP19: 0.04 | BQ19: 0.04 | BR19: 0.04 | BS19: 0.04 | BT19: 0.04 | BU19: 0.04 | BV19: 0.04 | BW19: 0.04 | BX19: 0.04 | BY19: 0.18 | BZ19: 0.04 | CA19: N/A | CB19: 0.205 | CC19: N/A | CD19: 0.18 | CE19: 0.205 | CF19: N/A | CG19: N/A | CH19: 0.17 | CI19: N/A | CJ19: 0.23 | CK19: 0.18 | CL19: 0.17 | CM19: 0.17 | CN19: N/A | CO19: N/A | CP19: 0.205 | CQ19: N/A | CR19: N/A | CS19: 0.22 | CT19: N/A | CU19: N/A | CV19: N/A | CW19: N/A | CX19: N/A | CY19: N/A | CZ19: N/A | DA19: N/A | DB19: N/A | DC19: 0.3305 | DD19: N/A | DE19: 0.33 | DF19: 0.33 | DG19: N/A | DH19: N/A | DI19: 0.3305 | DJ19: N/A | DK19: 0.33054 | DL19: 0.33 | DM19: 0.1975 | DN19: 0.4605 | DO19: N/A | DP19: N/A | DQ19: 0.66 | DR19: N/A | DS19: N/A | DT19: 0.3293 | DU19: N/A | DV19: N/A | DW19: N/A | DX19: N/A | DY19: N/A | DZ19: N/A | EA19: N/A | EB19: N/A | EC19: N/A | ED19: 0.60664151 | EE19: N/A | EF19: 0.55707317 | EG19: 0.60603774 | EH19: N/A | EI19: N/A | EJ19: 0.53889157 | EK19: N/A | EL19: 0.65885506 | EM19: 0.55707317 | EN19: 0.38506024 | EO19: 0.4605 | EP19: N/A | EQ19: N/A | ER19: 0.66 | ES19: N/A | ET19: N/A | EU19: 0.63606154 | EV19: N/A | EW19: N/A | EX19: N/A | EY19: N/A | EZ19: N/A | FA19: N/A | FB19: N/A | FC19: N/A | FD19: 0.15625 | FE19: 0.171875 | FF19: 0.16666667 | FG19: 0.14583333 | FH19: 0.171875 | FI19: 0.16666667 | FJ19: 0.13541667 | FK19: 0.13541667 | FL19: 0.15625 | FM19: 0.19791667 | FN19: 0.14583333 | FO19: 0.13541667 | FP19: 0.13541667 | FQ19: 0.15625 | FR19: 0.16666667 | FS19: 0.171875 | FT19: 0.19270833 | FU19: 0.16145833 | FV19: 0.1875 | FW19: 0.16666667 | FX19: 0.16145833 | FY19: 0.16666667 | FZ19: 0.13541667 | GA19: 0.13541667 | GB19: 0.16666667 | GC19: 0 | GD19: 0.16666667 | GE19: 84.377038 | GF19: 86.222622 | GG19: 85.598517 | GH19: 83.19 | GI19: 86.222622 | GJ19: 85.598517 | GK19: 82.035988 | GL19: 82.035988 | GM19: 84.377038 | GN19: 89.485237 | GO19: 83.19 | GP19: 82.035988 | GQ19: 82.035988 | GR19: 84.377038 | GS19: 85.598517 | GT19: 86.222622 | GU19: 88.813062 | GV19: 84.983327 | GW19: 88.150952 | GX19: 85.598517 | GY19: 84.983327 | GZ19: 85.598517 | HA19: 82.035988 | HB19: 82.035988 | HC19: 85.598517 | HD19: 83.19 | HE19: 85.598517 | HF19: N/A | HG19: N/A | HH19: N/A | HI19: N/A | HJ19: N/A | HK19: N/A | HL19: N/A | HM19: N/A | HN19: N/A | HO19: N/A | HP19: N/A | HQ19: N/A | HR19: N/A | HS19: N/A | HT19: N/A | HU19: N/A | HV19: N/A | HW19: N/A | HX19: N/A | HY19: N/A | HZ19: N/A | IA19: N/A | IB19: N/A | IC19: N/A | ID19: N/A | IE19: N/A | IF19: N/A | IG19: 0 | IH19: 0.083333333 | II19: 0.13541667 | IJ19: 0.140625 | IK19: 0.14583333 | IL19: 0.15625 | IM19: 0.16145833 | IN19: 0.16666667 | IO19: 0.171875 | IP19: 0.17708333 | IQ19: 0.1875 | IR19: 0.19270833 | IS19: 0.19791667 | IT19: 0.083333333 | IU19: 0.13541667 | IV19: 0.140625 | IW19: 0.14583333 | IX19: 0.15625 | IY19: 0.16145833 | IZ19: 0.16666667 | JA19: 0.17708333 | JB19: 0.1875 | JC19: 66.386785 | JD19: 76.715738 | JE19: 82.035988 | JF19: 82.608918 | JG19: 83.19 | JH19: 84.377038 | JI19: 84.983327 | JJ19: 85.598517 | JK19: 86.222622 | JL19: 86.855934 | JM19: 88.150952 | JN19: 88.813062 | JO19: 89.485237 | JP19: 67.356697 | JQ19: 71.414289 | JR19: 71.847127 | JS19: 72.285205 | JT19: 73.177668 | JU19: 73.632135 | JV19: 74.092342 | JW19: 75.030226 | JX19: 75.992152 | JY19: N/A | JZ19: N/A | KA19: N/A | KB19: N/A | KC19: N/A | KD19: N/A | KE19: N/A | KF19: N/A | KG19: N/A | KH19: N/A | KI19: N/A | KJ19: N/A | KK19: N/A | KL19: N/A | KM19: N/A | KN19: N/A | KO19: N/A | KP19: N/A | KQ19: N/A | KR19: N/A | KS19: N/A | KT19: N/A | LE19: 0.14583333 | LL19: 0.16145833 | LM19: 0.1875 | LQ19: 0.13541667 | LR19: 0.13541667 | LT19: 0 | NZ19: 0.08 | OA19: 65.497676 | OB19: 65.69086 | OC19: 65.62553 | OD19: 65.373475 | OE19: 65.69086 | OF19: 65.62553 | OG19: 65.252792 | OH19: 65.252792 | OI19: 65.497676 | OJ19: 66.032648 | OK19: 65.373475 | OL19: 65.252792 | OM19: 65.252792 | ON19: 65.497676 | OO19: 65.62553 | OP19: 65.69086 | OQ19: 65.962201 | OR19: 65.561096 | OS19: 65.892837 | OT19: 65.62553 | OU19: 65.561096 | OV19: 65.62553 | OW19: 65.252792 | OX19: 65.252792 | OY19: 65.62553 | OZ19: 76.5348 | PA19: 65.62553 | PB19: 0 | PC19: 0 | PD19: 0 | PE19: 0 | PF19: 0 | PG19: 0 | PH19: 0 | PI19: 0 | PJ19: 0 | PK19: 0 | PL19: 0 | PM19: 0 | PN19: 0 | PO19: 0 | PP19: 0 | PQ19: 0 | PR19: 0 | PS19: 0 | PT19: 0 | PU19: 0 | PV19: 0 | PW19: 0 | PX19: 0 | PY19: 0 | PZ19: 0 | QA19: 0 | QB19: 0 | QC19: 0 | QD19: 19.008406 | QE19: 0 | QF19: 15.707492 | QG19: 19.000276 | QH19: 0 | QI19: 0 | QJ19: 14.460774 | QK19: 0 | QL19: 22.55257 | QM19: 15.707492 | QN19: 12.754327 | QO19: 13.591178 | QP19: 0 | QQ19: 0 | QR19: 19.726965 | QS19: 0 | QT19: 0 | QU19: 21.081328 | QV19: 0 | QW19: 0 | QX19: 0 | QY19: 0 | QZ19: 0 | RA19: 0 | RB19: 0 | RC19: 0 | RD19: 65.497676 | RE19: 84.699267 | RF19: 65.62553 | RG19: 81.080967 | RH19: 84.691136 | RI19: 65.62553 | RJ19: 65.252792 | RK19: 79.713566 | RL19: 65.497676 | RM19: 88.585218 | RN19: 81.080967 | RO19: 78.007119 | RP19: 78.84397 | RQ19: 65.497676 | RR19: 65.62553 | RS19: 85.417825 | RT19: 65.962201 | RU19: 65.561096 | RV19: 86.974165 | RW19: 65.62553 | RX19: 65.561096 | RY19: 65.62553 | RZ19: 65.252792 | SA19: 65.252792 | SB19: 65.62553 | SC19: 76.5348 | SD19: 65.62553 | SE19: 68.345401 | SF19: 68.546985 | SG19: 68.478814 | SH19: 68.2158 | SI19: 68.546985 | SJ19: 68.478814 | SK19: 68.08987 | SL19: 68.08987 | SM19: 68.345401 | SN19: 68.903632 | SO19: 68.2158 | SP19: 68.08987 | SQ19: 68.08987 | SR19: 68.345401 | SS19: 68.478814 | ST19: 68.546985 | SU19: 68.830123 | SV19: 68.411578 | SW19: 68.757743 | SX19: 68.478814 | SY19: 68.411578 | SZ19: 68.478814 | TA19: 68.08987 | TB19: 68.08987 | TC19: 68.478814 | TD19: 68.2158 | TE19: 68.478814
A20: S | B20: DE&OH | C20: 100281203 | D20: SYSTANE LID WIPES 30 SACHES | E20: SP | F20: 0300658052582 | G20: 24 | H20: EJFEC00 | I20: --- | J20: --- | K20: --- | L20: --- | M20: Negativa | N20: 3401.11.90 | O20: 20.034.01 | P20: 1 | Q20: Importado | R20: Monofásico | S20: 0.125 | T20: 0.0325 | U20: N/A | V20: 0.3333 | W20: 0 | Y20: 0.19 | Z20: 0.215 | AA20: 0.2 | AB20: 0.18 | AC20: 0.205 | AD20: 0.2 | AE20: 0.2 | AF20: 0.17 | AG20: 0.19 | AH20: 0.23 | AI20: 0.18 | AJ20: 0.17 | AK20: 0.17 | AL20: 0.19 | AM20: 0.2 | AN20: 0.205 | AO20: 0.225 | AP20: 0.195 | AQ20: 0.22 | AR20: 0.2 | AS20: 0.195 | AT20: 0.2 | AU20: 0.17 | AV20: 0.17 | AW20: 0.2 | AX20: 0.18 | AY20: 0.2 | AZ20: 0.04 | BA20: 0.04 | BB20: 0.04 | BC20: 0.04 | BD20: 0.04 | BE20: 0.04 | BF20: 0.04 | BG20: 0.04 | BH20: 0.04 | BI20: 0.04 | BJ20: 0.04 | BK20: 0.04 | BL20: 0.04 | BM20: 0.04 | BN20: 0.04 | BO20: 0.04 | BP20: 0.04 | BQ20: 0.04 | BR20: 0.04 | BS20: 0.04 | BT20: 0.04 | BU20: 0.04 | BV20: 0.04 | BW20: 0.04 | BX20: 0.04 | BY20: 0.18 | BZ20: 0.04 | CA20: N/A | CB20: N/A | CC20: N/A | CD20: 0.18 | CE20: N/A | CF20: N/A | CG20: N/A | CH20: N/A | CI20: N/A | CJ20: N/A | CK20: 0.18 | CL20: N/A | CM20: 0.17 | CN20: N/A | CO20: N/A | CP20: N/A | CQ20: N/A | CR20: 0.195 | CS20: 0.14 | CT20: N/A | CU20: N/A | CV20: N/A | CW20: 0.17 | CX20: N/A | CY20: N/A | CZ20: 0.18 | DA20: N/A | DB20: N/A | DC20: N/A | DD20: N/A | DE20: 0.28 | DF20: N/A | DG20: N/A | DH20: N/A | DI20: N/A | DJ20: N/A | DK20: N/A | DL20: 0.5655 | DM20: N/A | DN20: 0.3999 | DO20: N/A | DP20: N/A | DQ20: N/A | DR20: N/A | DS20: 0.5274 | DT20: 0.5477 | DU20: N/A | DV20: N/A | DW20: N/A | DX20: 0.5983 | DY20: N/A | DZ20: N/A | EA20: 0.53 | EB20: N/A | EC20: N/A | ED20: N/A | EE20: N/A | EF20: 0.49853659 | EG20: N/A | EH20: N/A | EI20: N/A | EJ20: N/A | EK20: N/A | EL20: N/A | EM20: 0.83278049 | EN20: N/A | EO20: 0.3999 | EP20: N/A | EQ20: N/A | ER20: N/A | ES20: N/A | ET20: 0.82149565 | EU20: 0.72766512 | EV20: N/A | EW20: N/A | EX20: N/A | EY20: 0.84863614 | EZ20: N/A | FA20: N/A | FB20: 0.53 | FC20: N/A | FD20: 0.15625 | FE20: 0.18229167 | FF20: 0.16666667 | FG20: 0.14583333 | FH20: 0.171875 | FI20: 0.16666667 | FJ20: 0.16666667 | FK20: 0.13541667 | FL20: 0.15625 | FM20: 0.19791667 | FN20: 0.14583333 | FO20: 0.13541667 | FP20: 0.13541667 | FQ20: 0.15625 | FR20: 0.16666667 | FS20: 0.171875 | FT20: 0.19270833 | FU20: 0.16145833 | FV20: 0.1875 | FW20: 0.16666667 | FX20: 0.16145833 | FY20: 0.16666667 | FZ20: 0.13541667 | GA20: 0.13541667 | GB20: 0.16666667 | GC20: 0 | GD20: 0.16666667 | GE20: 88.697824 | GF20: #N/A | GG20: 89.981852 | GH20: 87.45 | GI20: 90.637917 | GJ20: 89.981852 | GK20: 89.981852 | GL20: 86.236894 | GM20: 88.697824 | GN20: 94.067604 | GO20: 87.45 | GP20: 86.236894 | GQ20: 86.236894 | GR20: 88.697824 | GS20: 89.981852 | GT20: 90.637917 | GU20: 93.361008 | GV20: 89.33516 | GW20: 92.664993 | GX20: 89.981852 | GY20: 89.33516 | GZ20: 89.981852 | HA20: 86.236894 | HB20: 86.236894 | HC20: 89.981852 | HD20: 87.45 | HE20: 89.981852 | HF20: N/A | HG20: N/A | HH20: N/A | HI20: N/A | HJ20: N/A | HK20: N/A | HL20: N/A | HM20: N/A | HN20: N/A | HO20: N/A | HP20: N/A | HQ20: N/A | HR20: N/A | HS20: N/A | HT20: N/A | HU20: N/A | HV20: N/A | HW20: N/A | HX20: N/A | HY20: N/A | HZ20: N/A | IA20: N/A | IB20: N/A | IC20: N/A | ID20: N/A | IE20: N/A | IF20: N/A | IG20: 0 | IH20: 0.083333333 | II20: 0.13541667 | IJ20: 0.140625 | IK20: 0.14583333 | IL20: 0.15625 | IM20: 0.16145833 | IN20: 0.16666667 | IO20: 0.171875 | IP20: 0.17708333 | IQ20: 0.1875 | IR20: 0.19270833 | IS20: 0.19791667 | IT20: 0.083333333 | IU20: 0.13541667 | IV20: 0.140625 | IW20: 0.14583333 | IX20: 0.15625 | IY20: 0.16145833 | IZ20: 0.16666667 | JA20: 0.17708333 | JB20: 0.1875 | JC20: 69.786324 | JD20: 80.644204 | JE20: 86.236894 | JF20: 86.839162 | JG20: 87.45 | JH20: 88.697824 | JI20: 89.33516 | JJ20: 89.981852 | JK20: 90.637917 | JL20: 91.303659 | JM20: 92.664993 | JN20: 93.361008 | JO20: 94.067604 | JP20: 70.805904 | JQ20: 75.071278 | JR20: 75.52628 | JS20: 75.986792 | JT20: 76.924955 | JU20: 77.402695 | JV20: 77.886468 | JW20: 78.872379 | JX20: 79.883564 | JY20: N/A | JZ20: N/A | KA20: N/A | KB20: N/A | KC20: N/A | KD20: N/A | KE20: N/A | KF20: N/A | KG20: N/A | KH20: N/A | KI20: N/A | KJ20: N/A | KK20: N/A | KL20: N/A | KM20: N/A | KN20: N/A | KO20: N/A | KP20: N/A | KQ20: N/A | KR20: N/A | KS20: N/A | KT20: N/A | KV20: 0.18229167 | LA20: 0.16666667 | LE20: 0.14583333 | LL20: 0.16145833 | LM20: 0.1875 | LQ20: 0.13541667 | LR20: 0.13541667 | LT20: 0 | LW20: #N/A | MB20: 89.981852 | MX20: N/A | NC20: N/A | NZ20: 0.08 | OA20: 68.851686 | OB20: #N/A | OC20: 68.986087 | OD20: 68.721125 | OE20: 69.054763 | OF20: 68.986087 | OG20: 68.986087 | OH20: 68.594262 | OI20: 68.851686 | OJ20: 69.414053 | OK20: 68.721125 | OL20: 68.594262 | OM20: 68.594262 | ON20: 68.851686 | OO20: 68.986087 | OP20: 69.054763 | OQ20: 69.339999 | OR20: 68.918353 | OS20: 69.267082 | OT20: 68.986087 | OU20: 68.918353 | OV20: 68.986087 | OW20: 68.594262 | OX20: 68.594262 | OY20: 68.986087 | OZ20: 80.454 | PA20: 68.986087 | PB20: 2.2376798 | PC20: #N/A | PD20: 2.2420478 | PE20: 2.2334366 | PF20: 2.2442798 | PG20: 2.2420478 | PH20: 2.2420478 | PI20: 2.2293135 | PJ20: 2.2376798 | PK20: 2.2559567 | PL20: 2.2334366 | PM20: 2.2293135 | PN20: 2.2293135 | PO20: 2.2376798 | PP20: 2.2420478 | PQ20: 2.2442798 | PR20: 2.25355 | PS20: 2.2398465 | PT20: 2.2511802 | PU20: 2.2420478 | PV20: 2.2398465 | PW20: 2.2420478 | PX20: 2.2293135 | PY20: 2.2293135 | PZ20: 2.2420478 | QA20: 2.614755 | QB20: 2.2420478 | QC20: 0 | QD20: 0 | QE20: 0 | QF20: 16.390196 | QG20: 0 | QH20: 0 | QI20: 0 | QJ20: 0 | QK20: 0 | QL20: 0 | QM20: 20.659099 | QN20: 0 | QO20: 14.111037 | QP20: 0 | QQ20: 0 | QR20: 0 | QS20: 0 | QT20: 22.518064 | QU20: 14.527662 | QV20: 0 | QW20: 0 | QX20: 0 | QY20: 19.513823 | QZ20: 0 | RA20: 0 | RB20: 8.3954151 | RC20: 0 | RD20: 71.089366 | RE20: #N/A | RF20: 71.228135 | RG20: 87.344758 | RH20: 71.299043 | RI20: 71.228135 | RJ20: 71.228135 | RK20: 70.823576 | RL20: 71.089366 | RM20: 71.670009 | RN20: 91.613661 | RO20: 70.823576 | RP20: 84.934613 | RQ20: 71.089366 | RR20: 71.228135 | RS20: 71.299043 | RT20: 71.593548 | RU20: 93.676264 | RV20: 86.045924 | RW20: 71.228135 | RX20: 71.1582 | RY20: 71.228135 | RZ20: 90.337399 | SA20: 70.823576 | SB20: 71.228135 | SC20: 91.46417 | SD20: 71.228135 | SE20: 71.845237 | SF20: #N/A | SG20: 71.985482 | SH20: 71.709 | SI20: 72.057144 | SJ20: 71.985482 | SK20: 71.985482 | SL20: 71.576622 | SM20: 71.845237 | SN20: 72.432055 | SO20: 71.709 | SP20: 71.576622 | SQ20: 71.576622 | SR20: 71.845237 | SS20: 71.985482 | ST20: 72.057144 | SU20: 72.354781 | SV20: 71.914804 | SW20: 72.278695 | SX20: 71.985482 | SY20: 71.914804 | SZ20: 71.985482 | TA20: 71.576622 | TB20: 71.576622 | TC20: 71.985482 | TD20: 71.709 | TE20: 71.985482
A21: S | B21: DE&OH | C21: 100289293 | D21: SYSTANE ULTRA MDPF 10ML - BR | E21: SP | F21: 0300651507775 | G21: 144 | I21: --- | J21: --- | K21: --- | L21: Outros | M21: Negativa | N21: 3004.90.99 | O21: 13.004.01 | P21: 1 | Q21: Importado | R21: Monofásico | S21: 0.12 | T21: 0 | U21: N/A | V21: 0 | W21: 0 | Y21: 0.19 | Z21: 0.205 | AA21: 0.2 | AB21: 0.18 | AC21: 0.205 | AD21: 0.2 | AE21: 0.17 | AF21: 0.17 | AG21: 0.19 | AH21: 0.23 | AI21: 0.18 | AJ21: 0.17 | AK21: 0.17 | AL21: 0.19 | AM21: 0.2 | AN21: 0.205 | AO21: 0.225 | AP21: 0.195 | AQ21: 0.22 | AR21: 0.2 | AS21: 0.195 | AT21: 0.2 | AU21: 0.17 | AV21: 0.17 | AW21: 0.2 | AX21: 0.18 | AY21: 0.2 | AZ21: 0.04 | BA21: 0.04 | BB21: 0.04 | BC21: 0.04 | BD21: 0.04 | BE21: 0.04 | BF21: 0.04 | BG21: 0.04 | BH21: 0.04 | BI21: 0.04 | BJ21: 0.04 | BK21: 0.04 | BL21: 0.04 | BM21: 0.04 | BN21: 0.04 | BO21: 0.04 | BP21: 0.04 | BQ21: 0.04 | BR21: 0.04 | BS21: 0.04 | BT21: 0.04 | BU21: 0.04 | BV21: 0.04 | BW21: 0.04 | BX21: 0.04 | BY21: 0.18 | BZ21: 0.04 | CA21: N/A | CB21: 0.205 | CC21: N/A | CD21: 0.18 | CE21: 0.205 | CF21: N/A | CG21: N/A | CH21: 0.17 | CI21: N/A | CJ21: 0.23 | CK21: 0.18 | CL21: 0.17 | CM21: 0.17 | CN21: N/A | CO21: N/A | CP21: 0.205 | CQ21: N/A | CR21: N/A | CS21: 0.22 | CT21: N/A | CU21: N/A | CV21: N/A | CW21: N/A | CX21: N/A | CY21: N/A | CZ21: N/A | DA21: N/A | DB21: N/A | DC21: 0.3305 | DD21: N/A | DE21: 0.33 | DF21: 0.33 | DG21: N/A | DH21: N/A | DI21: 0.3305 | DJ21: N/A | DK21: 0.33054 | DL21: 0.33 | DM21: 0.1975 | DN21: 0.4605 | DO21: N/A | DP21: N/A | DQ21: 0.66 | DR21: N/A | DS21: N/A | DT21: 0.3293 | DU21: N/A | DV21: N/A | DW21: N/A | DX21: N/A | DY21: N/A | DZ21: N/A | EA21: N/A | EB21: N/A | EC21: N/A | ED21: 0.60664151 | EE21: N/A | EF21: 0.55707317 | EG21: 0.60603774 | EH21: N/A | EI21: N/A | EJ21: 0.53889157 | EK21: N/A | EL21: 0.65885506 | EM21: 0.55707317 | EN21: 0.38506024 | EO21: 0.4605 | EP21: N/A | EQ21: N/A | ER21: 0.66 | ES21: N/A | ET21: N/A | EU21: 0.63606154 | EV21: N/A | EW21: N/A | EX21: N/A | EY21: N/A | EZ21: N/A | FA21: N/A | FB21: N/A | FC21: N/A | FD21: 0.15625 | FE21: 0.171875 | FF21: 0.16666667 | FG21: 0.14583333 | FH21: 0.171875 | FI21: 0.16666667 | FJ21: 0.13541667 | FK21: 0.13541667 | FL21: 0.15625 | FM21: 0.19791667 | FN21: 0.14583333 | FO21: 0.13541667 | FP21: 0.13541667 | FQ21: 0.15625 | FR21: 0.16666667 | FS21: 0.171875 | FT21: 0.19270833 | FU21: 0.16145833 | FV21: 0.1875 | FW21: 0.16666667 | FX21: 0.16145833 | FY21: 0.16666667 | FZ21: 0.13541667 | GA21: 0.13541667 | GB21: 0.16666667 | GC21: 0 | GD21: 0.16666667 | GE21: 71.353824 | GF21: 72.914551 | GG21: 72.386773 | GH21: 70.35 | GI21: 72.914551 | GJ21: 72.386773 | GK21: 69.374105 | GL21: 69.374105 | GM21: 71.353824 | GN21: 75.673596 | GO21: 70.35 | GP21: 69.374105 | GQ21: 69.374105 | GR21: 71.353824 | GS21: 72.386773 | GT21: 72.914551 | GU21: 75.105168 | GV21: 71.866535 | GW21: 74.545252 | GX21: 72.386773 | GY21: 71.866535 | GZ21: 72.386773 | HA21: 69.374105 | HB21: 69.374105 | HC21: 72.386773 | HD21: 70.35 | HE21: 72.386773 | HF21: N/A | HG21: N/A | HH21: N/A | HI21: N/A | HJ21: N/A | HK21: N/A | HL21: N/A | HM21: N/A | HN21: N/A | HO21: N/A | HP21: N/A | HQ21: N/A | HR21: N/A | HS21: N/A | HT21: N/A | HU21: N/A | HV21: N/A | HW21: N/A | HX21: N/A | HY21: N/A | HZ21: N/A | IA21: N/A | IB21: N/A | IC21: N/A | ID21: N/A | IE21: N/A | IF21: N/A | IG21: 0 | IH21: 0.083333333 | II21: 0.13541667 | IJ21: 0.140625 | IK21: 0.14583333 | IL21: 0.15625 | IM21: 0.16145833 | IN21: 0.16666667 | IO21: 0.171875 | IP21: 0.17708333 | IQ21: 0.1875 | IR21: 0.19270833 | IS21: 0.19791667 | IT21: 0.083333333 | IU21: 0.13541667 | IV21: 0.140625 | IW21: 0.14583333 | IX21: 0.15625 | IY21: 0.16145833 | IZ21: 0.16666667 | JA21: 0.17708333 | JB21: 0.1875 | JC21: 56.140285 | JD21: 64.875011 | JE21: 69.374105 | JF21: 69.858605 | JG21: 70.35 | JH21: 71.353824 | JI21: 71.866535 | JJ21: 72.386773 | JK21: 72.914551 | JL21: 73.450113 | JM21: 74.545252 | JN21: 75.105168 | JO21: 75.673596 | JP21: 56.960496 | JQ21: 60.391817 | JR21: 60.757848 | JS21: 61.128311 | JT21: 61.883026 | JU21: 62.267348 | JV21: 62.656524 | JW21: 63.44965 | JX21: 64.263107 | JY21: N/A | JZ21: N/A | KA21: N/A | KB21: N/A | KC21: N/A | KD21: N/A | KE21: N/A | KF21: N/A | KG21: N/A | KH21: N/A | KI21: N/A | KJ21: N/A | KK21: N/A | KL21: N/A | KM21: N/A | KN21: N/A | KO21: N/A | KP21: N/A | KQ21: N/A | KR21: N/A | KS21: N/A | KT21: N/A | LE21: 0.14583333 | LL21: 0.16145833 | LM21: 0.1875 | LQ21: 0.13541667 | LR21: 0.13541667 | LT21: 0 | NZ21: 0.08 | OA21: 55.388406 | OB21: 55.551773 | OC21: 55.496526 | OD21: 55.283375 | OE21: 55.551773 | OF21: 55.496526 | OG21: 55.181319 | OH21: 55.181319 | OI21: 55.388406 | OJ21: 55.840807 | OK21: 55.283375 | OL21: 55.181319 | OM21: 55.181319 | ON21: 55.388406 | OO21: 55.496526 | OP21: 55.551773 | OQ21: 55.781234 | OR21: 55.442037 | OS21: 55.722576 | OT21: 55.496526 | OU21: 55.442037 | OV21: 55.496526 | OW21: 55.181319 | OX21: 55.181319 | OY21: 55.496526 | OZ21: 64.722 | PA21: 55.496526 | PB21: 0 | PC21: 0 | PD21: 0 | PE21: 0 | PF21: 0 | PG21: 0 | PH21: 0 | PI21: 0 | PJ21: 0 | PK21: 0 | PL21: 0 | PM21: 0 | PN21: 0 | PO21: 0 | PP21: 0 | PQ21: 0 | PR21: 0 | PS21: 0 | PT21: 0 | PU21: 0 | PV21: 0 | PW21: 0 | PX21: 0 | PY21: 0 | PZ21: 0 | QA21: 0 | QB21: 0 | QC21: 0 | QD21: 16.074545 | QE21: 0 | QF21: 13.283112 | QG21: 16.067669 | QH21: 0 | QI21: 0 | QJ21: 12.228819 | QK21: 0 | QL21: 19.071683 | QM21: 13.283112 | QN21: 10.785754 | QO21: 11.493441 | QP21: 0 | QQ21: 0 | QR21: 16.682197 | QS21: 0 | QT21: 0 | QU21: 17.827521 | QV21: 0 | QW21: 0 | QX21: 0 | QY21: 0 | QZ21: 0 | RA21: 0 | RB21: 0 | RC21: 0 | RD21: 55.388406 | RE21: 71.626318 | RF21: 55.496526 | RG21: 68.566487 | RH21: 71.619442 | RI21: 55.496526 | RJ21: 55.181319 | RK21: 67.410138 | RL21: 55.388406 | RM21: 74.912491 | RN21: 68.566487 | RO21: 65.967073 | RP21: 66.67476 | RQ21: 55.388406 | RR21: 55.496526 | RS21: 72.233971 | RT21: 55.781234 | RU21: 55.442037 | RV21: 73.550097 | RW21: 55.496526 | RX21: 55.442037 | RY21: 55.496526 | RZ21: 55.181319 | SA21: 55.181319 | SB21: 55.496526 | SC21: 64.722 | SD21: 55.496526 | SE21: 57.796598 | SF21: 57.967068 | SG21: 57.909419 | SH21: 57.687 | SI21: 57.967068 | SJ21: 57.909419 | SK21: 57.580507 | SL21: 57.580507 | SM21: 57.796598 | SN21: 58.268669 | SO21: 57.687 | SP21: 57.580507 | SQ21: 57.580507 | SR21: 57.796598 | SS21: 57.909419 | ST21: 57.967068 | SU21: 58.206505 | SV21: 57.852561 | SW21: 58.145296 | SX21: 57.909419 | SY21: 57.852561 | SZ21: 57.909419 | TA21: 57.580507 | TB21: 57.580507 | TC21: 57.909419 | TD21: 57.687 | TE21: 57.909419
A22: S | B22: DE&OH | C22: 100299895 | D22: TRISORB 15ML | E22: SP | F22: 0300650426404 | G22: 60 | H22: EJBKA00 | I22: --- | J22: --- | K22: --- | L22: Outros | M22: Negativa | N22: 3004.90.99 | O22: 13.004.01 | P22: 1 | Q22: Importado | R22: Monofásico | S22: 0.12 | T22: 0 | U22: N/A | V22: 0 | W22: 0 | Y22: 0.19 | Z22: 0.205 | AA22: 0.2 | AB22: 0.18 | AC22: 0.205 | AD22: 0.2 | AE22: 0.17 | AF22: 0.17 | AG22: 0.19 | AH22: 0.23 | AI22: 0.18 | AJ22: 0.17 | AK22: 0.17 | AL22: 0.19 | AM22: 0.2 | AN22: 0.205 | AO22: 0.225 | AP22: 0.195 | AQ22: 0.22 | AR22: 0.2 | AS22: 0.195 | AT22: 0.2 | AU22: 0.17 | AV22: 0.17 | AW22: 0.2 | AX22: 0.18 | AY22: 0.2 | AZ22: 0.04 | BA22: 0.04 | BB22: 0.04 | BC22: 0.04 | BD22: 0.04 | BE22: 0.04 | BF22: 0.04 | BG22: 0.04 | BH22: 0.04 | BI22: 0.04 | BJ22: 0.04 | BK22: 0.04 | BL22: 0.04 | BM22: 0.04 | BN22: 0.04 | BO22: 0.04 | BP22: 0.04 | BQ22: 0.04 | BR22: 0.04 | BS22: 0.04 | BT22: 0.04 | BU22: 0.04 | BV22: 0.04 | BW22: 0.04 | BX22: 0.04 | BY22: 0.18 | BZ22: 0.04 | CA22: N/A | CB22: 0.205 | CC22: N/A | CD22: 0.18 | CE22: 0.205 | CF22: N/A | CG22: N/A | CH22: 0.17 | CI22: N/A | CJ22: 0.23 | CK22: 0.18 | CL22: 0.17 | CM22: 0.17 | CN22: N/A | CO22: N/A | CP22: 0.205 | CQ22: N/A | CR22: N/A | CS22: 0.22 | CT22: N/A | CU22: N/A | CV22: N/A | CW22: N/A | CX22: N/A | CY22: N/A | CZ22: N/A | DA22: N/A | DB22: N/A | DC22: 0.3305 | DD22: N/A | DE22: 0.33 | DF22: 0.33 | DG22: N/A | DH22: N/A | DI22: 0.3305 | DJ22: N/A | DK22: 0.33054 | DL22: 0.33 | DM22: 0.1975 | DN22: 0.4605 | DO22: N/A | DP22: N/A | DQ22: 0.66 | DR22: N/A | DS22: N/A | DT22: 0.3293 | DU22: N/A | DV22: N/A | DW22: N/A | DX22: N/A | DY22: N/A | DZ22: N/A | EA22: N/A | EB22: N/A | EC22: N/A | ED22: 0.60664151 | EE22: N/A | EF22: 0.55707317 | EG22: 0.60603774 | EH22: N/A | EI22: N/A | EJ22: 0.53889157 | EK22: N/A | EL22: 0.65885506 | EM22: 0.55707317 | EN22: 0.38506024 | EO22: 0.4605 | EP22: N/A | EQ22: N/A | ER22: 0.66 | ES22: N/A | ET22: N/A | EU22: 0.63606154 | EV22: N/A | EW22: N/A | EX22: N/A | EY22: N/A | EZ22: N/A | FA22: N/A | FB22: N/A | FC22: N/A | FD22: 0.15625 | FE22: 0.171875 | FF22: 0.16666667 | FG22: 0.14583333 | FH22: 0.171875 | FI22: 0.16666667 | FJ22: 0.13541667 | FK22: 0.13541667 | FL22: 0.15625 | FM22: 0.19791667 | FN22: 0.14583333 | FO22: 0.13541667 | FP22: 0.13541667 | FQ22: 0.15625 | FR22: 0.16666667 | FS22: 0.171875 | FT22: 0.19270833 | FU22: 0.16145833 | FV22: 0.1875 | FW22: 0.16666667 | FX22: 0.16145833 | FY22: 0.16666667 | FZ22: 0.13541667 | GA22: 0.13541667 | GB22: 0.16666667 | GC22: 0 | GD22: 0.16666667 | GE22: 32.933314 | GF22: 33.653667 | GG22: 33.410071 | GH22: 32.47 | GI22: 33.653667 | GJ22: 33.410071 | GK22: 32.019576 | GL22: 32.019576 | GM22: 32.933314 | GN22: 34.927102 | GO22: 32.47 | GP22: 32.019576 | GQ22: 32.019576 | GR22: 32.933314 | GS22: 33.410071 | GT22: 33.653667 | GU22: 34.664745 | GV22: 33.169956 | GW22: 34.406316 | GX22: 33.410071 | GY22: 33.169956 | GZ22: 33.410071 | HA22: 32.019576 | HB22: 32.019576 | HC22: 33.410071 | HD22: 32.47 | HE22: 33.410071 | HF22: N/A | HG22: N/A | HH22: N/A | HI22: N/A | HJ22: N/A | HK22: N/A | HL22: N/A | HM22: N/A | HN22: N/A | HO22: N/A | HP22: N/A | HQ22: N/A | HR22: N/A | HS22: N/A | HT22: N/A | HU22: N/A | HV22: N/A | HW22: N/A | HX22: N/A | HY22: N/A | HZ22: N/A | IA22: N/A | IB22: N/A | IC22: N/A | ID22: N/A | IE22: N/A | IF22: N/A | IG22: 0 | IH22: 0.083333333 | II22: 0.13541667 | IJ22: 0.140625 | IK22: 0.14583333 | IL22: 0.15625 | IM22: 0.16145833 | IN22: 0.16666667 | IO22: 0.171875 | IP22: 0.17708333 | IQ22: 0.1875 | IR22: 0.19270833 | IS22: 0.19791667 | IT22: 0.083333333 | IU22: 0.13541667 | IV22: 0.140625 | IW22: 0.14583333 | IX22: 0.15625 | IY22: 0.16145833 | IZ22: 0.16666667 | JA22: 0.17708333 | JB22: 0.1875 | JC22: 25.911515 | JD22: 29.943022 | JE22: 32.019576 | JF22: 32.243197 | JG22: 32.47 | JH22: 32.933314 | JI22: 33.169956 | JJ22: 33.410071 | JK22: 33.653667 | JL22: 33.900855 | JM22: 34.406316 | JN22: 34.664745 | JO22: 34.927102 | JP22: 26.290082 | JQ22: 27.873807 | JR22: 28.042748 | JS22: 28.213735 | JT22: 28.562073 | JU22: 28.739457 | JV22: 28.919081 | JW22: 29.285148 | JX22: 29.660598 | JY22: N/A | JZ22: N/A | KA22: N/A | KB22: N/A | KC22: N/A | KD22: N/A | KE22: N/A | KF22: N/A | KG22: N/A | KH22: N/A | KI22: N/A | KJ22: N/A | KK22: N/A | KL22: N/A | KM22: N/A | KN22: N/A | KO22: N/A | KP22: N/A | KQ22: N/A | KR22: N/A | KS22: N/A | KT22: N/A | LE22: 0.14583333 | LL22: 0.16145833 | LM22: 0.1875 | LQ22: 0.13541667 | LR22: 0.13541667 | LT22: 0 | NZ22: 0.08 | OA22: 25.564485 | OB22: 25.639887 | OC22: 25.614388 | OD22: 25.516008 | OE22: 25.639887 | OF22: 25.614388 | OG22: 25.468905 | OH22: 25.468905 | OI22: 25.564485 | OJ22: 25.773291 | OK22: 25.516008 | OL22: 25.468905 | OM22: 25.468905 | ON22: 25.564485 | OO22: 25.614388 | OP22: 25.639887 | OQ22: 25.745795 | OR22: 25.589239 | OS22: 25.718721 | OT22: 25.614388 | OU22: 25.589239 | OV22: 25.614388 | OW22: 25.468905 | OX22: 25.468905 | OY22: 25.614388 | OZ22: 29.8724 | PA22: 25.614388 | PB22: 0 | PC22: 0 | PD22: 0 | PE22: 0 | PF22: 0 | PG22: 0 | PH22: 0 | PI22: 0 | PJ22: 0 | PK22: 0 | PL22: 0 | PM22: 0 | PN22: 0 | PO22: 0 | PP22: 0 | PQ22: 0 | PR22: 0 | PS22: 0 | PT22: 0 | PU22: 0 | PV22: 0 | PW22: 0 | PX22: 0 | PY22: 0 | PZ22: 0 | QA22: 0 | QB22: 0 | QC22: 0 | QD22: 7.4191965 | QE22: 0 | QF22: 6.1308122 | QG22: 7.416023 | QH22: 0 | QI22: 0 | QJ22: 5.6442038 | QK22: 0 | QL22: 8.8025238 | QM22: 6.1308122 | QN22: 4.9781582 | QO22: 5.3047908 | QP22: 0 | QQ22: 0 | QR22: 7.6996582 | QS22: 0 | QT22: 0 | QU22: 8.2282815 | QV22: 0 | QW22: 0 | QX22: 0 | QY22: 0 | QZ22: 0 | RA22: 0 | RB22: 0 | RC22: 0 | RD22: 25.564485 | RE22: 33.059084 | RF22: 25.614388 | RG22: 31.646821 | RH22: 33.05591 | RI22: 25.614388 | RJ22: 25.468905 | RK22: 31.113108 | RL22: 25.564485 | RM22: 34.575815 | RN22: 31.646821 | RO22: 30.447063 | RP22: 30.773695 | RQ22: 25.564485 | RR22: 25.614388 | RS22: 33.339546 | RT22: 25.745795 | RU22: 25.589239 | RV22: 33.947003 | RW22: 25.614388 | RX22: 25.589239 | RY22: 25.614388 | RZ22: 25.468905 | SA22: 25.468905 | SB22: 25.614388 | SC22: 29.8724 | SD22: 25.614388 | SE22: 26.675985 | SF22: 26.754665 | SG22: 26.728057 | SH22: 26.6254 | SI22: 26.754665 | SJ22: 26.728057 | SK22: 26.576248 | SL22: 26.576248 | SM22: 26.675985 | SN22: 26.893869 | SO22: 26.6254 | SP22: 26.576248 | SQ22: 26.576248 | SR22: 26.675985 | SS22: 26.728057 | ST22: 26.754665 | SU22: 26.865177 | SV22: 26.701814 | SW22: 26.836926 | SX22: 26.728057 | SY22: 26.701814 | SZ22: 26.728057 | TA22: 26.576248 | TB22: 26.576248 | TC22: 26.728057 | TD22: 26.6254 | TE22: 26.728057
A23: S | B23: DE&OH | C23: 100299902 | D23: LACRIMA PLUS 15ML | E23: SP | F23: 0300651418477 | G23: 144 | H23: EJBNB00 | I23: --- | J23: --- | K23: --- | L23: Outros | M23: Negativa | N23: 3004.90.99 | O23: 13.004.01 | P23: 1 | Q23: Importado | R23: Monofásico | S23: 0.12 | T23: 0 | U23: N/A | V23: 0 | W23: 0 | Y23: 0.19 | Z23: 0.205 | AA23: 0.2 | AB23: 0.18 | AC23: 0.205 | AD23: 0.2 | AE23: 0.17 | AF23: 0.17 | AG23: 0.19 | AH23: 0.23 | AI23: 0.18 | AJ23: 0.17 | AK23: 0.17 | AL23: 0.19 | AM23: 0.2 | AN23: 0.205 | AO23: 0.225 | AP23: 0.195 | AQ23: 0.22 | AR23: 0.2 | AS23: 0.195 | AT23: 0.2 | AU23: 0.17 | AV23: 0.17 | AW23: 0.2 | AX23: 0.18 | AY23: 0.2 | AZ23: 0.04 | BA23: 0.04 | BB23: 0.04 | BC23: 0.04 | BD23: 0.04 | BE23: 0.04 | BF23: 0.04 | BG23: 0.04 | BH23: 0.04 | BI23: 0.04 | BJ23: 0.04 | BK23: 0.04 | BL23: 0.04 | BM23: 0.04 | BN23: 0.04 | BO23: 0.04 | BP23: 0.04 | BQ23: 0.04 | BR23: 0.04 | BS23: 0.04 | BT23: 0.04 | BU23: 0.04 | BV23: 0.04 | BW23: 0.04 | BX23: 0.04 | BY23: 0.18 | BZ23: 0.04 | CA23: N/A | CB23: 0.205 | CC23: N/A | CD23: 0.18 | CE23: 0.205 | CF23: N/A | CG23: N/A | CH23: 0.17 | CI23: N/A | CJ23: 0.23 | CK23: 0.18 | CL23: 0.17 | CM23: 0.17 | CN23: N/A | CO23: N/A | CP23: 0.205 | CQ23: N/A | CR23: N/A | CS23: 0.22 | CT23: N/A | CU23: N/A | CV23: N/A | CW23: N/A | CX23: N/A | CY23: N/A | CZ23: N/A | DA23: N/A | DB23: N/A | DC23: 0.3305 | DD23: N/A | DE23: 0.33 | DF23: 0.33 | DG23: N/A | DH23: N/A | DI23: 0.3305 | DJ23: N/A | DK23: 0.33054 | DL23: 0.33 | DM23: 0.1975 | DN23: 0.4605 | DO23: N/A | DP23: N/A | DQ23: 0.66 | DR23: N/A | DS23: N/A | DT23: 0.3293 | DU23: N/A | DV23: N/A | DW23: N/A | DX23: N/A | DY23: N/A | DZ23: N/A | EA23: N/A | EB23: N/A | EC23: N/A | ED23: 0.60664151 | EE23: N/A | EF23: 0.55707317 | EG23: 0.60603774 | EH23: N/A | EI23: N/A | EJ23: 0.53889157 | EK23: N/A | EL23: 0.65885506 | EM23: 0.55707317 | EN23: 0.38506024 | EO23: 0.4605 | EP23: N/A | EQ23: N/A | ER23: 0.66 | ES23: N/A | ET23: N/A | EU23: 0.63606154 | EV23: N/A | EW23: N/A | EX23: N/A | EY23: N/A | EZ23: N/A | FA23: N/A | FB23: N/A | FC23: N/A | FD23: 0.15625 | FE23: 0.171875 | FF23: 0.16666667 | FG23: 0.14583333 | FH23: 0.171875 | FI23: 0.16666667 | FJ23: 0.13541667 | FK23: 0.13541667 | FL23: 0.15625 | FM23: 0.19791667 | FN23: 0.14583333 | FO23: 0.13541667 | FP23: 0.13541667 | FQ23: 0.15625 | FR23: 0.16666667 | FS23: 0.171875 | FT23: 0.19270833 | FU23: 0.16145833 | FV23: 0.1875 | FW23: 0.16666667 | FX23: 0.16145833 | FY23: 0.16666667 | FZ23: 0.13541667 | GA23: 0.13541667 | GB23: 0.16666667 | GC23: 0 | GD23: 0.16666667 | GE23: 35.245848 | GF23: 36.016782 | GG23: 35.756082 | GH23: 34.75 | GI23: 36.016782 | GJ23: 35.756082 | GK23: 34.267948 | GL23: 34.267948 | GM23: 35.245848 | GN23: 37.379637 | GO23: 34.75 | GP23: 34.267948 | GQ23: 34.267948 | GR23: 35.245848 | GS23: 35.756082 | GT23: 36.016782 | GU23: 37.098857 | GV23: 35.499106 | GW23: 36.822281 | GX23: 35.756082 | GY23: 35.499106 | GZ23: 35.756082 | HA23: 34.267948 | HB23: 34.267948 | HC23: 35.756082 | HD23: 34.75 | HE23: 35.756082 | HF23: N/A | HG23: N/A | HH23: N/A | HI23: N/A | HJ23: N/A | HK23: N/A | HL23: N/A | HM23: N/A | HN23: N/A | HO23: N/A | HP23: N/A | HQ23: N/A | HR23: N/A | HS23: N/A | HT23: N/A | HU23: N/A | HV23: N/A | HW23: N/A | HX23: N/A | HY23: N/A | HZ23: N/A | IA23: N/A | IB23: N/A | IC23: N/A | ID23: N/A | IE23: N/A | IF23: N/A | IG23: 0 | IH23: 0.083333333 | II23: 0.13541667 | IJ23: 0.140625 | IK23: 0.14583333 | IL23: 0.15625 | IM23: 0.16145833 | IN23: 0.16666667 | IO23: 0.171875 | IP23: 0.17708333 | IQ23: 0.1875 | IR23: 0.19270833 | IS23: 0.19791667 | IT23: 0.083333333 | IU23: 0.13541667 | IV23: 0.140625 | IW23: 0.14583333 | IX23: 0.15625 | IY23: 0.16145833 | IZ23: 0.16666667 | JA23: 0.17708333 | JB23: 0.1875 | JC23: 27.730987 | JD23: 32.045581 | JE23: 34.267948 | JF23: 34.507271 | JG23: 34.75 | JH23: 35.245848 | JI23: 35.499106 | JJ23: 35.756082 | JK23: 36.016782 | JL23: 36.281328 | JM23: 36.822281 | JN23: 37.098857 | JO23: 37.379637 | JP23: 28.136137 | JQ23: 29.831068 | JR23: 30.011872 | JS23: 30.194866 | JT23: 30.567664 | JU23: 30.757503 | JV23: 30.94974 | JW23: 31.341511 | JX23: 31.743326 | JY23: N/A | JZ23: N/A | KA23: N/A | KB23: N/A | KC23: N/A | KD23: N/A | KE23: N/A | KF23: N/A | KG23: N/A | KH23: N/A | KI23: N/A | KJ23: N/A | KK23: N/A | KL23: N/A | KM23: N/A | KN23: N/A | KO23: N/A | KP23: N/A | KQ23: N/A | KR23: N/A | KS23: N/A | KT23: N/A | LE23: 0.14583333 | LL23: 0.16145833 | LM23: 0.1875 | LQ23: 0.13541667 | LR23: 0.13541667 | LT23: 0 | NZ23: 0.08 | OA23: 27.359589 | OB23: 27.440286 | OC23: 27.412996 | OD23: 27.307708 | OE23: 27.440286 | OF23: 27.412996 | OG23: 27.257297 | OH23: 27.257297 | OI23: 27.359589 | OJ23: 27.583057 | OK23: 27.307708 | OL23: 27.257297 | OM23: 27.257297 | ON23: 27.359589 | OO23: 27.412996 | OP23: 27.440286 | OQ23: 27.55363 | OR23: 27.386081 | OS23: 27.524655 | OT23: 27.412996 | OU23: 27.386081 | OV23: 27.412996 | OW23: 27.257297 | OX23: 27.257297 | OY23: 27.412996 | OZ23: 31.97 | PA23: 27.412996 | PB23: 0 | PC23: 0 | PD23: 0 | PE23: 0 | PF23: 0 | PG23: 0 | PH23: 0 | PI23: 0 | PJ23: 0 | PK23: 0 | PL23: 0 | PM23: 0 | PN23: 0 | PO23: 0 | PP23: 0 | PQ23: 0 | PR23: 0 | PS23: 0 | PT23: 0 | PU23: 0 | PV23: 0 | PW23: 0 | PX23: 0 | PY23: 0 | PZ23: 0 | QA23: 0 | QB23: 0 | QC23: 0 | QD23: 7.9401626 | QE23: 0 | QF23: 6.5613097 | QG23: 7.9367662 | QH23: 0 | QI23: 0 | QJ23: 6.0405323 | QK23: 0 | QL23: 9.4206253 | QM23: 6.5613097 | QN23: 5.3277178 | QO23: 5.6772861 | QP23: 0 | QQ23: 0 | QR23: 8.2403179 | QS23: 0 | QT23: 0 | QU23: 8.8060604 | QV23: 0 | QW23: 0 | QX23: 0 | QY23: 0 | QZ23: 0 | RA23: 0 | RB23: 0 | RC23: 0 | RD23: 27.359589 | RE23: 35.380449 | RF23: 27.412996 | RG23: 33.869018 | RH23: 35.377052 | RI23: 27.412996 | RJ23: 27.257297 | RK23: 33.297829 | RL23: 27.359589 | RM23: 37.003682 | RN23: 33.869018 | RO23: 32.585015 | RP23: 32.934583 | RQ23: 27.359589 | RR23: 27.412996 | RS23: 35.680604 | RT23: 27.55363 | RU23: 27.386081 | RV23: 36.330716 | RW23: 27.412996 | RX23: 27.386081 | RY23: 27.412996 | RZ23: 27.257297 | SA23: 27.257297 | SB23: 27.412996 | SC23: 31.97 | SD23: 27.412996 | SE23: 28.549137 | SF23: 28.633342 | SG23: 28.604866 | SH23: 28.495 | SI23: 28.633342 | SJ23: 28.604866 | SK23: 28.442397 | SL23: 28.442397 | SM23: 28.549137 | SN23: 28.78232 | SO23: 28.495 | SP23: 28.442397 | SQ23: 28.442397 | SR23: 28.549137 | SS23: 28.604866 | ST23: 28.633342 | SU23: 28.751614 | SV23: 28.57678 | SW23: 28.72138 | SX23: 28.604866 | SY23: 28.57678 | SZ23: 28.604866 | TA23: 28.442397 | TB23: 28.442397 | TC23: 28.604866 | TD23: 28.495 | TE23: 28.604866
A24: S | B24: DE&OH | C24: 100333357 | D24: SYSTANE HIDRATAÇÃO MDPF 10ML | E24: SP | F24: 0300652510149 | G24: 144 | I24: --- | J24: --- | K24: --- | L24: Outros | M24: Negativa | N24: 3004.90.99 | O24: 13.004.01 | P24: 1 | Q24: Importado | R24: Monofásico | S24: 0.12 | T24: 0 | U24: N/A | V24: 0 | W24: 0 | Y24: 0.19 | Z24: 0.205 | AA24: 0.2 | AB24: 0.18 | AC24: 0.205 | AD24: 0.2 | AE24: 0.17 | AF24: 0.17 | AG24: 0.19 | AH24: 0.23 | AI24: 0.18 | AJ24: 0.17 | AK24: 0.17 | AL24: 0.19 | AM24: 0.2 | AN24: 0.205 | AO24: 0.225 | AP24: 0.195 | AQ24: 0.22 | AR24: 0.2 | AS24: 0.195 | AT24: 0.2 | AU24: 0.17 | AV24: 0.17 | AW24: 0.2 | AX24: 0.18 | AY24: 0.2 | AZ24: 0.04 | BA24: 0.04 | BB24: 0.04 | BC24: 0.04 | BD24: 0.04 | BE24: 0.04 | BF24: 0.04 | BG24: 0.04 | BH24: 0.04 | BI24: 0.04 | BJ24: 0.04 | BK24: 0.04 | BL24: 0.04 | BM24: 0.04 | BN24: 0.04 | BO24: 0.04 | BP24: 0.04 | BQ24: 0.04 | BR24: 0.04 | BS24: 0.04 | BT24: 0.04 | BU24: 0.04 | BV24: 0.04 | BW24: 0.04 | BX24: 0.04 | BY24: 0.18 | BZ24: 0.04 | CA24: N/A | CB24: 0.205 | CC24: N/A | CD24: 0.18 | CE24: 0.205 | CF24: N/A | CG24: N/A | CH24: 0.17 | CI24: N/A | CJ24: 0.23 | CK24: 0.18 | CL24: 0.17 | CM24: 0.17 | CN24: N/A | CO24: N/A | CP24: 0.205 | CQ24: N/A | CR24: N/A | CS24: 0.22 | CT24: N/A | CU24: N/A | CV24: N/A | CW24: N/A | CX24: N/A | CY24: N/A | CZ24: N/A | DA24: N/A | DB24: N/A | DC24: 0.3305 | DD24: N/A | DE24: 0.33 | DF24: 0.33 | DG24: N/A | DH24: N/A | DI24: 0.3305 | DJ24: N/A | DK24: 0.33054 | DL24: 0.33 | DM24: 0.1975 | DN24: 0.4605 | DO24: N/A | DP24: N/A | DQ24: 0.66 | DR24: N/A | DS24: N/A | DT24: 0.3293 | DU24: N/A | DV24: N/A | DW24: N/A | DX24: N/A | DY24: N/A | DZ24: N/A | EA24: N/A | EB24: N/A | EC24: N/A | ED24: 0.60664151 | EE24: N/A | EF24: 0.55707317 | EG24: 0.60603774 | EH24: N/A | EI24: N/A | EJ24: 0.53889157 | EK24: N/A | EL24: 0.65885506 | EM24: 0.55707317 | EN24: 0.38506024 | EO24: 0.4605 | EP24: N/A | EQ24: N/A | ER24: 0.66 | ES24: N/A | ET24: N/A | EU24: 0.63606154 | EV24: N/A | EW24: N/A | EX24: N/A | EY24: N/A | EZ24: N/A | FA24: N/A | FB24: N/A | FC24: N/A | FD24: 0.15625 | FE24: 0.171875 | FF24: 0.16666667 | FG24: 0.14583333 | FH24: 0.171875 | FI24: 0.16666667 | FJ24: 0.13541667 | FK24: 0.13541667 | FL24: 0.15625 | FM24: 0.19791667 | FN24: 0.14583333 | FO24: 0.13541667 | FP24: 0.13541667 | FQ24: 0.15625 | FR24: 0.16666667 | FS24: 0.171875 | FT24: 0.19270833 | FU24: 0.16145833 | FV24: 0.1875 | FW24: 0.16666667 | FX24: 0.16145833 | FY24: 0.16666667 | FZ24: 0.13541667 | GA24: 0.13541667 | GB24: 0.16666667 | GC24: 0 | GD24: 0.16666667 | GE24: 81.810938 | GF24: 83.600393 | GG24: 82.995268 | GH24: 80.66 | GI24: 83.600393 | GJ24: 82.995268 | GK24: 79.541084 | GL24: 79.541084 | GM24: 81.810938 | GN24: 86.763784 | GO24: 80.66 | GP24: 79.541084 | GQ24: 79.541084 | GR24: 81.810938 | GS24: 82.995268 | GT24: 83.600393 | GU24: 86.112051 | GV24: 82.398788 | GW24: 85.470078 | GX24: 82.995268 | GY24: 82.398788 | GZ24: 82.995268 | HA24: 79.541084 | HB24: 79.541084 | HC24: 82.995268 | HD24: 80.66 | HE24: 82.995268 | HF24: N/A | HG24: N/A | HH24: N/A | HI24: N/A | HJ24: N/A | HK24: N/A | HL24: N/A | HM24: N/A | HN24: N/A | HO24: N/A | HP24: N/A | HQ24: N/A | HR24: N/A | HS24: N/A | HT24: N/A | HU24: N/A | HV24: N/A | HW24: N/A | HX24: N/A | HY24: N/A | HZ24: N/A | IA24: N/A | IB24: N/A | IC24: N/A | ID24: N/A | IE24: N/A | IF24: N/A | IG24: 0 | IH24: 0.083333333 | II24: 0.13541667 | IJ24: 0.140625 | IK24: 0.14583333 | IL24: 0.15625 | IM24: 0.16145833 | IN24: 0.16666667 | IO24: 0.171875 | IP24: 0.17708333 | IQ24: 0.1875 | IR24: 0.19270833 | IS24: 0.19791667 | IT24: 0.083333333 | IU24: 0.13541667 | IV24: 0.140625 | IW24: 0.14583333 | IX24: 0.15625 | IY24: 0.16145833 | IZ24: 0.16666667 | JA24: 0.17708333 | JB24: 0.1875 | JC24: 64.367809 | JD24: 74.382635 | JE24: 79.541084 | JF24: 80.09659 | JG24: 80.66 | JH24: 81.810938 | JI24: 82.398788 | JJ24: 82.995268 | JK24: 83.600393 | JL24: 84.214444 | JM24: 85.470078 | JN24: 86.112051 | JO24: 86.763784 | JP24: 65.308224 | JQ24: 69.242416 | JR24: 69.66209 | JS24: 70.086845 | JT24: 70.952166 | JU24: 71.392811 | JV24: 71.839022 | JW24: 72.748383 | JX24: 73.681055 | JY24: N/A | JZ24: N/A | KA24: N/A | KB24: N/A | KC24: N/A | KD24: N/A | KE24: N/A | KF24: N/A | KG24: N/A | KH24: N/A | KI24: N/A | KJ24: N/A | KK24: N/A | KL24: N/A | KM24: N/A | KN24: N/A | KO24: N/A | KP24: N/A | KQ24: N/A | KR24: N/A | KS24: N/A | KT24: N/A | LE24: 0.14583333 | LL24: 0.16145833 | LM24: 0.1875 | LQ24: 0.13541667 | LR24: 0.13541667 | LT24: 0 | NZ24: 0.08 | OA24: 63.50574 | OB24: 63.693049 | OC24: 63.629706 | OD24: 63.385317 | OE24: 63.693049 | OF24: 63.629706 | OG24: 63.268304 | OH24: 63.268304 | OI24: 63.50574 | OJ24: 64.024442 | OK24: 63.385317 | OL24: 63.268304 | OM24: 63.268304 | ON24: 63.50574 | OO24: 63.629706 | OP24: 63.693049 | OQ24: 63.956138 | OR24: 63.567231 | OS24: 63.888884 | OT24: 63.629706 | OU24: 63.567231 | OV24: 63.629706 | OW24: 63.268304 | OX24: 63.268304 | OY24: 63.629706 | OZ24: 74.2072 | PA24: 63.629706 | PB24: 0 | PC24: 0 | PD24: 0 | PE24: 0 | PF24: 0 | PG24: 0 | PH24: 0 | PI24: 0 | PJ24: 0 | PK24: 0 | PL24: 0 | PM24: 0 | PN24: 0 | PO24: 0 | PP24: 0 | PQ24: 0 | PR24: 0 | PS24: 0 | PT24: 0 | PU24: 0 | PV24: 0 | PW24: 0 | PX24: 0 | PY24: 0 | PZ24: 0 | QA24: 0 | QB24: 0 | QC24: 0 | QD24: 18.430317 | QE24: 0 | QF24: 15.229791 | QG24: 18.422433 | QH24: 0 | QI24: 0 | QJ24: 14.020988 | QK24: 0 | QL24: 21.866695 | QM24: 15.229791 | QN24: 12.366438 | QO24: 13.177839 | QP24: 0 | QQ24: 0 | QR24: 19.127023 | QS24: 0 | QT24: 0 | QU24: 20.440197 | QV24: 0 | QW24: 0 | QX24: 0 | QY24: 0 | QZ24: 0 | RA24: 0 | RB24: 0 | RC24: 0 | RD24: 63.50574 | RE24: 82.123366 | RF24: 63.629706 | RG24: 78.615108 | RH24: 82.115483 | RI24: 63.629706 | RJ24: 63.268304 | RK24: 77.289292 | RL24: 63.50574 | RM24: 85.891137 | RN24: 78.615108 | RO24: 75.634742 | RP24: 76.446143 | RQ24: 63.50574 | RR24: 63.629706 | RS24: 82.820072 | RT24: 63.956138 | RU24: 63.567231 | RV24: 84.32908 | RW24: 63.629706 | RX24: 63.567231 | RY24: 63.629706 | RZ24: 63.268304 | SA24: 63.268304 | SB24: 63.629706 | SC24: 74.2072 | SD24: 63.629706 | SE24: 66.266859 | SF24: 66.462312 | SG24: 66.396215 | SH24: 66.1412 | SI24: 66.462312 | SJ24: 66.396215 | SK24: 66.0191 | SL24: 66.0191 | SM24: 66.266859 | SN24: 66.808114 | SO24: 66.1412 | SP24: 66.0191 | SQ24: 66.0191 | SR24: 66.266859 | SS24: 66.396215 | ST24: 66.462312 | SU24: 66.73684 | SV24: 66.331024 | SW24: 66.666661 | SX24: 66.396215 | SY24: 66.331024 | SZ24: 66.396215 | TA24: 66.0191 | TB24: 66.0191 | TC24: 66.396215 | TD24: 66.1412 | TE24: 66.396215
